Workbook
Name aas: #REF!
Name aas: #REF!
Name aas: #REF!
Name aas: #REF!
Name aas: #REF!
Name aas: #REF!
Name ASD: #REF!
Name ASD: #REF!
Name ASD: #REF!
Name ASD: #REF!
Name ASD: #REF!
Name ASD: #REF!
Name CODIGOS: [1]Hoja4!$A$2:$A$67
Name DESCRIPCION: [1]Hoja4!$C$2:$C$67
Name eee: #REF!
Name eee: #REF!
Name eee: #REF!
Name eee: #REF!
Name eee: #REF!
Name eee: #REF!
Name QAZ: #REF!
Name QAZ: #REF!
Name QAZ: #REF!
Name QAZ: #REF!
Name QAZ: #REF!
Name QAZ: #REF!
Name qwe: '[2]2017'!#REF!
Name qwe: '[2]2017'!#REF!
Name qwe: '[2]2017'!#REF!
Name qwe: '[2]2017'!#REF!
Name qwe: '[2]2017'!#REF!
Name qwe: '[2]2017'!#REF!
Name rr: [3]Hoja1!$A$3:$N$80
Name rrr: '[2]2016'!#REF!
Name rrr: '[2]2016'!#REF!
Name rrr: '[2]2016'!#REF!
Name rrr: '[2]2016'!#REF!
Name rrr: '[2]2016'!#REF!
Name rrr: '[2]2016'!#REF!
Name TABLA: #REF!
Name TABLA: #REF!
Name TABLA: #REF!
Name TABLA: #REF!
Name TABLA: #REF!
Name TABLA: #REF!
Name tt: '[2]2016'!#REF!
Name tt: '[2]2016'!#REF!
Name tt: '[2]2016'!#REF!
Name tt: '[2]2016'!#REF!
Name tt: '[2]2016'!#REF!
Name tt: '[2]2016'!#REF!
Name WWW: #REF!
Name WWW: #REF!
Name WWW: #REF!
Name WWW: #REF!
Name WWW: #REF!
Name WWW: #REF!

Sheet INSTRUCCIONES por partida
C1: INSTRUCCIONES PARA LA CUMPLIMENTACIÓN DE ESTADO DE MEDICIONES Y FORMULARIO DE OFERTA ECONÓMICA - N202400604
B4: # | C4: DESCRIPCIÓN DE TAREA / COMENTARIO | J4: HIPERVÍNCULO
B5: 1 | C5: El estado mediciones deberá cumplimentarse y adjuntarse junto a la oferta OBLIGATORIAMENTE por cada lote que se presente oferta, en caso de omisión la oferta quedará RECHAZADA.
B6: 2 | C6: Deberá ofertarse por todos y cada una de las partidas existentes en la hoja "Oferta nº X", por cada lote que se quiera presentar oferta. De no ser así, se interpretará por la Mutua que el precio ofrecido para esa/s partida/s concreta/s afectadas por la omisión es del importe máximo previsto.
B7: 3 | C7: Los valores ofertados por cada partida, corresponden a precios PEC (deben incluir Gastos Generales y Beneficio Industrial)
B8: 4 | C8: Se debe introducir el precio ofertado por cada partida, en las celdas de color "VERDE" que se encuentran en la columna "F" de cada Estado de Mediciones. | J8: LOTE 1 | K8: LOTE 2 | L8: LOTE 3 | M8: LOTE 4 | N8: LOTE 5
B9: 5 | C9: Bajo ningún concepto podrán modificarse las partidas establecidas y, en caso de producirse alguna variación, supondrá el rechazo de la oferta.
B10: 6 | C10: En caso de existir discordancia entre el importe global (total ofertado por el licitador) y la suma de los resultados parciales identificados en el estado de mediciones (por partidas y capítulos) se tomará como correcto el que corresponda a la suma resultante de tales partidas.
B11: 7 | C11: Se deberá entregar un archivo Excel independiente por cada lote al que se presente oferta.
B12: 8 | C12: Cumplimentar "Formulario de Oferta Económica" y firmar digitalmente en formato PDF por apoderado/representante de la empresa.

Sheet Oferta Lote 1
A1: LOTE 1: CATALUNYA
A2: MC Mutual: Listado de partidas revestimientos, climatización y baja tensión
C3: CONCEPTO | D3: PRECIO PERIODO INICIAL
D4: (UN AÑO)
C5: ESTADO DE MEDICIONES VALORADO sin IVA | D5: =SUM(J10:J225) -> 0 | E5: ------------>
C6: I.V.A. (21 %) | D6: =+D5*0.21 -> 0 | F6: VALORES QUE SE DEBERÁN UTILIZAR PARA CUMPLIMENTAR EL FORMULARIO DE OFERTA ECONÓMICA
C7: TOTAL con I.V.A. | D7: =+D6+D5 -> 0
A9: Código | B9: Ud | C9: Resumen | D9: Consumo 4 años | E9: Precio unitario máximo (€) | F9: Valor unitario ofertado | H9: Precio total partida (4 AÑOS) | J9: Precio total partida (1 AÑO)
A10: 1 | C10: ALBAÑILERÍA, REVOCOS, ALICATADOS y PINTURA
A11: 01.01 | B11: ud | C11: REFUERZO DE PLADUR | D11: =+VLOOKUP(A11,BBDD!A:J,4,0) -> 160 | E11: =+VLOOKUP(A11,BBDD!A:J,10,0) -> 23 | H11: =D11*$F11 -> 0 | J11: =+D11*$F11/4 -> 0
C12: Suministro de refuerzo puntual de madera para estructura de tabique de cartón-yeso, destinado a la colocación de elementos suspendidos (pasamanos, accesorios minusválidos, televisión, etc.). Dimensiones de cada refuerzo: ancho entre perfiles y alto de unos 40 cm, replanteados según especificaciones de la propiedad. No incluye mano de obra. Incluye maquinaria específica y materiales necesarios para su instalación posterior
A13: 01.02 | B13: m2 | C13: ALICATADO CERÁMICO BLANCO 20x30cm | D13: =+VLOOKUP(A13,BBDD!A:J,4,0) -> 60.416667 | E13: =+VLOOKUP(A13,BBDD!A:J,10,0) -> 36 | H13: =D13*$F13 -> 0 | J13: =+D13*$F13/4 -> 0
C14: Suministro de paramento vertical interior a una altura <= 3 m con de plaqueta de semigrés de medidas 20x30 en color blanco mate, colocada en horizontal, con lechada de color blanco, colocadas con adhesivo para baldosa cerámica C2 TE (UNE-EN 12004) y rejuntado con lechada CG2 (UNE-EN 13888). Criterio de medición: En revestimiento de paramentos, con deducción de la superficie correspondiente a huecos de acuerdo con los criterios siguientes: - Huecos <= 1 m2: No se deducen - Huecos > 1 m2 y <= 2 m2: Se deduce el 50% - Huecos > 2 m2: Se deduce el 100% Los huecos que no se deduzcan, o que se deduzcan parcialmente, la medición incluye los trabajos de hacer los retornos, como jambas, dinteles, etc. En el caso que se deduzca el 100% del hueco, se deben medir también estos paramentos. En caso de exixtir alicatado en el paramentos , el nuevo será igual al existente. No incluye mano de obra. Toda la maquinaria específica y los insumos necesarios para la instalación están incluidos en el precio.
A15: 01.03 | B15: m2 | C15: ALICATADO MARMI CHINA PORCELANOSA 32x90cm | D15: =+VLOOKUP(A15,BBDD!A:J,4,0) -> 68.333333 | E15: =+VLOOKUP(A15,BBDD!A:J,10,0) -> 48 | H15: =D15*$F15 -> 0 | J15: =+D15*$F15/4 -> 0
C16: Suministro de alicatado de paramento vertical interior a una altura <= 3 m con baldosa de cerámica esmaltada mate, azulejo, grupo BIII (UNE-EN 14411), precio superior, de 1 a 5 piezas/m2 tipo ref. P3470131 de la serie Marmi China de PORCELANOSA con medidas de pieza 90x32cm colocadas en horizontal o equivalente colocadas con adhesivo para baldosa cerámica C2 TE (UNE-EN 12004) y rejuntado con lechada CG2 (UNE-EN 13888). Criterio de medición: En revestimiento de paramentos, con deducción de la superficie correspondiente a huecos de acuerdo con los criterios siguientes: - Huecos <= 1 m2: No se deducen - Huecos > 1 m2 y <= 2 m2: Se deduce el 50% - Huecos > 2 m2: Se deduce el 100% Los huecos que no se deduzcan, o que se deduzcan parcialmente, la medición incluye los trabajos de hacer los retornos, como jambas, dinteles, etc. En el caso que se deduzca el 100% del hueco, se deben medir también estos paramentos. No incluye mano de obra. Toda la maquinaria específica y los insumos necesarios para la instalación están incluidos en el precio.
A17: 01.04 | B17: m2 | C17: CHAPADO PARA FACHADA DE GRANITO | D17: =+VLOOKUP(A17,BBDD!A:J,4,0) -> 20 | E17: =+VLOOKUP(A17,BBDD!A:J,10,0) -> 89 | H17: =D17*$F17 -> 0 | J17: =+D17*$F17/4 -> 0
C18: Suministro de chapado con placas mecanizadas de granito Gris Quintana, acabado pulido, con medidas y despiece según piezas existentes, fijado con adhesivo cementoso mejorado, C2 TE, con deslizamiento reducido y tiempo abierto ampliado, gris, y grapas de anclaje de acero inoxidable; rejuntado con mortero de juntas cementoso, CG1, para junta mínima (entre 1,5 y 3 mm), con la misma tonalidad de las piezas. Criterio de medición: En revestimiento de paramentos, con deducción de la superficie correspondiente a huecos de acuerdo con los criterios siguientes: - Huecos <= 1 m2: No se deducen - Huecos > 1 m2 y <= 2 m2: Se deduce el 50% - Huecos > 2 m2: Se deduce el 100% Los huecos que no se deduzcan, o que se deduzcan parcialmente, la medición incluye los trabajos de hacer los retornos, como jambas, dinteles, etc. En el caso que se deduzca el 100% del hueco, se deben medir también estos paramentos. No incluye mano de obra. Toda la maquinaria específica y los insumos necesarios para la instalación están incluidos en el precio.
A19: 01.05 | B19: ud | C19: CANTONERA | D19: =+VLOOKUP(A19,BBDD!A:J,4,0) -> 20 | E19: =+VLOOKUP(A19,BBDD!A:J,10,0) -> 26 | H19: =D19*$F19 -> 0 | J19: =+D19*$F19/4 -> 0
C20: Suministro de perfil cantonera en sección en L de medidas 30x30mm, de 150cm de longitud de acero inoxidable mate, colocado a 20 cms del suelo. No incluye mano de obra. Toda la maquinaria específica y los insumos necesarios para la instalación están incluidos en el precio.
A21: 01.06 | B21: m2 | C21: REVESTIMIENTO VINÍLICO ACROVYN | D21: =+VLOOKUP(A21,BBDD!A:J,4,0) -> 17.619048 | E21: =+VLOOKUP(A21,BBDD!A:J,10,0) -> 42 | H21: =D21*$F21 -> 0 | J21: =+D21*$F21/4 -> 0
C22: Suministro de revestimiento Vinílico rígido, de 1,5mm de espesor, modelo Acrovyn de la marca C-S Group o equivalente, colocado con adhesivo acrílico de dispersión acuosa y soldado en caliente con cordón celular de diámetro 4 mm. Tratamiento doblado en esquinas para evitar juntas en ellas. Montado a una altura de hasta 1,50 m de altura. Criterio de medición: m2 de superficie medida según las especificaciones del proyecto, con deducción de la superficie correspondiente a huecos, de acuerdo con los siguientes criterios: - Huecos <= 1 m2: No se deducen - Huecos > 1 m2: Se deduce el 100% Estos criterios incluyen el acabado específico de los encuentros con los bordes, sin que conlleve el uso de materiales diferentes de los que normalmente conforman la unidad. No incluye mano de obra. Toda la maquinaria específica y los insumos necesarios para la instalación están incluidos en el precio.
A23: 01.07 | B23: m2 | C23: PINTURA PLÁSTICA | D23: =+VLOOKUP(A23,BBDD!A:J,4,0) -> 600 | E23: =+VLOOKUP(A23,BBDD!A:J,10,0) -> 8 | H23: =D23*$F23 -> 0 | J23: =+D23*$F23/4 -> 0
C24: Pintado de paramento vertical/horizontal de yeso, con pintura plástica ecológica lavable, con acabado liso, con una capa selladora y dos de acabado. Color blanco o a elegir por la propiedad. Criterio de medición: con deducción de la superficie correspondiente a huecos de acuerdo con los criterios siguientes: - Huecos <= 4 m2: No se deducen - Huecos > 4 m: Se deduce el 100%Estos criterios incluyen la superficie de los paramentos laterales de la abertura en una profundidad de 30 cm, como máximo, excepto en el caso de las aberturas de más de 4,00 m2 en que esta superficie se medirá expresamente. Incluye la protección de elementos varios, encintado y tapado de agujeros existentes, así como la limpieza de los elementos que configuran la abertura, como los marcos que se hayan ensuciado. No incluye mano de obra. Toda la maquinaria específica y los insumos necesarios para la instalación están incluidos en el precio.
A25: 2 | C25: PAVIMENTOS, ZÓCALOS Y MÁRMOLES
A26: 02.01 | B26: m2 | C26: PARQUET SINTÉTICO AC6 USO INTENSO ROBLE CLARO | D26: =+VLOOKUP(A26,BBDD!A:J,4,0) -> 45 | E26: =+VLOOKUP(A26,BBDD!A:J,10,0) -> 80 | H26: =D26*$F26 -> 0 | J26: =+D26*$F26/4 -> 0
C27: Suministro de parquet flotante con tablas multicapa sintéticas para uso comercial elevado, resistencia AC6, de 1190 a 1800 mm de longitud, de 180 a 300 mm de ancho, 9,5 mm de espesor, con base de tablero de fibras de alta densidad, con unión a presión, colocado sobre lámina de polietileno expandido de 3 mm o PVC solapada 20cm. Marca Pergo Serie Public Extreme acabado Roble o equivalente Criterio de medición: m2 de superficie útil, con deducción de la superficie correspondiente a huecos, pilares o cerramientos de acuerdo con los siguientes criterios: - Huecos <= 1 m2: No se deducen - Huecos > 1 m2: Se deduce el 100% Estos criterios incluyen el acabado específico de los encuentros con los bordes, sin que conlleve el uso de materiales diferentes de los que normalmente conforman la unidad. No incluye mano de obra. Toda la maquinaria específica y los insumos necesarios para la instalación están incluidos en el precio.
A28: 02.02 | B28: m | C28: RODAPIÉ MADERA MISMO MODELO PARQUET SINTÉTICO | D28: =+VLOOKUP(A28,BBDD!A:J,4,0) -> 120 | E28: =+VLOOKUP(A28,BBDD!A:J,10,0) -> 9 | H28: =D28*$F28 -> 0 | J28: =+D28*$F28/4 -> 0
C29: Suministro de zócalo con el mismo acabado de madera barnizada exterior que el parquet con núcleo de MDF, marca PERGO Ref. PGPSKR01801, de 77 mm de altura, colocado con tacos de expansión y tornillos o equivalente. Corte a inglete en giros a 90º. Criterio de medición: m de longitud medida según las especificaciones del proyecto, con deducción de la longitud correspondiente a los huecos, de acuerdo con los siguientes criterios:- Huecos de ancho <= 1 m: Se deduce el 50% - Huecos de ancho > 1 m: Se deduce el 100% No incluye mano de obra. Toda la maquinaria específica y los insumos necesarios para la instalación están incluidos en el precio.
A30: 02.03 | B30: m2 | C30: PAVIMENTO PORCELÁNICO 60x60cm | D30: =+VLOOKUP(A30,BBDD!A:J,4,0) -> 150 | E30: =+VLOOKUP(A30,BBDD!A:J,10,0) -> 35 | H30: =D30*$F30 -> 0 | J30: =+D30*$F30/4 -> 0
C31: Suministro de pavimento interior, de baldosa de gres porcelanico, de forma cuadrada de 60x60, colocadas con adhesivo para baldosa cerámica C2 (UNE-EN 12004), con junta de 2mm y rejuntado con lechada CG2 tipo ref. B21502016 de la serie Materiales para juntas de BUTECH o equivalente (UNE-EN 13888) o lechada de látex color gris oscuro. Marca MARAZZI, modelo EVOLUTION STONE SERENA o equivalente. No incluye mano de obra. Toda la maquinaria específica y los insumos necesarios para la instalación están incluidos en el precio.
A32: 02.04 | B32: m | C32: ZÓCALO BALDOSA GRES PORCELÁNICO | D32: =+VLOOKUP(A32,BBDD!A:J,4,0) -> 80 | E32: =+VLOOKUP(A32,BBDD!A:J,10,0) -> 9 | H32: =D32*$F32 -> 0 | J32: =+D32*$F32/4 -> 0
C33: Zócalo de baldosa de gres porcelánico del mismo material que el pavimento, de 9 cm de altura, tomado con adhesivo para baldosa cerámica C2 TE (UNE-EN 12004) haciendo coincidir juntas con las del pavimento y rejuntado con lechada CG2 (UNE-EN 13888) tipo ref. B21502016 de la serie Materiales para juntas de BUTECH o equivalente o lechada de látex en color gris oscuro. Corte a inglete en giros a 90º. Criterio de medición: m de longitud medida según las especificaciones del proyecto, con deducción de la longitud correspondiente a los huecos, de acuerdo con los siguientes criterios:- Huecos de ancho <= 1 m: Se deduce el 50%. - Huecos de ancho > 1 m: Se deduce el 100%. No incluye mano de obra. Toda la maquinaria específica y los insumos necesarios para la instalación están incluidos en el precio.
A34: 02.05 | B34: m2 | C34: FELPUDO DE ALUMINIO Y MOQUETA | D34: =+VLOOKUP(A34,BBDD!A:J,4,0) -> 18.75 | E34: =+VLOOKUP(A34,BBDD!A:J,10,0) -> 280 | H34: =D34*$F34 -> 0 | J34: =+D34*$F34/4 -> 0
C35: Suministro de felpudo de lamas de aluminio y moqueta de alta absorción de humedad, con bisagras de poliamida para hacerlo enrollable, de la casa Futura, serie Expert ó equivalente, de 17mm de espesor, color de moqueta gris oscuro, con pedido a fabrica a medida y colocado en hueco previsto. No incluye mano de obra. Toda la maquinaria específica y los insumos necesarios para la instalación están incluidos en el precio.
A36: 02.06 | B36: m2 | C36: FELPUDO DE COCO | D36: =+VLOOKUP(A36,BBDD!A:J,4,0) -> 30 | E36: =+VLOOKUP(A36,BBDD!A:J,10,0) -> 29 | H36: =D36*$F36 -> 0 | J36: =+D36*$F36/4 -> 0
C37: Suministro de felpudo con base de PVC de alta resistencia y composición de 100% fibra de coco vegetal, con espesor total 20mm, en color gris antracita. No incluye mano de obra. Toda la maquinaria específica y los insumos necesarios para la instalación están incluidos en el precio.
A38: 3 | C38: YESERIA Y FALSOS TECHOS
A39: 03.01 | B39: m2 | C39: F. TECHO 60x60cm DE FIBRAS MINERALES | D39: =+VLOOKUP(A39,BBDD!A:J,4,0) -> 33.75 | E39: =+VLOOKUP(A39,BBDD!A:J,10,0) -> 32 | H39: =D39*$F39 -> 0 | J39: =+D39*$F39/4 -> 0
C40: Sumistro de falso techo de placas de fibras minerales con revestimiento exterior pintura fungicida, de 600x600 mm y 15 mm de espesor, tipo ref. 2224M de la serie Específicos de ARMSTRONG BIOGUARD PLAIN o equivalente acabado superficial liso, con canto rebajado, con clase de absorción acústica C según UNE-EN ISO 11654 y reacción al fuego, colocado con estructura de aluminio lacada en blanco, formada por perfiles principales tipo forma de T invertida de 15 mm de base cada 1,2 m fijados al techo mediante varilla de suspensión cada 1,2 m y con perfiles secundarios colocados formando retícula, para una altura de falso techo de 4 m como máximo. Perfiles perimetrales de 24mm de base para mejor soporte. Incluye la formación de huecos para la instalación de los elementos que sean necesarios: altavoces, luminarias, instalación incendios, instalación climatización,... Criterio de medición: m2 de superficie medida de acuerdo a las especificaciones de la DT. Con deducción de la superficie correspondiente a huecos, de acuerdo con los criterios siguientes:- Huecos <= 1 m2: No se deducirán - Huecos > 1 m2: Se deduce el 100% Estos criterios incluyen el acabado específico de los acuerdos con los bordes, sin que comporte el uso de materiales diferentes de aquellos que normalmente conforman la unidad. No incluye mano de obra. Toda la maquinaria específica y los insumos necesarios para la instalación están incluidos en el precio.
A41: 03.02 | B41: m2 | C41: FALSO TECHO METÁLICO 60x60cm MICROPERFORADO | D41: =+VLOOKUP(A41,BBDD!A:J,4,0) -> 93.75 | E41: =+VLOOKUP(A41,BBDD!A:J,10,0) -> 40 | H41: =D41*$F41 -> 0 | J41: =+D41*$F41/4 -> 0
C42: Suministro de falso techo de placas de acero galvanizado, de 600x600 mm y 0,5 mm de espesor con 5 mm de descuelgue, tipo ref. BANDEJA PARMA T15 de la marca THU o equivalente acabado superficial liso, con perforaciones de 1,5mm de diámetro, con canto recto tipo V8, con clase de absorción acústica C según UNE-EN ISO 11654 y reacción al fuego, colocado con estructura de aluminio lacada en blanco, formada por perfiles principales tipo forma de T invertida de 15 mm de base cada 1,2 m fijados al techo mediante varilla de suspensión cada 1,2 m y con perfiles secundarios colocados formando retícula, para una altura de falso techo de 4 m como máximo. Perfiles perimetrales de 24mm de base para mejor soporte. Incluye la formación de huecos para la instalación de los elementos que sean necesarios: altavoces, luminarias, instalación incendios, instalación climatización,... Criterio de medición: m2 de superficie medida de acuerdo a las especificaciones de la DT. Con deducción de la superficie correspondiente a huecos, de acuerdo con los criterios siguientes:- Huecos <= 1 m2: No se deducirán - Huecos > 1 m2: Se deduce el 100%Estos criterios incluyen el acabado específico de los acuerdos con los bordes, sin que comporte el uso de materiales diferentes de aquellos que normalmente conforman la unidad. No incluye mano de obra. Toda la maquinaria específica y los insumos necesarios para la instalación están incluidos en el precio.
A43: 03.03 | B43: m2 | C43: FALSO TECHO ACABADO VINÍLICO 60x60cm | D43: =+VLOOKUP(A43,BBDD!A:J,4,0) -> 56.666667 | E43: =+VLOOKUP(A43,BBDD!A:J,10,0) -> 30 | H43: =D43*$F43 -> 0 | J43: =+D43*$F43/4 -> 0
C44: Sumistro de falso techo registrable vinílico, color blanco nueve, con canto recto, de 600x 600 mm y 14 a 17 mm de espesor clase de absorción acústica A según UNE-EN ISO 11654, resistencia a la humedad 95% y reacción al fuego A1, colocado con estructura de aluminio vista , formada por perfiles principales en forma de T invertida de 25 mm de base cada 1,2 m para fijar en el techo mediante varilla de suspensión cada 1,2 m, y perfiles secundarios formando retícula , para una altura de falso techo de 4 m como máximo. Incluye la formación de huecos para la instalación de los elementos que sean necesarios: altavoces, luminarias, instalación incendios, instalación climatización,... Criterio de medición: m2 de superficie medida de acuerdo a las especificaciones de la DT.Con deducción de la superficie correspondiente a huecos, de acuerdo con los criterios siguientes:- Huecos <= 1 m2: No se deducirán - Huecos > 1 m2: Se deduce el 100%Estos criterios incluyen el acabado específico de los acuerdos con los bordes, sin que comporte el uso de materiales diferentes de aquellos que normalmente conforman la unidad. Inckuye parte proporcional de recorts para la instalación de rejas, focos, etc. No incluye mano de obra. Toda la maquinaria específica y los insumos necesarios para la instalación están incluidos en el precio.
A45: 03.04 | B45: m2 | C45: FALSO TECHO CONTINUO YESO LAMINADO PLACA 12,5mm | D45: =+VLOOKUP(A45,BBDD!A:J,4,0) -> 73.333333 | E45: =+VLOOKUP(A45,BBDD!A:J,10,0) -> 30 | H45: =D45*F45 -> 0 | J45: =+D45*$F45/4 -> 0
C46: Sumistro de falso techo continuo de placas de yeso laminado tipo estándar (A) en formación de fajas perimetrales y techos contínuos, para pintar, de 12,5 mm de espesor y borde afinado (BA), entramado de acero galvanizado formado por perfiles principales colocados cada 1000 mm y perfiles secundarios colocados cada 600 mm fijados al techo mediante varilla de suspensión cada 1,2 m , para una altura de falso techo de 4 m como máximo. Incluso tabica para faja perimetral de falso techo registrable. Incluye el encintado, enmasillado y lijado listo y preparado para pintar. Incluye la formación de huecos para la instalación de los elementos que sean necesarios: altavoces, luminarias, instalación incendios, instalación climatización,... Criterio de medición: m2 de superficie real medida de acuerdo a las medidas reales de obra, segun especificaciones de la DT. Las fajas perimetrales se contarán por m2, teniendo en cuenta el ancho de las mismas por múltiplos de 50cm, al mayor. No incluye mano de obra. Toda la maquinaria específica y los insumos necesarios para la instalación están incluidos en el precio.
A47: 03.05 | B47: ud | C47: REGISTRO FALSO TECHO CONTINUO YESO LAMINADO | D47: =+VLOOKUP(A47,BBDD!A:J,4,0) -> 30 | E47: =+VLOOKUP(A47,BBDD!A:J,10,0) -> 95 | H47: =D47*F47 -> 0 | J47: =+D47*$F47/4 -> 0
C48: Sumistro de trampilla de registro gama Básica, de medidas 600x600 mm, formada por marco de aluminio y puerta de placa de yeso laminado, de 12,5 mm de espesor, para falso techo continuo de placas de yeso laminado. Incluso accesorios de montaje. No incluye mano de obra. Toda la maquinaria específica y los insumos necesarios para la instalación están incluidos en el precio.
A49: 4 | C49: MARMOLISTERIA, MUEBLES, FONTANERIA Y ACCESORIOS
A50: 04.01 | B50: m2 | C50: ENCIMERA SILESTONE BLANCO NORTE Y PETO VERTICAL | D50: =+VLOOKUP(A50,BBDD!A:J,4,0) -> 9 | E50: =+VLOOKUP(A50,BBDD!A:J,10,0) -> 390 | H50: =D50*$F50 -> 0 | J50: =+D50*$F50/4 -> 0
C51: Sumistro de encimera de Silestone blanco Norte o equivalente, de 20 mm de espesor, colocado sobre mueble. Peto superior frontal y lateral de 40cm de altura con 10mm de espesor y siliconado en las juntas, con canto de pico de gorrión. Se incluye formación de agujeros para encaste fregadero y griferia. Criterio de medición: m2 de superficie real medida según las especificaciones de la DT. Este criterio incluye el acabado específico de los bordes y el encuentro con los paramentos. No incluye mano de obra. Toda la maquinaria específica y los insumos necesarios para la instalación están incluidos en el precio.
A52: 04.02 | B52: m2 | C52: PANELADO FORMICA MADERA SALAS ESPERA | D52: =+VLOOKUP(A52,BBDD!A:J,4,0) -> 55 | E52: =+VLOOKUP(A52,BBDD!A:J,10,0) -> 103 | H52: =D52*F52 -> 0 | J52: =+D52*$F52/4 -> 0
C53: Suministro de aplacado de pared con paneles chapados en Formica de cuatro acabados diferentes: K1097 (gris oscuro), K1301 (color crema), F7927 (gris claro) y F2296 (blanco) ó equivalente, en delgas verticales de 4 anchos diferentes combinados de 15, 30, 60 o 90 cms con pieza especial de remate, y altura media de 130 cms, apoyado sobre zócalo de gres, con entrega de junta a testa y cantos postformados del mismo material o perfil de aluminio superior y lateral de remate, colocado sobre base de rastreles de madera de pino basto. Se incluyen remates canto pilastra y finales. No incluye mano de obra. Toda la maquinaria específica y los insumos necesarios para la instalación están incluidos en el precio.
A54: 04.03 | B54: ml | C54: MUEBLES BAJO BANCADA | D54: =+VLOOKUP(A54,BBDD!A:J,4,0) -> 15 | E54: =+VLOOKUP(A54,BBDD!A:J,10,0) -> 216 | H54: =D54*F54 -> 0 | J54: =+D54*$F54/4 -> 0
C55: Suministro de mueble bajo bancada acabado fórmica (color a escoger por MC Mutual) con distribución según medidas formado por módulos de puerta batiente con balda interior, y módulos de cajones con zócalo de aluminio de 88 mm de altura. Para recibir encimera de silestone blanca con zócalo de respeto de 30 cm, y los encastados de lavamanos y/o fregaderos. Cada mueble incluirá un módulo de 4 cajones. Se incluye tiradores en acero inoxidable mate en forma de "U" JNF modelo IN.22.202 de 16,8 cms y 8 mm. de diámetro o equivalente, con bisagras y complementos con cantos verticales, tanto puertas como cajones con acabado en canto marino. Formación mínima de mueble de 2 módulos. No incluye mano de obra. Toda la maquinaria específica y los insumos necesarios para la instalación están incluidos en el precio.
A56: 04.04 | B56: ud | C56: CONJUNTO PUESTO DE TRABAJO PARED 6 modulos | D56: =+VLOOKUP(A56,BBDD!A:J,4,0) -> 10 | E56: =+VLOOKUP(A56,BBDD!A:J,10,0) -> 212 | H56: =D56*F56 -> 0 | J56: =+D56*$F56/4 -> 0
C57: Suministro de caja de empotrar de 6 módulos, con 4 tomas de corriente rojas Sai, 2 tomas de corriente blanca normales, magnetotérmico t/corriente Sai, piloto de señalización, 1 módulos con 2 tomas de datos (conectores RJ45), línea de suministro normal, línea de suministro Sai y canalización para paso de cables de datos con cable guía hasta bandeja de distribución. No incluye mano de obra. Toda la maquinaria específica y los insumos necesarios para la instalación están incluidos en el precio.
A58: 04.05 | B58: ud | C58: S/I CONJUNTO PUESTO DE TRABAJO PARED 2 modulos | D58: =+VLOOKUP(A58,BBDD!A:J,4,0) -> 15 | E58: =+VLOOKUP(A58,BBDD!A:J,10,0) -> 141 | H58: =D58*F58 -> 0 | J58: =+D58*$F58/4 -> 0
C59: Caja de empotrar de 2 módulos, con 2 tomas de corriente rojas Sai, piloto de señalización, un módulo datos, línea de suministro Sai y canalización para paso de cables de datos con cable guía hasta bandeja de distribución. No incluye mano de obra. Toda la maquinaria específica y los insumos necesarios para la instalación están incluidos en el precio.
A60: 04.06 | B60: ud | C60: S/I CONJUNTO PUESTO DE TRABAJO SUELO | D60: =+VLOOKUP(A60,BBDD!A:J,4,0) -> 8 | E60: =+VLOOKUP(A60,BBDD!A:J,10,0) -> 121 | H60: =D60*F60 -> 0 | J60: =+D60*$F60/4 -> 0
C61: Suministro de torreta suelo (UNEX o equivalente) de 6 módulos, con 4 tomas de corriente rojas Sai, 2 tomas de corriente blanca normales, magnetotérmico t/corriente Sai, piloto de señalización, 1 módulos con 2 tomas de datos (conectores RJ45), línea de suministro normal, línea de suministro Sai y canalización para paso de cables de datos con cable guía hasta bandeja de distribución. No incluye mano de obra. Toda la maquinaria específica y los insumos necesarios para la instalación están incluidos en el precio.
A62: 04.07 | B62: m | C62: PASAMANOS ACERO INOXIDABLE DE Ø43mm | D62: =+VLOOKUP(A62,BBDD!A:J,4,0) -> 40 | E62: =+VLOOKUP(A62,BBDD!A:J,10,0) -> 15 | H62: =D62*F62 -> 0 | J62: =+D62*$F62/4 -> 0
C63: Suministro de pasamanos recto formado por tubo hueco de acero inoxidable AISI 304, acabado pulido brillante, de 43 mm de diámetro, con soportes del mismo material fijados al paramento mediante anclaje mecánico con tacos de nylon y tornillos de acero galvanizado. Incluye todos los elementos y refuerzos necesarios en el paramento para asegurar su correcta colocación y la solidez del apoyo y uso del pasamanos. No incluye mano de obra. Toda la maquinaria específica y los insumos necesarios para la instalación están incluidos en el precio.
A64: 04.08 | B64: ud | C64: LAVABO MURAL | D64: =+VLOOKUP(A64,BBDD!A:J,4,0) -> 3 | E64: =+VLOOKUP(A64,BBDD!A:J,10,0) -> 99 | H64: =D64*F64 -> 0 | J64: =+D64*$F64/4 -> 0
C65: Suministro de lavabo mural de porcelana esmaltada modelo Merididian de Roca sin pedestal (mod. 325242000) o equivalente, sencillo, de 600x460x150 o equivalente, de color blanco y precio superior, colocado con soportes murales. No incluye mano de obra. Toda la maquinaria específica y los insumos necesarios para la instalación están incluidos en el precio.
A66: 04.09 | B66: ud | C66: GRIFO MONOMANDO PARA LAVABO | D66: =+VLOOKUP(A66,BBDD!A:J,4,0) -> 4 | E66: =+VLOOKUP(A66,BBDD!A:J,10,0) -> 90 | H66: =D66*F66 -> 0 | J66: =+D66*$F66/4 -> 0
C67: Suministro y colocación de grifo monomando para lavabo, marca Tres de la serie Ecotres ref.17510402 o equivalente, montado superficialmente sobre encimera o aparato sanitario, de latón cromado, precio alto, con desagüe mecánico incorporado con salida de 1´´1/4, con dos entradas de manguitos. Aireador incorporado, sifón cromado. Manecilla de apertura de agua fría en posición normal. No incluye mano de obra. Toda la maquinaria específica y los insumos necesarios para la instalación están incluidos en el precio.
A68: 04.10 | C68: INODORO VERT./HORIZ. TANQUE BAJO | D68: =+VLOOKUP(A68,BBDD!A:J,4,0) -> 1 | E68: =+VLOOKUP(A68,BBDD!A:J,10,0) -> 400 | H68: =D68*F68 -> 0 | J68: =+D68*$F68/4 -> 0
C69: Suministro de inodoro de tanque bajo con asiento y tapa lacados, SQUARE de color Blanco, ref. A341470000 de la serie THE GAP de ROCA SANITARIO o equivalente. No incluye mano de obra. Toda la maquinaria específica y los insumos necesarios para la instalación están incluidos en el precio.
A70: 5 | C70: PUERTAS Y CORTINAS
A71: 05.01 | B71: ud | C71: PUERTA AUTÓMATICA 1 HOJA | D71: =+VLOOKUP(A71,BBDD!A:J,4,0) -> 3 | E71: =+VLOOKUP(A71,BBDD!A:J,10,0) -> 4800 | H71: =D71*F71 -> 0 | J71: =+D71*$F71/4 -> 0
C72: Suministro de puerta corredera de abertura automática, de una hoja de 140x250 cm, vidrio lateral fijo 136x174 cm y tarja superior fija de 286x82 cm. Puerta corredera con vidrios laminares 5+5 mm, con perfil superior e inferior de aluminio, dintel con mecanismos y tapa de aluminio, 2 radares detectores de presencia, 1 célula fotoeléctrica de seguridad y cuadro de mando de 4 posiciones. Incluye 10 copias de mandos a distancia . Carpinterías fijas con perfilería de aluminio vista SOLEAL FY 65 con rotura de puente térmico, de Technal o equivalente lacada en RAL 9007. Vidrio transparente 55.2SR guardian sun-24 gas-55.1. Composición:5+5+24 argon+5+5. Uvidrio: 1,1 W/m2k. Incluye premarco metálico para fijación a la obra, montantes de perfilería de aluminio entre las carpinterias con el mismo color, accesorios de montaje, perfiles de remate, silicona incolora para sellado de juntas y cualquier material auxiliar necesario para su perfecto montaje. Incluye carpinteria de cierre y conexión a central de incendios. Incluye 10 copias de mandos a distancia. Incluye rematería. No se incluye mano de obra para montaje y puesta en marcha. Toda la maquinaria específica y los insumos necesarios para la instalación están incluidos en el precio.
A73: 05.02 | B73: ud | C73: PUERTA AUTÓMATICA 2 HOJAS | D73: =+VLOOKUP(A73,BBDD!A:J,4,0) -> 5 | E73: =+VLOOKUP(A73,BBDD!A:J,10,0) -> 5200 | H73: =D73*F73 -> 0 | J73: =+D73*$F73/4 -> 0
C74: Suministro de puerta corredera de abertura automática, de dos hojas de 80x260 cm, y 2 vidrios laterales fijos de 80x260 cm, con vidrios laminares 5+5 mm con perfil superior e inferior de aluminio, dintel con mecanismos y tapa de aluminio, 2 radares detectores de presencia, 1 célula fotoeléctrica de seguridad y cuadro de mando de 4 posiciones. Incluye premarco metálico para fijación a la obra, montantes de perfilería de aluminio entre las carpinterias con el mismo color, accesorios de montaje, perfiles de remate, silicona incolora para sellado de juntas y cualquier material auxiliar necesario para su perfecto montaje. Incluye carpinteria de cierre y conexión a central de incendios. Incluye 10 copias de mandos a distancia. Incluye rematería. No se incluye mano de obra para montaje y puesta en marcha. Toda la maquinaria específica y los insumos necesarios para la instalación están incluidos en el precio.
A75: 05.03 | B75: m2 | C75: CORTINA ENROLLABLE MATERIAL RECICLADO | D75: =+VLOOKUP(A75,BBDD!A:J,4,0) -> 40 | E75: =+VLOOKUP(A75,BBDD!A:J,10,0) -> 70 | H75: =D75*F75 -> 0 | J75: =+D75*$F75/4 -> 0
C76: Suministro de cortina enrollable con material 100% reciclado PET botellas y cara exterior metalizada de la marca Kortilux modelo Zilario GREEN metal 2145 o equivalente, en color gris con gramaje hasta 215gr/m2 y apertura de la misma entra el 3 y 10%, con accionamiento a motor, con motor mecánico tubular con cabeza redonda Murtra con mínima emisión de ruido, 40 vueltas máximo y alimentación 230v dejada en punto de conexión por la propiedad (consumo 90w), tubo enrollable de 43/58mm en aluminio y contrapeso. Para medidas superiores a 2,50m altura y 2,0m ancho. No se incluye mano de obra para montaje y puesta en marcha. Toda la maquinaria específica y los insumos necesarios para la instalación están incluidos en el precio.
A77: 05.04 | B77: ud | C77: MOTORIZADO DE CORTINA ENROLLABLE | D77: =+VLOOKUP(A77,BBDD!A:J,4,0) -> 2 | E77: =+VLOOKUP(A77,BBDD!A:J,10,0) -> 114 | H77: =D77*F77 -> 0 | J77: =+D77*$F77/4 -> 0
C78: Suministro de motor electrónico via radio tubular con cabeza redonda Murtra con mínima emisión de ruido, 160 vueltas máximo y alimentación 230v dejada en punto de conexión por la propiedad (consumo 137w), montado en tubo enrollable de 43/58mm en aluminio y contrapeso.. Para cortinas de medidas superiores a 2,50m altura y 2,0m ancho. No se incluye mano de obra para montaje y puesta en marcha. Toda la maquinaria específica y los insumos necesarios para la instalación están incluidos en el precio.
A79: 05.05 | B79: m2 | C79: CORTINA LAMAS | D79: =+VLOOKUP(A79,BBDD!A:J,4,0) -> 4.625 | E79: =+VLOOKUP(A79,BBDD!A:J,10,0) -> 160 | H79: =D79*F79 -> 0 | J79: =+D79*$F79/4 -> 0
C80: Suministro de cortina vertical accionada mediante cordón y cadena para desplazamiento con tejido de fibra de vidrio y PVC de la marca Kortilux modelo S o M o equivalente, con ancho de lama de 89mm, en color gris perla con gramaje hasta 420gr/m2 y apertura de la misma entra el 10 y 1%, con riel superior de aluminio lacado en blanco o plata, y desplazamiento de lamas con distanciadores cortados a medida.. Para medidas superiores a 2,50m altura y 1,50m ancho. No incluye mano de obra. Toda la maquinaria específica y los insumos necesarios para la instalación están incluidos en el precio.
A81: 05.06 | B81: ud | C81: CORTINA BOX ELECTROTERAPIA | D81: =+VLOOKUP(A81,BBDD!A:J,4,0) -> 2 | E81: =+VLOOKUP(A81,BBDD!A:J,10,0) -> 372 | H81: =D81*F81 -> 0 | J81: =+D81*$F81/4 -> 0
C82: Suministro de cortina textil modelo AAA3 Mc-Mutual de KORTILUX con sistema de accionamiento manual del tejido. Confección del tejido a ondas con cinta marca Murtra. Tejido confeccionado modelo Loneta Ignífuga con aplicaciones en color Gris oscuro para su movimiento. Peso de 103 g/m2 e ignífuga C1 según norma UNE 13773:2003. Para medidas superiores a 2,50m altura y 1,50m ancho. No incluye mano de obra. Toda la maquinaria específica y los insumos necesarios para la instalación están incluidos en el precio.
A83: 6 | C83: PROTECCIÓN CONTRA INCENDIO
A84: 06.01 | B84: ud | C84: SENSOR TÉRMICO | D84: =+VLOOKUP(A84,BBDD!A:J,4,0) -> 20 | E84: =+VLOOKUP(A84,BBDD!A:J,10,0) -> 41 | H84: =D84*F84 -> 0 | J84: =+D84*$F84/4 -> 0
C85: Suministro de Sensor dual óptico/térmico para instalación contra incendios analógica, según norma UNE-EN 54-5/A1 y UNE-EN 54-7, con base de empotrar, empotrado. Marca Notifier I Honeywell o equivalente- No incluye mano de obra. Toda la maquinaria específica y los insumos necesarios para la instalación están incluidos en el precio.
A86: 06.02 | B86: ud | C86: PULS. ALARMA DE FUEGO | D86: =+VLOOKUP(A86,BBDD!A:J,4,0) -> 2.1428571 | E86: =+VLOOKUP(A86,BBDD!A:J,10,0) -> 266 | H86: =D86*F86 -> 0 | J86: =+D86*$F86/4 -> 0
C87: Pulsador de alarma de fuego, color rojo, con microrruptor, led de alarma, sistema de comprobación con llave de rearme y lámina de plástico calibradapara que se enclave y no rompa. Ubicado en caja de 95x95x35 mm. No incluye mano de obra. Toda la maquinaria específica y los insumos necesarios para la instalación están incluidos en el precio.
A88: 06.03 | B88: ud | C88: EXTINTOR 5KG POLVO | D88: =+VLOOKUP(A88,BBDD!A:J,4,0) -> 10 | E88: =+VLOOKUP(A88,BBDD!A:J,10,0) -> 42 | H88: =D88*F88 -> 0 | J88: =+D88*$F88/4 -> 0
C89: Suministro de extintor homologado de 5 K. No incluye mano de obra. Toda la maquinaria específica y los insumos necesarios para la instalación están incluidos en el precio.
A90: 7 | C90: CONJUNTO MAQUINARIA EQUIPOS PARED
A91: 07.01 | B91: ud | C91: CONJUNTO SPLIT DE PARED, DAKIN MODELO INT: FTXM20R, EXT: RXM20R9, o equivalente | D91: =+VLOOKUP(A91,BBDD!A:J,4,0) -> 1 | E91: =+VLOOKUP(A91,BBDD!A:J,10,0) -> 1933 | H91: =D91*$F91 -> 0 | J91: =+D91*$F91/4 -> 0
C92: CONJUNTO SPLIT DE PARED, DAKIN MODELO INT: FTXM20R, EXT: RXM20R9, o equivalente, para sistema VRV-IV (Volumen de Refrigerante Variable), para gas R-32/R-410A, alimentación monofásica (230V/50Hz), potencia frigorífica nominal 2 kW (temperatura de bulbo seco del aire interior 27°C, temperatura de bulbo húmedo del aire interior 19°C, temperatura de bulbo seco del aire exterior 35°C), potencia calorífica nominal 2,5 kW (temperatura de bulbo seco del aire interior 20°C, temperatura de bulbo seco del aire exterior 7°C), presión sonora a velocidad media 25 dBA, caudal de aire a velocidad media 5,7 m³/min, dimensiones 295x778x295 mm, peso 10 kg, con adaptador con comunicación vía Wi-Fi para control desde un smartphone o tablet, caja de distribución para conexión de unidades interiores de aire acondicionado de la gama doméstica a unidades exteriores VRV-IV+ y VRV-IV W+, modelo BPMKS967A2, con control remoto por cable, modelo BRC073 y cable de conexión para control remoto, modelo BRCW901A03. No se incluye mano de obra para montaje y puesta en marcha. Toda la maquinaria específica y los insumos necesarios para la instalación están incluidos en el precio.
A93: 07.02 | B93: ud | C93: CONJUNTO SPLIT DE PARED, DAKIN MODELO INT: FTXM60R, EXT: RXM60R9, o equivalente | D93: =+VLOOKUP(A93,BBDD!A:J,4,0) -> 1 | E93: =+VLOOKUP(A93,BBDD!A:J,10,0) -> 3630 | H93: =D93*F93 -> 0 | J93: =+D93*$F93/4 -> 0
C94: CONJUNTO SPLIT DE PARED, DAKIN MODELO INT: FTXM60R, EXT: RXM60R9, o equivalente, para sistema VRV-IV (Volumen de Refrigerante Variable), para gas R-32/R-410A, alimentación monofásica (230V/50Hz), potencia frigorífica nominal 6 kW (temperatura de bulbo seco del aire interior 27°C, temperatura de bulbo húmedo del aire interior 19°C, temperatura de bulbo seco del aire exterior 35°C), potencia calorífica nominal 7 kW (temperatura de bulbo seco del aire interior 20°C, temperatura de bulbo seco del aire exterior 7°C), presión sonora a velocidad media 37 dBA, caudal de aire a velocidad media 11,8 m³/min, dimensiones 299x998x299 mm, peso 14,5 kg, con adaptador con comunicación vía Wi-Fi para control desde un smartphone o tablet, caja de distribución para conexión de unidades interiores de aire acondicionado de la gama doméstica a unidades exteriores VRV-IV+ y VRV-IV W+, modelo BPMKS967A2, con control remoto por cable, modelo BRC073 y cable de conexión para control remoto, modelo BRCW901A03. No se incluye mano de obra para montaje y puesta en marcha. Toda la maquinaria específica y los insumos necesarios para la instalación están incluidos en el precio.
A95: 07.03 | C95: CONJUNTO 2X1 MARCA DAIKIN 2MXP40M1, o equivalente | D95: =+VLOOKUP(A95,BBDD!A:J,4,0) -> 1 | E95: =+VLOOKUP(A95,BBDD!A:J,10,0) -> 2917 | H95: =D95*F95 -> 0 | J95: =+D95*$F95/4 -> 0
C96: Aire acondicionado 2x1 Daikin 2MXP40M1, o equivalente, es un conjunto multi split pared 2x1 con unidad exterior (2MXM40N) de 4 kW de potencia frigorífica y de 4,2 kw de potencia calorífica. Este equipo consta con 2 unidades interiores, una de 3,5 kW (FTXP35M9) de potencia y otra de 2,5 kW (FTXP25M9) de potencia. Estas 2 unidades interiores cuentan con un mando a distancia para cada unidad, las que se pueden usar según como requiera el usuario. Sus dimensiones compactas son de 286 mm x 770 mm x 225 mm para sus dos unidades interiores y de 550 mm x 765 mm x 285 mm para su unidad exterior. No se incluye mano de obra para montaje y puesta en marcha. Toda la maquinaria específica y los insumos necesarios para la instalación están incluidos en el precio.
A97: 07.04 | C97: CONJUNTO 3X1 MARCA DAIKIN 3MXP52M2, o equivalente | D97: =+VLOOKUP(A97,BBDD!A:J,4,0) -> 1 | E97: =+VLOOKUP(A97,BBDD!A:J,10,0) -> 4105 | H97: =D97*F97 -> 0 | J97: =+D97*$F97/4 -> 0
C98: Aire acondicionado DAIKIN Comfora MULTI R-32 Inverter 3x1 3MXP52M2 (35+25+25), es un conjunto multisplit pared 3x1 Inverter que consiste en una unidad exterior de 5,2 kW de potencia frigorífica y de 6,8 kW en potencia calorífica y de tres unidades interiores, una de 3,5 kW de potencia y dos de 2,5 kW de potencia, que no necesitan instalarse en la misma estancia y se pueden controlar de manera individual. Cada una de ellas cuenta con un mando a distancia. Cuenta con una alta eficiencia energética de A+++ para la capacidad frigorífica y de A++ para la capacidad calorífica, los cuales derivan de los materiales y la calidad de los productos por los que está compuesto y a la inteligencia integrada que posee. Sus dimensiones compactas son de 286 mm x 770 mm x 225 mm para sus tres unidades interiores y de 734 mm x 958 mm x 320 mm para su unidad exterior. No se incluye mano de obra para montaje y puesta en marcha. Toda la maquinaria específica y los insumos necesarios para la instalación están incluidos en el precio.
A99: =1+A90 -> 8 | C99: CONJUNTO MAQUINARIA UNIDADADES DE CONDUCTOS
A100: 08.01 | B100: ud | C100: UNIDAD DE CONDUCTO ALTA PRESIÓN, DAIKIN MODELO: FXMQ125P7 o equivalente | D100: =+VLOOKUP(A100,BBDD!A:J,4,0) -> 2 | E100: =+VLOOKUP(A100,BBDD!A:J,10,0) -> 4022 | H100: =D100*F100 -> 0 | J100: =+D100*$F100/4 -> 0
C101: Unidad interior de aire acondicionado, para sistema VRV-IV (Volumen de Refrigerante Variable), de techo sin envolvente, de alta presión, modelo FXMQ125P7 "DAIKIN" o equivalente, para gas R-410A, alimentación monofásica (230V/50Hz), potencia frigorífica nominal 14 kW (temperatura de bulbo seco del aire interior 27°C, temperatura de bulbo húmedo del aire interior 19°C, temperatura de bulbo seco del aire exterior 35°C), potencia calorífica nominal 16 kW (temperatura de bulbo seco del aire interior 20°C, temperatura de bulbo seco del aire exterior 7°C), consumo eléctrico nominal en refrigeración 241 W, consumo eléctrico nominal en calefacción 229 W, presión sonora a velocidad baja 40 dBA, caudal de aire a velocidad alta 39 m³/min, de 300x1400x700 mm, peso 54 kg, con ventilador con regulación Inverter (la presión estática del ventilador se ajusta automáticamente a la pérdida de carga real en los conductos) y presión estática disponible de 100 a 200 Pa, válvula de expansión electrónica, bomba de drenaje, aspiración de aire trasera o inferior, bloque de terminales F1-F2 para cable de 2 hilos de transmisión y control (bus D-III Net) a unidad exterior, control por microprocesador y filtro de aire de succión, con control remoto multifunción, modelo Madoka BRC1H52W. Incluso elementos para suspensión del techo. No se incluye mano de obra para montaje y puesta en marcha. Toda la maquinaria específica y los insumos necesarios para la instalación están incluidos en el precio.
...

Sheet Oferta Lote 2
A1: LOTE 2: VALENCIA, MURCIA, BALEARES
A2: MC Mutual: Listado de partidas revestimientos, climatización y baja tensión
C3: CONCEPTO | D3: PRECIO PERIODO INICIAL
D4: (UN AÑO)
C5: ESTADO DE MEDICIONES VALORADO sin IVA | D5: =SUM(J10:J225) -> 0 | E5: ------------>
C6: I.V.A. (21 %) | D6: =+D5*0.21 -> 0 | F6: VALORES QUE SE DEBERÁN UTILIZAR PARA CUMPLIMENTAR EL FORMULARIO DE OFERTA ECONÓMICA
C7: TOTAL con I.V.A. | D7: =+D6+D5 -> 0
A9: Código | B9: Ud | C9: Resumen | D9: Consumo 4 años | E9: Precio unitario máximo (€) | F9: Valor unitario ofertado | H9: Precio total partida (4 AÑOS) | J9: Precio total partida (1 AÑO)
A10: 1 | C10: ALBAÑILERÍA, REVOCOS, ALICATADOS y PINTURA
A11: 01.01 | B11: ud | C11: REFUERZO DE PLADUR | D11: =+VLOOKUP(A11,BBDD!A:J,5,0) -> 68 | E11: =+VLOOKUP(A11,BBDD!A:J,10,0) -> 23 | H11: =D11*$F11 -> 0 | J11: =+D11*$F11/4 -> 0
C12: Suministro de refuerzo puntual de madera para estructura de tabique de cartón-yeso, destinado a la colocación de elementos suspendidos (pasamanos, accesorios minusválidos, televisión, etc.). Dimensiones de cada refuerzo: ancho entre perfiles y alto de unos 40 cm, replanteados según especificaciones de la propiedad. No incluye mano de obra. Incluye maquinaria específica y materiales necesarios para su instalación posterior
A13: 01.02 | B13: m2 | C13: ALICATADO CERÁMICO BLANCO 20x30cm | D13: =+VLOOKUP(A13,BBDD!A:J,5,0) -> 24.972222 | E13: =+VLOOKUP(A13,BBDD!A:J,10,0) -> 36 | H13: =D13*$F13 -> 0 | J13: =+D13*$F13/4 -> 0
C14: Suministro de paramento vertical interior a una altura <= 3 m con de plaqueta de semigrés de medidas 20x30 en color blanco mate, colocada en horizontal, con lechada de color blanco, colocadas con adhesivo para baldosa cerámica C2 TE (UNE-EN 12004) y rejuntado con lechada CG2 (UNE-EN 13888). Criterio de medición: En revestimiento de paramentos, con deducción de la superficie correspondiente a huecos de acuerdo con los criterios siguientes: - Huecos <= 1 m2: No se deducen - Huecos > 1 m2 y <= 2 m2: Se deduce el 50% - Huecos > 2 m2: Se deduce el 100% Los huecos que no se deduzcan, o que se deduzcan parcialmente, la medición incluye los trabajos de hacer los retornos, como jambas, dinteles, etc. En el caso que se deduzca el 100% del hueco, se deben medir también estos paramentos. En caso de exixtir alicatado en el paramentos , el nuevo será igual al existente. No incluye mano de obra. Toda la maquinaria específica y los insumos necesarios para la instalación están incluidos en el precio.
A15: 01.03 | B15: m2 | C15: ALICATADO MARMI CHINA PORCELANOSA 32x90cm | D15: =+VLOOKUP(A15,BBDD!A:J,5,0) -> 28.1875 | E15: =+VLOOKUP(A15,BBDD!A:J,10,0) -> 48 | H15: =D15*$F15 -> 0 | J15: =+D15*$F15/4 -> 0
C16: Suministro de alicatado de paramento vertical interior a una altura <= 3 m con baldosa de cerámica esmaltada mate, azulejo, grupo BIII (UNE-EN 14411), precio superior, de 1 a 5 piezas/m2 tipo ref. P3470131 de la serie Marmi China de PORCELANOSA con medidas de pieza 90x32cm colocadas en horizontal o equivalente colocadas con adhesivo para baldosa cerámica C2 TE (UNE-EN 12004) y rejuntado con lechada CG2 (UNE-EN 13888). Criterio de medición: En revestimiento de paramentos, con deducción de la superficie correspondiente a huecos de acuerdo con los criterios siguientes: - Huecos <= 1 m2: No se deducen - Huecos > 1 m2 y <= 2 m2: Se deduce el 50% - Huecos > 2 m2: Se deduce el 100% Los huecos que no se deduzcan, o que se deduzcan parcialmente, la medición incluye los trabajos de hacer los retornos, como jambas, dinteles, etc. En el caso que se deduzca el 100% del hueco, se deben medir también estos paramentos. No incluye mano de obra. Toda la maquinaria específica y los insumos necesarios para la instalación están incluidos en el precio.
A17: 01.04 | B17: m2 | C17: CHAPADO PARA FACHADA DE GRANITO | D17: =+VLOOKUP(A17,BBDD!A:J,5,0) -> 9 | E17: =+VLOOKUP(A17,BBDD!A:J,10,0) -> 89 | H17: =D17*$F17 -> 0 | J17: =+D17*$F17/4 -> 0
C18: Suministro de chapado con placas mecanizadas de granito Gris Quintana, acabado pulido, con medidas y despiece según piezas existentes, fijado con adhesivo cementoso mejorado, C2 TE, con deslizamiento reducido y tiempo abierto ampliado, gris, y grapas de anclaje de acero inoxidable; rejuntado con mortero de juntas cementoso, CG1, para junta mínima (entre 1,5 y 3 mm), con la misma tonalidad de las piezas. Criterio de medición: En revestimiento de paramentos, con deducción de la superficie correspondiente a huecos de acuerdo con los criterios siguientes: - Huecos <= 1 m2: No se deducen - Huecos > 1 m2 y <= 2 m2: Se deduce el 50% - Huecos > 2 m2: Se deduce el 100% Los huecos que no se deduzcan, o que se deduzcan parcialmente, la medición incluye los trabajos de hacer los retornos, como jambas, dinteles, etc. En el caso que se deduzca el 100% del hueco, se deben medir también estos paramentos. No incluye mano de obra. Toda la maquinaria específica y los insumos necesarios para la instalación están incluidos en el precio.
A19: 01.05 | B19: ud | C19: CANTONERA | D19: =+VLOOKUP(A19,BBDD!A:J,5,0) -> 9 | E19: =+VLOOKUP(A19,BBDD!A:J,10,0) -> 26 | H19: =D19*$F19 -> 0 | J19: =+D19*$F19/4 -> 0
C20: Suministro de perfil cantonera en sección en L de medidas 30x30mm, de 150cm de longitud de acero inoxidable mate, colocado a 20 cms del suelo. No incluye mano de obra. Toda la maquinaria específica y los insumos necesarios para la instalación están incluidos en el precio.
A21: 01.06 | B21: m2 | C21: REVESTIMIENTO VINÍLICO ACROVYN | D21: =+VLOOKUP(A21,BBDD!A:J,5,0) -> 7.9285714 | E21: =+VLOOKUP(A21,BBDD!A:J,10,0) -> 42 | H21: =D21*$F21 -> 0 | J21: =+D21*$F21/4 -> 0
C22: Suministro de revestimiento Vinílico rígido, de 1,5mm de espesor, modelo Acrovyn de la marca C-S Group o equivalente, colocado con adhesivo acrílico de dispersión acuosa y soldado en caliente con cordón celular de diámetro 4 mm. Tratamiento doblado en esquinas para evitar juntas en ellas. Montado a una altura de hasta 1,50 m de altura. Criterio de medición: m2 de superficie medida según las especificaciones del proyecto, con deducción de la superficie correspondiente a huecos, de acuerdo con los siguientes criterios: - Huecos <= 1 m2: No se deducen - Huecos > 1 m2: Se deduce el 100% Estos criterios incluyen el acabado específico de los encuentros con los bordes, sin que conlleve el uso de materiales diferentes de los que normalmente conforman la unidad. No incluye mano de obra. Toda la maquinaria específica y los insumos necesarios para la instalación están incluidos en el precio.
A23: 01.07 | B23: m2 | C23: PINTURA PLÁSTICA | D23: =+VLOOKUP(A23,BBDD!A:J,5,0) -> 243 | E23: =+VLOOKUP(A23,BBDD!A:J,10,0) -> 8 | H23: =D23*$F23 -> 0 | J23: =+D23*$F23/4 -> 0
C24: Pintado de paramento vertical/horizontal de yeso, con pintura plástica ecológica lavable, con acabado liso, con una capa selladora y dos de acabado. Color blanco o a elegir por la propiedad. Criterio de medición: con deducción de la superficie correspondiente a huecos de acuerdo con los criterios siguientes: - Huecos <= 4 m2: No se deducen - Huecos > 4 m: Se deduce el 100%Estos criterios incluyen la superficie de los paramentos laterales de la abertura en una profundidad de 30 cm, como máximo, excepto en el caso de las aberturas de más de 4,00 m2 en que esta superficie se medirá expresamente. Incluye la protección de elementos varios, encintado y tapado de agujeros existentes, así como la limpieza de los elementos que configuran la abertura, como los marcos que se hayan ensuciado. No incluye mano de obra. Toda la maquinaria específica y los insumos necesarios para la instalación están incluidos en el precio.
A25: 2 | C25: PAVIMENTOS, ZÓCALOS Y MÁRMOLES
A26: 02.01 | B26: m2 | C26: PARQUET SINTÉTICO AC6 USO INTENSO ROBLE CLARO | D26: =+VLOOKUP(A26,BBDD!A:J,5,0) -> 19 | E26: =+VLOOKUP(A26,BBDD!A:J,10,0) -> 80 | H26: =D26*$F26 -> 0 | J26: =+D26*$F26/4 -> 0
C27: Suministro de parquet flotante con tablas multicapa sintéticas para uso comercial elevado, resistencia AC6, de 1190 a 1800 mm de longitud, de 180 a 300 mm de ancho, 9,5 mm de espesor, con base de tablero de fibras de alta densidad, con unión a presión, colocado sobre lámina de polietileno expandido de 3 mm o PVC solapada 20cm. Marca Pergo Serie Public Extreme acabado Roble o equivalente Criterio de medición: m2 de superficie útil, con deducción de la superficie correspondiente a huecos, pilares o cerramientos de acuerdo con los siguientes criterios: - Huecos <= 1 m2: No se deducen - Huecos > 1 m2: Se deduce el 100% Estos criterios incluyen el acabado específico de los encuentros con los bordes, sin que conlleve el uso de materiales diferentes de los que normalmente conforman la unidad. No incluye mano de obra. Toda la maquinaria específica y los insumos necesarios para la instalación están incluidos en el precio.
A28: 02.02 | B28: m | C28: RODAPIÉ MADERA MISMO MODELO PARQUET SINTÉTICO | D28: =+VLOOKUP(A28,BBDD!A:J,5,0) -> 49 | E28: =+VLOOKUP(A28,BBDD!A:J,10,0) -> 9 | H28: =D28*$F28 -> 0 | J28: =+D28*$F28/4 -> 0
C29: Suministro de zócalo con el mismo acabado de madera barnizada exterior que el parquet con núcleo de MDF, marca PERGO Ref. PGPSKR01801, de 77 mm de altura, colocado con tacos de expansión y tornillos o equivalente. Corte a inglete en giros a 90º. Criterio de medición: m de longitud medida según las especificaciones del proyecto, con deducción de la longitud correspondiente a los huecos, de acuerdo con los siguientes criterios:- Huecos de ancho <= 1 m: Se deduce el 50% - Huecos de ancho > 1 m: Se deduce el 100% No incluye mano de obra. Toda la maquinaria específica y los insumos necesarios para la instalación están incluidos en el precio.
A30: 02.03 | B30: m2 | C30: PAVIMENTO PORCELÁNICO 60x60cm | D30: =+VLOOKUP(A30,BBDD!A:J,5,0) -> 61 | E30: =+VLOOKUP(A30,BBDD!A:J,10,0) -> 35 | H30: =D30*$F30 -> 0 | J30: =+D30*$F30/4 -> 0
C31: Suministro de pavimento interior, de baldosa de gres porcelanico, de forma cuadrada de 60x60, colocadas con adhesivo para baldosa cerámica C2 (UNE-EN 12004), con junta de 2mm y rejuntado con lechada CG2 tipo ref. B21502016 de la serie Materiales para juntas de BUTECH o equivalente (UNE-EN 13888) o lechada de látex color gris oscuro. Marca MARAZZI, modelo EVOLUTION STONE SERENA o equivalente. No incluye mano de obra. Toda la maquinaria específica y los insumos necesarios para la instalación están incluidos en el precio.
A32: 02.04 | B32: m | C32: ZÓCALO BALDOSA GRES PORCELÁNICO | D32: =+VLOOKUP(A32,BBDD!A:J,5,0) -> 33 | E32: =+VLOOKUP(A32,BBDD!A:J,10,0) -> 9 | H32: =D32*$F32 -> 0 | J32: =+D32*$F32/4 -> 0
C33: Zócalo de baldosa de gres porcelánico del mismo material que el pavimento, de 9 cm de altura, tomado con adhesivo para baldosa cerámica C2 TE (UNE-EN 12004) haciendo coincidir juntas con las del pavimento y rejuntado con lechada CG2 (UNE-EN 13888) tipo ref. B21502016 de la serie Materiales para juntas de BUTECH o equivalente o lechada de látex en color gris oscuro. Corte a inglete en giros a 90º. Criterio de medición: m de longitud medida según las especificaciones del proyecto, con deducción de la longitud correspondiente a los huecos, de acuerdo con los siguientes criterios:- Huecos de ancho <= 1 m: Se deduce el 50%. - Huecos de ancho > 1 m: Se deduce el 100%. No incluye mano de obra. Toda la maquinaria específica y los insumos necesarios para la instalación están incluidos en el precio.
A34: 02.05 | B34: m2 | C34: FELPUDO DE ALUMINIO Y MOQUETA | D34: =+VLOOKUP(A34,BBDD!A:J,5,0) -> 8.75 | E34: =+VLOOKUP(A34,BBDD!A:J,10,0) -> 280 | H34: =D34*$F34 -> 0 | J34: =+D34*$F34/4 -> 0
C35: Suministro de felpudo de lamas de aluminio y moqueta de alta absorción de humedad, con bisagras de poliamida para hacerlo enrollable, de la casa Futura, serie Expert ó equivalente, de 17mm de espesor, color de moqueta gris oscuro, con pedido a fabrica a medida y colocado en hueco previsto. No incluye mano de obra. Toda la maquinaria específica y los insumos necesarios para la instalación están incluidos en el precio.
A36: 02.06 | B36: m2 | C36: FELPUDO DE COCO | D36: =+VLOOKUP(A36,BBDD!A:J,5,0) -> 13 | E36: =+VLOOKUP(A36,BBDD!A:J,10,0) -> 29 | H36: =D36*$F36 -> 0 | J36: =+D36*$F36/4 -> 0
C37: Suministro de felpudo con base de PVC de alta resistencia y composición de 100% fibra de coco vegetal, con espesor total 20mm, en color gris antracita. No incluye mano de obra. Toda la maquinaria específica y los insumos necesarios para la instalación están incluidos en el precio.
A38: 3 | C38: YESERIA Y FALSOS TECHOS
A39: 03.01 | B39: m2 | C39: F. TECHO 60x60cm DE FIBRAS MINERALES | D39: =+VLOOKUP(A39,BBDD!A:J,5,0) -> 14.34375 | E39: =+VLOOKUP(A39,BBDD!A:J,10,0) -> 32 | H39: =D39*$F39 -> 0 | J39: =+D39*$F39/4 -> 0
C40: Sumistro de falso techo de placas de fibras minerales con revestimiento exterior pintura fungicida, de 600x600 mm y 15 mm de espesor, tipo ref. 2224M de la serie Específicos de ARMSTRONG BIOGUARD PLAIN o equivalente acabado superficial liso, con canto rebajado, con clase de absorción acústica C según UNE-EN ISO 11654 y reacción al fuego, colocado con estructura de aluminio lacada en blanco, formada por perfiles principales tipo forma de T invertida de 15 mm de base cada 1,2 m fijados al techo mediante varilla de suspensión cada 1,2 m y con perfiles secundarios colocados formando retícula, para una altura de falso techo de 4 m como máximo. Perfiles perimetrales de 24mm de base para mejor soporte. Incluye la formación de huecos para la instalación de los elementos que sean necesarios: altavoces, luminarias, instalación incendios, instalación climatización,... Criterio de medición: m2 de superficie medida de acuerdo a las especificaciones de la DT. Con deducción de la superficie correspondiente a huecos, de acuerdo con los criterios siguientes:- Huecos <= 1 m2: No se deducirán - Huecos > 1 m2: Se deduce el 100% Estos criterios incluyen el acabado específico de los acuerdos con los bordes, sin que comporte el uso de materiales diferentes de aquellos que normalmente conforman la unidad. No incluye mano de obra. Toda la maquinaria específica y los insumos necesarios para la instalación están incluidos en el precio.
A41: 03.02 | B41: m2 | C41: FALSO TECHO METÁLICO 60x60cm MICROPERFORADO | D41: =+VLOOKUP(A41,BBDD!A:J,5,0) -> 38.125 | E41: =+VLOOKUP(A41,BBDD!A:J,10,0) -> 40 | H41: =D41*$F41 -> 0 | J41: =+D41*$F41/4 -> 0
C42: Suministro de falso techo de placas de acero galvanizado, de 600x600 mm y 0,5 mm de espesor con 5 mm de descuelgue, tipo ref. BANDEJA PARMA T15 de la marca THU o equivalente acabado superficial liso, con perforaciones de 1,5mm de diámetro, con canto recto tipo V8, con clase de absorción acústica C según UNE-EN ISO 11654 y reacción al fuego, colocado con estructura de aluminio lacada en blanco, formada por perfiles principales tipo forma de T invertida de 15 mm de base cada 1,2 m fijados al techo mediante varilla de suspensión cada 1,2 m y con perfiles secundarios colocados formando retícula, para una altura de falso techo de 4 m como máximo. Perfiles perimetrales de 24mm de base para mejor soporte. Incluye la formación de huecos para la instalación de los elementos que sean necesarios: altavoces, luminarias, instalación incendios, instalación climatización,... Criterio de medición: m2 de superficie medida de acuerdo a las especificaciones de la DT. Con deducción de la superficie correspondiente a huecos, de acuerdo con los criterios siguientes:- Huecos <= 1 m2: No se deducirán - Huecos > 1 m2: Se deduce el 100%Estos criterios incluyen el acabado específico de los acuerdos con los bordes, sin que comporte el uso de materiales diferentes de aquellos que normalmente conforman la unidad. No incluye mano de obra. Toda la maquinaria específica y los insumos necesarios para la instalación están incluidos en el precio.
A43: 03.03 | B43: m2 | C43: FALSO TECHO ACABADO VINÍLICO 60x60cm | D43: =+VLOOKUP(A43,BBDD!A:J,5,0) -> 23.233333 | E43: =+VLOOKUP(A43,BBDD!A:J,10,0) -> 30 | H43: =D43*$F43 -> 0 | J43: =+D43*$F43/4 -> 0
C44: Sumistro de falso techo registrable vinílico, color blanco nueve, con canto recto, de 600x 600 mm y 14 a 17 mm de espesor clase de absorción acústica A según UNE-EN ISO 11654, resistencia a la humedad 95% y reacción al fuego A1, colocado con estructura de aluminio vista , formada por perfiles principales en forma de T invertida de 25 mm de base cada 1,2 m para fijar en el techo mediante varilla de suspensión cada 1,2 m, y perfiles secundarios formando retícula , para una altura de falso techo de 4 m como máximo. Incluye la formación de huecos para la instalación de los elementos que sean necesarios: altavoces, luminarias, instalación incendios, instalación climatización,... Criterio de medición: m2 de superficie medida de acuerdo a las especificaciones de la DT.Con deducción de la superficie correspondiente a huecos, de acuerdo con los criterios siguientes:- Huecos <= 1 m2: No se deducirán - Huecos > 1 m2: Se deduce el 100%Estos criterios incluyen el acabado específico de los acuerdos con los bordes, sin que comporte el uso de materiales diferentes de aquellos que normalmente conforman la unidad. Inckuye parte proporcional de recorts para la instalación de rejas, focos, etc. No incluye mano de obra. Toda la maquinaria específica y los insumos necesarios para la instalación están incluidos en el precio.
A45: 03.04 | B45: m2 | C45: FALSO TECHO CONTINUO YESO LAMINADO PLACA 12,5mm | D45: =+VLOOKUP(A45,BBDD!A:J,5,0) -> 30.066667 | E45: =+VLOOKUP(A45,BBDD!A:J,10,0) -> 30 | H45: =D45*F45 -> 0 | J45: =+D45*$F45/4 -> 0
C46: Sumistro de falso techo continuo de placas de yeso laminado tipo estándar (A) en formación de fajas perimetrales y techos contínuos, para pintar, de 12,5 mm de espesor y borde afinado (BA), entramado de acero galvanizado formado por perfiles principales colocados cada 1000 mm y perfiles secundarios colocados cada 600 mm fijados al techo mediante varilla de suspensión cada 1,2 m , para una altura de falso techo de 4 m como máximo. Incluso tabica para faja perimetral de falso techo registrable. Incluye el encintado, enmasillado y lijado listo y preparado para pintar. Incluye la formación de huecos para la instalación de los elementos que sean necesarios: altavoces, luminarias, instalación incendios, instalación climatización,... Criterio de medición: m2 de superficie real medida de acuerdo a las medidas reales de obra, segun especificaciones de la DT. Las fajas perimetrales se contarán por m2, teniendo en cuenta el ancho de las mismas por múltiplos de 50cm, al mayor. No incluye mano de obra. Toda la maquinaria específica y los insumos necesarios para la instalación están incluidos en el precio.
A47: 03.05 | B47: ud | C47: REGISTRO FALSO TECHO CONTINUO YESO LAMINADO | D47: =+VLOOKUP(A47,BBDD!A:J,5,0) -> 14 | E47: =+VLOOKUP(A47,BBDD!A:J,10,0) -> 95 | H47: =D47*F47 -> 0 | J47: =+D47*$F47/4 -> 0
C48: Sumistro de trampilla de registro gama Básica, de medidas 600x600 mm, formada por marco de aluminio y puerta de placa de yeso laminado, de 12,5 mm de espesor, para falso techo continuo de placas de yeso laminado. Incluso accesorios de montaje. No incluye mano de obra. Toda la maquinaria específica y los insumos necesarios para la instalación están incluidos en el precio.
A49: 4 | C49: MARMOLISTERIA, MUEBLES, FONTANERIA Y ACCESORIOS
A50: 04.01 | B50: m2 | C50: ENCIMERA SILESTONE BLANCO NORTE Y PETO VERTICAL | D50: =+VLOOKUP(A50,BBDD!A:J,5,0) -> 4 | E50: =+VLOOKUP(A50,BBDD!A:J,10,0) -> 390 | H50: =D50*$F50 -> 0 | J50: =+D50*$F50/4 -> 0
C51: Sumistro de encimera de Silestone blanco Norte o equivalente, de 20 mm de espesor, colocado sobre mueble. Peto superior frontal y lateral de 40cm de altura con 10mm de espesor y siliconado en las juntas, con canto de pico de gorrión. Se incluye formación de agujeros para encaste fregadero y griferia. Criterio de medición: m2 de superficie real medida según las especificaciones de la DT. Este criterio incluye el acabado específico de los bordes y el encuentro con los paramentos. No incluye mano de obra. Toda la maquinaria específica y los insumos necesarios para la instalación están incluidos en el precio.
A52: 04.02 | B52: m2 | C52: PANELADO FORMICA MADERA SALAS ESPERA | D52: =+VLOOKUP(A52,BBDD!A:J,5,0) -> 23 | E52: =+VLOOKUP(A52,BBDD!A:J,10,0) -> 103 | H52: =D52*F52 -> 0 | J52: =+D52*$F52/4 -> 0
C53: Suministro de aplacado de pared con paneles chapados en Formica de cuatro acabados diferentes: K1097 (gris oscuro), K1301 (color crema), F7927 (gris claro) y F2296 (blanco) ó equivalente, en delgas verticales de 4 anchos diferentes combinados de 15, 30, 60 o 90 cms con pieza especial de remate, y altura media de 130 cms, apoyado sobre zócalo de gres, con entrega de junta a testa y cantos postformados del mismo material o perfil de aluminio superior y lateral de remate, colocado sobre base de rastreles de madera de pino basto. Se incluyen remates canto pilastra y finales. No incluye mano de obra. Toda la maquinaria específica y los insumos necesarios para la instalación están incluidos en el precio.
A54: 04.03 | B54: ml | C54: MUEBLES BAJO BANCADA | D54: =+VLOOKUP(A54,BBDD!A:J,5,0) -> 7 | E54: =+VLOOKUP(A54,BBDD!A:J,10,0) -> 216 | H54: =D54*F54 -> 0 | J54: =+D54*$F54/4 -> 0
C55: Suministro de mueble bajo bancada acabado fórmica (color a escoger por MC Mutual) con distribución según medidas formado por módulos de puerta batiente con balda interior, y módulos de cajones con zócalo de aluminio de 88 mm de altura. Para recibir encimera de silestone blanca con zócalo de respeto de 30 cm, y los encastados de lavamanos y/o fregaderos. Cada mueble incluirá un módulo de 4 cajones. Se incluye tiradores en acero inoxidable mate en forma de "U" JNF modelo IN.22.202 de 16,8 cms y 8 mm. de diámetro o equivalente, con bisagras y complementos con cantos verticales, tanto puertas como cajones con acabado en canto marino. Formación mínima de mueble de 2 módulos. No incluye mano de obra. Toda la maquinaria específica y los insumos necesarios para la instalación están incluidos en el precio.
A56: 04.04 | B56: ud | C56: CONJUNTO PUESTO DE TRABAJO PARED 6 modulos | D56: =+VLOOKUP(A56,BBDD!A:J,5,0) -> 5 | E56: =+VLOOKUP(A56,BBDD!A:J,10,0) -> 212 | H56: =D56*F56 -> 0 | J56: =+D56*$F56/4 -> 0
C57: Suministro de caja de empotrar de 6 módulos, con 4 tomas de corriente rojas Sai, 2 tomas de corriente blanca normales, magnetotérmico t/corriente Sai, piloto de señalización, 1 módulos con 2 tomas de datos (conectores RJ45), línea de suministro normal, línea de suministro Sai y canalización para paso de cables de datos con cable guía hasta bandeja de distribución. No incluye mano de obra. Toda la maquinaria específica y los insumos necesarios para la instalación están incluidos en el precio.
A58: 04.05 | B58: ud | C58: S/I CONJUNTO PUESTO DE TRABAJO PARED 2 modulos | D58: =+VLOOKUP(A58,BBDD!A:J,5,0) -> 7 | E58: =+VLOOKUP(A58,BBDD!A:J,10,0) -> 141 | H58: =D58*F58 -> 0 | J58: =+D58*$F58/4 -> 0
C59: Caja de empotrar de 2 módulos, con 2 tomas de corriente rojas Sai, piloto de señalización, un módulo datos, línea de suministro Sai y canalización para paso de cables de datos con cable guía hasta bandeja de distribución. No incluye mano de obra. Toda la maquinaria específica y los insumos necesarios para la instalación están incluidos en el precio.
A60: 04.06 | B60: ud | C60: S/I CONJUNTO PUESTO DE TRABAJO SUELO | D60: =+VLOOKUP(A60,BBDD!A:J,5,0) -> 4 | E60: =+VLOOKUP(A60,BBDD!A:J,10,0) -> 121 | H60: =D60*F60 -> 0 | J60: =+D60*$F60/4 -> 0
C61: Suministro de torreta suelo (UNEX o equivalente) de 6 módulos, con 4 tomas de corriente rojas Sai, 2 tomas de corriente blanca normales, magnetotérmico t/corriente Sai, piloto de señalización, 1 módulos con 2 tomas de datos (conectores RJ45), línea de suministro normal, línea de suministro Sai y canalización para paso de cables de datos con cable guía hasta bandeja de distribución. No incluye mano de obra. Toda la maquinaria específica y los insumos necesarios para la instalación están incluidos en el precio.
A62: 04.07 | B62: m | C62: PASAMANOS ACERO INOXIDABLE DE Ø43mm | D62: =+VLOOKUP(A62,BBDD!A:J,5,0) -> 17 | E62: =+VLOOKUP(A62,BBDD!A:J,10,0) -> 15 | H62: =D62*F62 -> 0 | J62: =+D62*$F62/4 -> 0
C63: Suministro de pasamanos recto formado por tubo hueco de acero inoxidable AISI 304, acabado pulido brillante, de 43 mm de diámetro, con soportes del mismo material fijados al paramento mediante anclaje mecánico con tacos de nylon y tornillos de acero galvanizado. Incluye todos los elementos y refuerzos necesarios en el paramento para asegurar su correcta colocación y la solidez del apoyo y uso del pasamanos. No incluye mano de obra. Toda la maquinaria específica y los insumos necesarios para la instalación están incluidos en el precio.
A64: 04.08 | B64: ud | C64: LAVABO MURAL | D64: =+VLOOKUP(A64,BBDD!A:J,5,0) -> 2 | E64: =+VLOOKUP(A64,BBDD!A:J,10,0) -> 99 | H64: =D64*F64 -> 0 | J64: =+D64*$F64/4 -> 0
C65: Suministro de lavabo mural de porcelana esmaltada modelo Merididian de Roca sin pedestal (mod. 325242000) o equivalente, sencillo, de 600x460x150 o equivalente, de color blanco y precio superior, colocado con soportes murales. No incluye mano de obra. Toda la maquinaria específica y los insumos necesarios para la instalación están incluidos en el precio.
A66: 04.09 | B66: ud | C66: GRIFO MONOMANDO PARA LAVABO | D66: =+VLOOKUP(A66,BBDD!A:J,5,0) -> 2 | E66: =+VLOOKUP(A66,BBDD!A:J,10,0) -> 90 | H66: =D66*F66 -> 0 | J66: =+D66*$F66/4 -> 0
C67: Suministro y colocación de grifo monomando para lavabo, marca Tres de la serie Ecotres ref.17510402 o equivalente, montado superficialmente sobre encimera o aparato sanitario, de latón cromado, precio alto, con desagüe mecánico incorporado con salida de 1´´1/4, con dos entradas de manguitos. Aireador incorporado, sifón cromado. Manecilla de apertura de agua fría en posición normal. No incluye mano de obra. Toda la maquinaria específica y los insumos necesarios para la instalación están incluidos en el precio.
A68: 04.10 | C68: INODORO VERT./HORIZ. TANQUE BAJO | D68: =+VLOOKUP(A68,BBDD!A:J,5,0) -> 0.5 | E68: =+VLOOKUP(A68,BBDD!A:J,10,0) -> 400 | H68: =D68*F68 -> 0 | J68: =+D68*$F68/4 -> 0
C69: Suministro de inodoro de tanque bajo con asiento y tapa lacados, SQUARE de color Blanco, ref. A341470000 de la serie THE GAP de ROCA SANITARIO o equivalente. No incluye mano de obra. Toda la maquinaria específica y los insumos necesarios para la instalación están incluidos en el precio.
A70: 5 | C70: PUERTAS Y CORTINAS
A71: 05.01 | B71: ud | C71: PUERTA AUTÓMATICA 1 HOJA | D71: =+VLOOKUP(A71,BBDD!A:J,5,0) -> 2 | E71: =+VLOOKUP(A71,BBDD!A:J,10,0) -> 4800 | H71: =D71*F71 -> 0 | J71: =+D71*$F71/4 -> 0
C72: Suministro de puerta corredera de abertura automática, de una hoja de 140x250 cm, vidrio lateral fijo 136x174 cm y tarja superior fija de 286x82 cm. Puerta corredera con vidrios laminares 5+5 mm, con perfil superior e inferior de aluminio, dintel con mecanismos y tapa de aluminio, 2 radares detectores de presencia, 1 célula fotoeléctrica de seguridad y cuadro de mando de 4 posiciones. Incluye 10 copias de mandos a distancia . Carpinterías fijas con perfilería de aluminio vista SOLEAL FY 65 con rotura de puente térmico, de Technal o equivalente lacada en RAL 9007. Vidrio transparente 55.2SR guardian sun-24 gas-55.1. Composición:5+5+24 argon+5+5. Uvidrio: 1,1 W/m2k. Incluye premarco metálico para fijación a la obra, montantes de perfilería de aluminio entre las carpinterias con el mismo color, accesorios de montaje, perfiles de remate, silicona incolora para sellado de juntas y cualquier material auxiliar necesario para su perfecto montaje. Incluye carpinteria de cierre y conexión a central de incendios. Incluye 10 copias de mandos a distancia. Incluye rematería. No se incluye mano de obra para montaje y puesta en marcha. Toda la maquinaria específica y los insumos necesarios para la instalación están incluidos en el precio.
A73: 05.02 | B73: ud | C73: PUERTA AUTÓMATICA 2 HOJAS | D73: =+VLOOKUP(A73,BBDD!A:J,5,0) -> 3 | E73: =+VLOOKUP(A73,BBDD!A:J,10,0) -> 5200 | H73: =D73*F73 -> 0 | J73: =+D73*$F73/4 -> 0
C74: Suministro de puerta corredera de abertura automática, de dos hojas de 80x260 cm, y 2 vidrios laterales fijos de 80x260 cm, con vidrios laminares 5+5 mm con perfil superior e inferior de aluminio, dintel con mecanismos y tapa de aluminio, 2 radares detectores de presencia, 1 célula fotoeléctrica de seguridad y cuadro de mando de 4 posiciones. Incluye premarco metálico para fijación a la obra, montantes de perfilería de aluminio entre las carpinterias con el mismo color, accesorios de montaje, perfiles de remate, silicona incolora para sellado de juntas y cualquier material auxiliar necesario para su perfecto montaje. Incluye carpinteria de cierre y conexión a central de incendios. Incluye 10 copias de mandos a distancia. Incluye rematería. No se incluye mano de obra para montaje y puesta en marcha. Toda la maquinaria específica y los insumos necesarios para la instalación están incluidos en el precio.
A75: 05.03 | B75: m2 | C75: CORTINA ENROLLABLE MATERIAL RECICLADO | D75: =+VLOOKUP(A75,BBDD!A:J,5,0) -> 17 | E75: =+VLOOKUP(A75,BBDD!A:J,10,0) -> 70 | H75: =D75*F75 -> 0 | J75: =+D75*$F75/4 -> 0
C76: Suministro de cortina enrollable con material 100% reciclado PET botellas y cara exterior metalizada de la marca Kortilux modelo Zilario GREEN metal 2145 o equivalente, en color gris con gramaje hasta 215gr/m2 y apertura de la misma entra el 3 y 10%, con accionamiento a motor, con motor mecánico tubular con cabeza redonda Murtra con mínima emisión de ruido, 40 vueltas máximo y alimentación 230v dejada en punto de conexión por la propiedad (consumo 90w), tubo enrollable de 43/58mm en aluminio y contrapeso. Para medidas superiores a 2,50m altura y 2,0m ancho. No se incluye mano de obra para montaje y puesta en marcha. Toda la maquinaria específica y los insumos necesarios para la instalación están incluidos en el precio.
A77: 05.04 | B77: ud | C77: MOTORIZADO DE CORTINA ENROLLABLE | D77: =+VLOOKUP(A77,BBDD!A:J,5,0) -> 1 | E77: =+VLOOKUP(A77,BBDD!A:J,10,0) -> 114 | H77: =D77*F77 -> 0 | J77: =+D77*$F77/4 -> 0
C78: Suministro de motor electrónico via radio tubular con cabeza redonda Murtra con mínima emisión de ruido, 160 vueltas máximo y alimentación 230v dejada en punto de conexión por la propiedad (consumo 137w), montado en tubo enrollable de 43/58mm en aluminio y contrapeso.. Para cortinas de medidas superiores a 2,50m altura y 2,0m ancho. No se incluye mano de obra para montaje y puesta en marcha. Toda la maquinaria específica y los insumos necesarios para la instalación están incluidos en el precio.
A79: 05.05 | B79: m2 | C79: CORTINA LAMAS | D79: =+VLOOKUP(A79,BBDD!A:J,5,0) -> 2.3125 | E79: =+VLOOKUP(A79,BBDD!A:J,10,0) -> 160 | H79: =D79*F79 -> 0 | J79: =+D79*$F79/4 -> 0
C80: Suministro de cortina vertical accionada mediante cordón y cadena para desplazamiento con tejido de fibra de vidrio y PVC de la marca Kortilux modelo S o M o equivalente, con ancho de lama de 89mm, en color gris perla con gramaje hasta 420gr/m2 y apertura de la misma entra el 10 y 1%, con riel superior de aluminio lacado en blanco o plata, y desplazamiento de lamas con distanciadores cortados a medida.. Para medidas superiores a 2,50m altura y 1,50m ancho. No incluye mano de obra. Toda la maquinaria específica y los insumos necesarios para la instalación están incluidos en el precio.
A81: 05.06 | B81: ud | C81: CORTINA BOX ELECTROTERAPIA | D81: =+VLOOKUP(A81,BBDD!A:J,5,0) -> 1 | E81: =+VLOOKUP(A81,BBDD!A:J,10,0) -> 372 | H81: =D81*F81 -> 0 | J81: =+D81*$F81/4 -> 0
C82: Suministro de cortina textil modelo AAA3 Mc-Mutual de KORTILUX con sistema de accionamiento manual del tejido. Confección del tejido a ondas con cinta marca Murtra. Tejido confeccionado modelo Loneta Ignífuga con aplicaciones en color Gris oscuro para su movimiento. Peso de 103 g/m2 e ignífuga C1 según norma UNE 13773:2003. Para medidas superiores a 2,50m altura y 1,50m ancho. No incluye mano de obra. Toda la maquinaria específica y los insumos necesarios para la instalación están incluidos en el precio.
A83: 6 | C83: PROTECCIÓN CONTRA INCENDIO
A84: 06.01 | B84: ud | C84: SENSOR TÉRMICO | D84: =+VLOOKUP(A84,BBDD!A:J,5,0) -> 9 | E84: =+VLOOKUP(A84,BBDD!A:J,10,0) -> 41 | H84: =D84*F84 -> 0 | J84: =+D84*$F84/4 -> 0
C85: Suministro de Sensor dual óptico/térmico para instalación contra incendios analógica, según norma UNE-EN 54-5/A1 y UNE-EN 54-7, con base de empotrar, empotrado. Marca Notifier I Honeywell o equivalente- No incluye mano de obra. Toda la maquinaria específica y los insumos necesarios para la instalación están incluidos en el precio.
A86: 06.02 | B86: ud | C86: PULS. ALARMA DE FUEGO | D86: =+VLOOKUP(A86,BBDD!A:J,5,0) -> 1 | E86: =+VLOOKUP(A86,BBDD!A:J,10,0) -> 266 | H86: =D86*F86 -> 0 | J86: =+D86*$F86/4 -> 0
C87: Pulsador de alarma de fuego, color rojo, con microrruptor, led de alarma, sistema de comprobación con llave de rearme y lámina de plástico calibradapara que se enclave y no rompa. Ubicado en caja de 95x95x35 mm. No incluye mano de obra. Toda la maquinaria específica y los insumos necesarios para la instalación están incluidos en el precio.
A88: 06.03 | B88: ud | C88: EXTINTOR 5KG POLVO | D88: =+VLOOKUP(A88,BBDD!A:J,5,0) -> 5 | E88: =+VLOOKUP(A88,BBDD!A:J,10,0) -> 42 | H88: =D88*F88 -> 0 | J88: =+D88*$F88/4 -> 0
C89: Suministro de extintor homologado de 5 K. No incluye mano de obra. Toda la maquinaria específica y los insumos necesarios para la instalación están incluidos en el precio.
A90: 7 | C90: CONJUNTO MAQUINARIA EQUIPOS PARED
A91: 07.01 | B91: ud | C91: CONJUNTO SPLIT DE PARED, DAKIN MODELO INT: FTXM20R, EXT: RXM20R9, o equivalente | D91: =+VLOOKUP(A91,BBDD!A:J,5,0) -> 1 | E91: =+VLOOKUP(A91,BBDD!A:J,10,0) -> 1933 | H91: =D91*$F91 -> 0 | J91: =+D91*$F91/4 -> 0
C92: CONJUNTO SPLIT DE PARED, DAKIN MODELO INT: FTXM20R, EXT: RXM20R9, o equivalente, para sistema VRV-IV (Volumen de Refrigerante Variable), para gas R-32/R-410A, alimentación monofásica (230V/50Hz), potencia frigorífica nominal 2 kW (temperatura de bulbo seco del aire interior 27°C, temperatura de bulbo húmedo del aire interior 19°C, temperatura de bulbo seco del aire exterior 35°C), potencia calorífica nominal 2,5 kW (temperatura de bulbo seco del aire interior 20°C, temperatura de bulbo seco del aire exterior 7°C), presión sonora a velocidad media 25 dBA, caudal de aire a velocidad media 5,7 m³/min, dimensiones 295x778x295 mm, peso 10 kg, con adaptador con comunicación vía Wi-Fi para control desde un smartphone o tablet, caja de distribución para conexión de unidades interiores de aire acondicionado de la gama doméstica a unidades exteriores VRV-IV+ y VRV-IV W+, modelo BPMKS967A2, con control remoto por cable, modelo BRC073 y cable de conexión para control remoto, modelo BRCW901A03. No se incluye mano de obra para montaje y puesta en marcha. Toda la maquinaria específica y los insumos necesarios para la instalación están incluidos en el precio.
A93: 07.02 | B93: ud | C93: CONJUNTO SPLIT DE PARED, DAKIN MODELO INT: FTXM60R, EXT: RXM60R9, o equivalente | D93: =+VLOOKUP(A93,BBDD!A:J,5,0) -> 1 | E93: =+VLOOKUP(A93,BBDD!A:J,10,0) -> 3630 | H93: =D93*F93 -> 0 | J93: =+D93*$F93/4 -> 0
C94: CONJUNTO SPLIT DE PARED, DAKIN MODELO INT: FTXM60R, EXT: RXM60R9, o equivalente, para sistema VRV-IV (Volumen de Refrigerante Variable), para gas R-32/R-410A, alimentación monofásica (230V/50Hz), potencia frigorífica nominal 6 kW (temperatura de bulbo seco del aire interior 27°C, temperatura de bulbo húmedo del aire interior 19°C, temperatura de bulbo seco del aire exterior 35°C), potencia calorífica nominal 7 kW (temperatura de bulbo seco del aire interior 20°C, temperatura de bulbo seco del aire exterior 7°C), presión sonora a velocidad media 37 dBA, caudal de aire a velocidad media 11,8 m³/min, dimensiones 299x998x299 mm, peso 14,5 kg, con adaptador con comunicación vía Wi-Fi para control desde un smartphone o tablet, caja de distribución para conexión de unidades interiores de aire acondicionado de la gama doméstica a unidades exteriores VRV-IV+ y VRV-IV W+, modelo BPMKS967A2, con control remoto por cable, modelo BRC073 y cable de conexión para control remoto, modelo BRCW901A03. No se incluye mano de obra para montaje y puesta en marcha. Toda la maquinaria específica y los insumos necesarios para la instalación están incluidos en el precio.
A95: 07.03 | C95: CONJUNTO 2X1 MARCA DAIKIN 2MXP40M1, o equivalente | D95: =+VLOOKUP(A95,BBDD!A:J,5,0) -> 1 | E95: =+VLOOKUP(A95,BBDD!A:J,10,0) -> 2917 | H95: =D95*F95 -> 0 | J95: =+D95*$F95/4 -> 0
C96: Aire acondicionado 2x1 Daikin 2MXP40M1, o equivalente, es un conjunto multi split pared 2x1 con unidad exterior (2MXM40N) de 4 kW de potencia frigorífica y de 4,2 kw de potencia calorífica. Este equipo consta con 2 unidades interiores, una de 3,5 kW (FTXP35M9) de potencia y otra de 2,5 kW (FTXP25M9) de potencia. Estas 2 unidades interiores cuentan con un mando a distancia para cada unidad, las que se pueden usar según como requiera el usuario. Sus dimensiones compactas son de 286 mm x 770 mm x 225 mm para sus dos unidades interiores y de 550 mm x 765 mm x 285 mm para su unidad exterior. No se incluye mano de obra para montaje y puesta en marcha. Toda la maquinaria específica y los insumos necesarios para la instalación están incluidos en el precio.
A97: 07.04 | C97: CONJUNTO 3X1 MARCA DAIKIN 3MXP52M2, o equivalente | D97: =+VLOOKUP(A97,BBDD!A:J,5,0) -> 1 | E97: =+VLOOKUP(A97,BBDD!A:J,10,0) -> 4105 | H97: =D97*F97 -> 0 | J97: =+D97*$F97/4 -> 0
C98: Aire acondicionado DAIKIN Comfora MULTI R-32 Inverter 3x1 3MXP52M2 (35+25+25), es un conjunto multisplit pared 3x1 Inverter que consiste en una unidad exterior de 5,2 kW de potencia frigorífica y de 6,8 kW en potencia calorífica y de tres unidades interiores, una de 3,5 kW de potencia y dos de 2,5 kW de potencia, que no necesitan instalarse en la misma estancia y se pueden controlar de manera individual. Cada una de ellas cuenta con un mando a distancia. Cuenta con una alta eficiencia energética de A+++ para la capacidad frigorífica y de A++ para la capacidad calorífica, los cuales derivan de los materiales y la calidad de los productos por los que está compuesto y a la inteligencia integrada que posee. Sus dimensiones compactas son de 286 mm x 770 mm x 225 mm para sus tres unidades interiores y de 734 mm x 958 mm x 320 mm para su unidad exterior. No se incluye mano de obra para montaje y puesta en marcha. Toda la maquinaria específica y los insumos necesarios para la instalación están incluidos en el precio.
A99: =1+A90 -> 8 | C99: CONJUNTO MAQUINARIA UNIDADADES DE CONDUCTOS
A100: 08.01 | B100: ud | C100: UNIDAD DE CONDUCTO ALTA PRESIÓN, DAIKIN MODELO: FXMQ125P7 o equivalente | D100: =+VLOOKUP(A100,BBDD!A:J,5,0) -> 1 | E100: =+VLOOKUP(A100,BBDD!A:J,10,0) -> 4022 | H100: =D100*F100 -> 0 | J100: =+D100*$F100/4 -> 0
C101: Unidad interior de aire acondicionado, para sistema VRV-IV (Volumen de Refrigerante Variable), de techo sin envolvente, de alta presión, modelo FXMQ125P7 "DAIKIN" o equivalente, para gas R-410A, alimentación monofásica (230V/50Hz), potencia frigorífica nominal 14 kW (temperatura de bulbo seco del aire interior 27°C, temperatura de bulbo húmedo del aire interior 19°C, temperatura de bulbo seco del aire exterior 35°C), potencia calorífica nominal 16 kW (temperatura de bulbo seco del aire interior 20°C, temperatura de bulbo seco del aire exterior 7°C), consumo eléctrico nominal en refrigeración 241 W, consumo eléctrico nominal en calefacción 229 W, presión sonora a velocidad baja 40 dBA, caudal de aire a velocidad alta 39 m³/min, de 300x1400x700 mm, peso 54 kg, con ventilador con regulación Inverter (la presión estática del ventilador se ajusta automáticamente a la pérdida de carga real en los conductos) y presión estática disponible de 100 a 200 Pa, válvula de expansión electrónica, bomba de drenaje, aspiración de aire trasera o inferior, bloque de terminales F1-F2 para cable de 2 hilos de transmisión y control (bus D-III Net) a unidad exterior, control por microprocesador y filtro de aire de succión, con control remoto multifunción, modelo Madoka BRC1H52W. Incluso elementos para suspensión del techo. No se incluye mano de obra para montaje y puesta en marcha. Toda la maquinaria específica y los insumos necesarios para la instalación están incluidos en el precio.
...

Sheet Oferta Lote 3
A1: LOTE 3: GALICIA, ASTURIAS, CASTILLA LEÓN, CANTABRIA, PAÍS VASCO, RIOJA, NAVARRA, ARAGÓN
A2: MC Mutual: Listado de partidas revestimientos, climatización y baja tensión
C3: CONCEPTO | D3: PRECIO PERIODO INICIAL
D4: (UN AÑO)
C5: ESTADO DE MEDICIONES VALORADO sin IVA | D5: =SUM(J10:J225) -> 0 | E5: ------------>
C6: I.V.A. (21 %) | D6: =+D5*0.21 -> 0 | F6: VALORES QUE SE DEBERÁN UTILIZAR PARA CUMPLIMENTAR EL FORMULARIO DE OFERTA ECONÓMICA
C7: TOTAL con I.V.A. | D7: =+D6+D5 -> 0
A9: Código | B9: Ud | C9: Resumen | D9: Consumo 4 años | E9: Precio unitario máximo (€) | F9: Valor unitario ofertado | H9: Precio total partida (4 AÑOS) | J9: Precio total partida (1 AÑO)
A10: 1 | C10: ALBAÑILERÍA, REVOCOS, ALICATADOS y PINTURA
A11: 01.01 | B11: ud | C11: REFUERZO DE PLADUR | D11: =+VLOOKUP(A11,BBDD!A:J,6,0) -> 128 | E11: =+VLOOKUP(A11,BBDD!A:J,10,0) -> 23 | H11: =D11*$F11 -> 0 | J11: =+D11*$F11/4 -> 0
C12: Suministro de refuerzo puntual de madera para estructura de tabique de cartón-yeso, destinado a la colocación de elementos suspendidos (pasamanos, accesorios minusválidos, televisión, etc.). Dimensiones de cada refuerzo: ancho entre perfiles y alto de unos 40 cm, replanteados según especificaciones de la propiedad. No incluye mano de obra. Incluye maquinaria específica y materiales necesarios para su instalación posterior
A13: 01.02 | B13: m2 | C13: ALICATADO CERÁMICO BLANCO 20x30cm | D13: =+VLOOKUP(A13,BBDD!A:J,6,0) -> 48.333333 | E13: =+VLOOKUP(A13,BBDD!A:J,10,0) -> 36 | H13: =D13*$F13 -> 0 | J13: =+D13*$F13/4 -> 0
C14: Suministro de paramento vertical interior a una altura <= 3 m con de plaqueta de semigrés de medidas 20x30 en color blanco mate, colocada en horizontal, con lechada de color blanco, colocadas con adhesivo para baldosa cerámica C2 TE (UNE-EN 12004) y rejuntado con lechada CG2 (UNE-EN 13888). Criterio de medición: En revestimiento de paramentos, con deducción de la superficie correspondiente a huecos de acuerdo con los criterios siguientes: - Huecos <= 1 m2: No se deducen - Huecos > 1 m2 y <= 2 m2: Se deduce el 50% - Huecos > 2 m2: Se deduce el 100% Los huecos que no se deduzcan, o que se deduzcan parcialmente, la medición incluye los trabajos de hacer los retornos, como jambas, dinteles, etc. En el caso que se deduzca el 100% del hueco, se deben medir también estos paramentos. En caso de exixtir alicatado en el paramentos , el nuevo será igual al existente. No incluye mano de obra. Toda la maquinaria específica y los insumos necesarios para la instalación están incluidos en el precio.
A15: 01.03 | B15: m2 | C15: ALICATADO MARMI CHINA PORCELANOSA 32x90cm | D15: =+VLOOKUP(A15,BBDD!A:J,6,0) -> 53.8125 | E15: =+VLOOKUP(A15,BBDD!A:J,10,0) -> 48 | H15: =D15*$F15 -> 0 | J15: =+D15*$F15/4 -> 0
C16: Suministro de alicatado de paramento vertical interior a una altura <= 3 m con baldosa de cerámica esmaltada mate, azulejo, grupo BIII (UNE-EN 14411), precio superior, de 1 a 5 piezas/m2 tipo ref. P3470131 de la serie Marmi China de PORCELANOSA con medidas de pieza 90x32cm colocadas en horizontal o equivalente colocadas con adhesivo para baldosa cerámica C2 TE (UNE-EN 12004) y rejuntado con lechada CG2 (UNE-EN 13888). Criterio de medición: En revestimiento de paramentos, con deducción de la superficie correspondiente a huecos de acuerdo con los criterios siguientes: - Huecos <= 1 m2: No se deducen - Huecos > 1 m2 y <= 2 m2: Se deduce el 50% - Huecos > 2 m2: Se deduce el 100% Los huecos que no se deduzcan, o que se deduzcan parcialmente, la medición incluye los trabajos de hacer los retornos, como jambas, dinteles, etc. En el caso que se deduzca el 100% del hueco, se deben medir también estos paramentos. No incluye mano de obra. Toda la maquinaria específica y los insumos necesarios para la instalación están incluidos en el precio.
A17: 01.04 | B17: m2 | C17: CHAPADO PARA FACHADA DE GRANITO | D17: =+VLOOKUP(A17,BBDD!A:J,6,0) -> 16 | E17: =+VLOOKUP(A17,BBDD!A:J,10,0) -> 89 | H17: =D17*$F17 -> 0 | J17: =+D17*$F17/4 -> 0
C18: Suministro de chapado con placas mecanizadas de granito Gris Quintana, acabado pulido, con medidas y despiece según piezas existentes, fijado con adhesivo cementoso mejorado, C2 TE, con deslizamiento reducido y tiempo abierto ampliado, gris, y grapas de anclaje de acero inoxidable; rejuntado con mortero de juntas cementoso, CG1, para junta mínima (entre 1,5 y 3 mm), con la misma tonalidad de las piezas. Criterio de medición: En revestimiento de paramentos, con deducción de la superficie correspondiente a huecos de acuerdo con los criterios siguientes: - Huecos <= 1 m2: No se deducen - Huecos > 1 m2 y <= 2 m2: Se deduce el 50% - Huecos > 2 m2: Se deduce el 100% Los huecos que no se deduzcan, o que se deduzcan parcialmente, la medición incluye los trabajos de hacer los retornos, como jambas, dinteles, etc. En el caso que se deduzca el 100% del hueco, se deben medir también estos paramentos. No incluye mano de obra. Toda la maquinaria específica y los insumos necesarios para la instalación están incluidos en el precio.
A19: 01.05 | B19: ud | C19: CANTONERA | D19: =+VLOOKUP(A19,BBDD!A:J,6,0) -> 16 | E19: =+VLOOKUP(A19,BBDD!A:J,10,0) -> 26 | H19: =D19*$F19 -> 0 | J19: =+D19*$F19/4 -> 0
C20: Suministro de perfil cantonera en sección en L de medidas 30x30mm, de 150cm de longitud de acero inoxidable mate, colocado a 20 cms del suelo. No incluye mano de obra. Toda la maquinaria específica y los insumos necesarios para la instalación están incluidos en el precio.
A21: 01.06 | B21: m2 | C21: REVESTIMIENTO VINÍLICO ACROVYN | D21: =+VLOOKUP(A21,BBDD!A:J,6,0) -> 14.095238 | E21: =+VLOOKUP(A21,BBDD!A:J,10,0) -> 42 | H21: =D21*$F21 -> 0 | J21: =+D21*$F21/4 -> 0
C22: Suministro de revestimiento Vinílico rígido, de 1,5mm de espesor, modelo Acrovyn de la marca C-S Group o equivalente, colocado con adhesivo acrílico de dispersión acuosa y soldado en caliente con cordón celular de diámetro 4 mm. Tratamiento doblado en esquinas para evitar juntas en ellas. Montado a una altura de hasta 1,50 m de altura. Criterio de medición: m2 de superficie medida según las especificaciones del proyecto, con deducción de la superficie correspondiente a huecos, de acuerdo con los siguientes criterios: - Huecos <= 1 m2: No se deducen - Huecos > 1 m2: Se deduce el 100% Estos criterios incluyen el acabado específico de los encuentros con los bordes, sin que conlleve el uso de materiales diferentes de los que normalmente conforman la unidad. No incluye mano de obra. Toda la maquinaria específica y los insumos necesarios para la instalación están incluidos en el precio.
A23: 01.07 | B23: m2 | C23: PINTURA PLÁSTICA | D23: =+VLOOKUP(A23,BBDD!A:J,6,0) -> 472.5 | E23: =+VLOOKUP(A23,BBDD!A:J,10,0) -> 8 | H23: =D23*$F23 -> 0 | J23: =+D23*$F23/4 -> 0
C24: Pintado de paramento vertical/horizontal de yeso, con pintura plástica ecológica lavable, con acabado liso, con una capa selladora y dos de acabado. Color blanco o a elegir por la propiedad. Criterio de medición: con deducción de la superficie correspondiente a huecos de acuerdo con los criterios siguientes: - Huecos <= 4 m2: No se deducen - Huecos > 4 m: Se deduce el 100%Estos criterios incluyen la superficie de los paramentos laterales de la abertura en una profundidad de 30 cm, como máximo, excepto en el caso de las aberturas de más de 4,00 m2 en que esta superficie se medirá expresamente. Incluye la protección de elementos varios, encintado y tapado de agujeros existentes, así como la limpieza de los elementos que configuran la abertura, como los marcos que se hayan ensuciado. No incluye mano de obra. Toda la maquinaria específica y los insumos necesarios para la instalación están incluidos en el precio.
A25: 2 | C25: PAVIMENTOS, ZÓCALOS Y MÁRMOLES
A26: 02.01 | B26: m2 | C26: PARQUET SINTÉTICO AC6 USO INTENSO ROBLE CLARO | D26: =+VLOOKUP(A26,BBDD!A:J,6,0) -> 36 | E26: =+VLOOKUP(A26,BBDD!A:J,10,0) -> 80 | H26: =D26*$F26 -> 0 | J26: =+D26*$F26/4 -> 0
C27: Suministro de parquet flotante con tablas multicapa sintéticas para uso comercial elevado, resistencia AC6, de 1190 a 1800 mm de longitud, de 180 a 300 mm de ancho, 9,5 mm de espesor, con base de tablero de fibras de alta densidad, con unión a presión, colocado sobre lámina de polietileno expandido de 3 mm o PVC solapada 20cm. Marca Pergo Serie Public Extreme acabado Roble o equivalente Criterio de medición: m2 de superficie útil, con deducción de la superficie correspondiente a huecos, pilares o cerramientos de acuerdo con los siguientes criterios: - Huecos <= 1 m2: No se deducen - Huecos > 1 m2: Se deduce el 100% Estos criterios incluyen el acabado específico de los encuentros con los bordes, sin que conlleve el uso de materiales diferentes de los que normalmente conforman la unidad. No incluye mano de obra. Toda la maquinaria específica y los insumos necesarios para la instalación están incluidos en el precio.
A28: 02.02 | B28: m | C28: RODAPIÉ MADERA MISMO MODELO PARQUET SINTÉTICO | D28: =+VLOOKUP(A28,BBDD!A:J,6,0) -> 95 | E28: =+VLOOKUP(A28,BBDD!A:J,10,0) -> 9 | H28: =D28*$F28 -> 0 | J28: =+D28*$F28/4 -> 0
C29: Suministro de zócalo con el mismo acabado de madera barnizada exterior que el parquet con núcleo de MDF, marca PERGO Ref. PGPSKR01801, de 77 mm de altura, colocado con tacos de expansión y tornillos o equivalente. Corte a inglete en giros a 90º. Criterio de medición: m de longitud medida según las especificaciones del proyecto, con deducción de la longitud correspondiente a los huecos, de acuerdo con los siguientes criterios:- Huecos de ancho <= 1 m: Se deduce el 50% - Huecos de ancho > 1 m: Se deduce el 100% No incluye mano de obra. Toda la maquinaria específica y los insumos necesarios para la instalación están incluidos en el precio.
A30: 02.03 | B30: m2 | C30: PAVIMENTO PORCELÁNICO 60x60cm | D30: =+VLOOKUP(A30,BBDD!A:J,6,0) -> 119 | E30: =+VLOOKUP(A30,BBDD!A:J,10,0) -> 35 | H30: =D30*$F30 -> 0 | J30: =+D30*$F30/4 -> 0
C31: Suministro de pavimento interior, de baldosa de gres porcelanico, de forma cuadrada de 60x60, colocadas con adhesivo para baldosa cerámica C2 (UNE-EN 12004), con junta de 2mm y rejuntado con lechada CG2 tipo ref. B21502016 de la serie Materiales para juntas de BUTECH o equivalente (UNE-EN 13888) o lechada de látex color gris oscuro. Marca MARAZZI, modelo EVOLUTION STONE SERENA o equivalente. No incluye mano de obra. Toda la maquinaria específica y los insumos necesarios para la instalación están incluidos en el precio.
A32: 02.04 | B32: m | C32: ZÓCALO BALDOSA GRES PORCELÁNICO | D32: =+VLOOKUP(A32,BBDD!A:J,6,0) -> 63 | E32: =+VLOOKUP(A32,BBDD!A:J,10,0) -> 9 | H32: =D32*$F32 -> 0 | J32: =+D32*$F32/4 -> 0
C33: Zócalo de baldosa de gres porcelánico del mismo material que el pavimento, de 9 cm de altura, tomado con adhesivo para baldosa cerámica C2 TE (UNE-EN 12004) haciendo coincidir juntas con las del pavimento y rejuntado con lechada CG2 (UNE-EN 13888) tipo ref. B21502016 de la serie Materiales para juntas de BUTECH o equivalente o lechada de látex en color gris oscuro. Corte a inglete en giros a 90º. Criterio de medición: m de longitud medida según las especificaciones del proyecto, con deducción de la longitud correspondiente a los huecos, de acuerdo con los siguientes criterios:- Huecos de ancho <= 1 m: Se deduce el 50%. - Huecos de ancho > 1 m: Se deduce el 100%. No incluye mano de obra. Toda la maquinaria específica y los insumos necesarios para la instalación están incluidos en el precio.
A34: 02.05 | B34: m2 | C34: FELPUDO DE ALUMINIO Y MOQUETA | D34: =+VLOOKUP(A34,BBDD!A:J,6,0) -> 15 | E34: =+VLOOKUP(A34,BBDD!A:J,10,0) -> 280 | H34: =D34*$F34 -> 0 | J34: =+D34*$F34/4 -> 0
C35: Suministro de felpudo de lamas de aluminio y moqueta de alta absorción de humedad, con bisagras de poliamida para hacerlo enrollable, de la casa Futura, serie Expert ó equivalente, de 17mm de espesor, color de moqueta gris oscuro, con pedido a fabrica a medida y colocado en hueco previsto. No incluye mano de obra. Toda la maquinaria específica y los insumos necesarios para la instalación están incluidos en el precio.
A36: 02.06 | B36: m2 | C36: FELPUDO DE COCO | D36: =+VLOOKUP(A36,BBDD!A:J,6,0) -> 24 | E36: =+VLOOKUP(A36,BBDD!A:J,10,0) -> 29 | H36: =D36*$F36 -> 0 | J36: =+D36*$F36/4 -> 0
C37: Suministro de felpudo con base de PVC de alta resistencia y composición de 100% fibra de coco vegetal, con espesor total 20mm, en color gris antracita. No incluye mano de obra. Toda la maquinaria específica y los insumos necesarios para la instalación están incluidos en el precio.
A38: 3 | C38: YESERIA Y FALSOS TECHOS
A39: 03.01 | B39: m2 | C39: F. TECHO 60x60cm DE FIBRAS MINERALES | D39: =+VLOOKUP(A39,BBDD!A:J,6,0) -> 27 | E39: =+VLOOKUP(A39,BBDD!A:J,10,0) -> 32 | H39: =D39*$F39 -> 0 | J39: =+D39*$F39/4 -> 0
C40: Sumistro de falso techo de placas de fibras minerales con revestimiento exterior pintura fungicida, de 600x600 mm y 15 mm de espesor, tipo ref. 2224M de la serie Específicos de ARMSTRONG BIOGUARD PLAIN o equivalente acabado superficial liso, con canto rebajado, con clase de absorción acústica C según UNE-EN ISO 11654 y reacción al fuego, colocado con estructura de aluminio lacada en blanco, formada por perfiles principales tipo forma de T invertida de 15 mm de base cada 1,2 m fijados al techo mediante varilla de suspensión cada 1,2 m y con perfiles secundarios colocados formando retícula, para una altura de falso techo de 4 m como máximo. Perfiles perimetrales de 24mm de base para mejor soporte. Incluye la formación de huecos para la instalación de los elementos que sean necesarios: altavoces, luminarias, instalación incendios, instalación climatización,... Criterio de medición: m2 de superficie medida de acuerdo a las especificaciones de la DT. Con deducción de la superficie correspondiente a huecos, de acuerdo con los criterios siguientes:- Huecos <= 1 m2: No se deducirán - Huecos > 1 m2: Se deduce el 100% Estos criterios incluyen el acabado específico de los acuerdos con los bordes, sin que comporte el uso de materiales diferentes de aquellos que normalmente conforman la unidad. No incluye mano de obra. Toda la maquinaria específica y los insumos necesarios para la instalación están incluidos en el precio.
A41: 03.02 | B41: m2 | C41: FALSO TECHO METÁLICO 60x60cm MICROPERFORADO | D41: =+VLOOKUP(A41,BBDD!A:J,6,0) -> 74.375 | E41: =+VLOOKUP(A41,BBDD!A:J,10,0) -> 40 | H41: =D41*$F41 -> 0 | J41: =+D41*$F41/4 -> 0
C42: Suministro de falso techo de placas de acero galvanizado, de 600x600 mm y 0,5 mm de espesor con 5 mm de descuelgue, tipo ref. BANDEJA PARMA T15 de la marca THU o equivalente acabado superficial liso, con perforaciones de 1,5mm de diámetro, con canto recto tipo V8, con clase de absorción acústica C según UNE-EN ISO 11654 y reacción al fuego, colocado con estructura de aluminio lacada en blanco, formada por perfiles principales tipo forma de T invertida de 15 mm de base cada 1,2 m fijados al techo mediante varilla de suspensión cada 1,2 m y con perfiles secundarios colocados formando retícula, para una altura de falso techo de 4 m como máximo. Perfiles perimetrales de 24mm de base para mejor soporte. Incluye la formación de huecos para la instalación de los elementos que sean necesarios: altavoces, luminarias, instalación incendios, instalación climatización,... Criterio de medición: m2 de superficie medida de acuerdo a las especificaciones de la DT. Con deducción de la superficie correspondiente a huecos, de acuerdo con los criterios siguientes:- Huecos <= 1 m2: No se deducirán - Huecos > 1 m2: Se deduce el 100%Estos criterios incluyen el acabado específico de los acuerdos con los bordes, sin que comporte el uso de materiales diferentes de aquellos que normalmente conforman la unidad. No incluye mano de obra. Toda la maquinaria específica y los insumos necesarios para la instalación están incluidos en el precio.
A43: 03.03 | B43: m2 | C43: FALSO TECHO ACABADO VINÍLICO 60x60cm | D43: =+VLOOKUP(A43,BBDD!A:J,6,0) -> 44.766667 | E43: =+VLOOKUP(A43,BBDD!A:J,10,0) -> 30 | H43: =D43*$F43 -> 0 | J43: =+D43*$F43/4 -> 0
C44: Sumistro de falso techo registrable vinílico, color blanco nueve, con canto recto, de 600x 600 mm y 14 a 17 mm de espesor clase de absorción acústica A según UNE-EN ISO 11654, resistencia a la humedad 95% y reacción al fuego A1, colocado con estructura de aluminio vista , formada por perfiles principales en forma de T invertida de 25 mm de base cada 1,2 m para fijar en el techo mediante varilla de suspensión cada 1,2 m, y perfiles secundarios formando retícula , para una altura de falso techo de 4 m como máximo. Incluye la formación de huecos para la instalación de los elementos que sean necesarios: altavoces, luminarias, instalación incendios, instalación climatización,... Criterio de medición: m2 de superficie medida de acuerdo a las especificaciones de la DT.Con deducción de la superficie correspondiente a huecos, de acuerdo con los criterios siguientes:- Huecos <= 1 m2: No se deducirán - Huecos > 1 m2: Se deduce el 100%Estos criterios incluyen el acabado específico de los acuerdos con los bordes, sin que comporte el uso de materiales diferentes de aquellos que normalmente conforman la unidad. Inckuye parte proporcional de recorts para la instalación de rejas, focos, etc. No incluye mano de obra. Toda la maquinaria específica y los insumos necesarios para la instalación están incluidos en el precio.
A45: 03.04 | B45: m2 | C45: FALSO TECHO CONTINUO YESO LAMINADO PLACA 12,5mm | D45: =+VLOOKUP(A45,BBDD!A:J,6,0) -> 57.933333 | E45: =+VLOOKUP(A45,BBDD!A:J,10,0) -> 30 | H45: =D45*F45 -> 0 | J45: =+D45*$F45/4 -> 0
C46: Sumistro de falso techo continuo de placas de yeso laminado tipo estándar (A) en formación de fajas perimetrales y techos contínuos, para pintar, de 12,5 mm de espesor y borde afinado (BA), entramado de acero galvanizado formado por perfiles principales colocados cada 1000 mm y perfiles secundarios colocados cada 600 mm fijados al techo mediante varilla de suspensión cada 1,2 m , para una altura de falso techo de 4 m como máximo. Incluso tabica para faja perimetral de falso techo registrable. Incluye el encintado, enmasillado y lijado listo y preparado para pintar. Incluye la formación de huecos para la instalación de los elementos que sean necesarios: altavoces, luminarias, instalación incendios, instalación climatización,... Criterio de medición: m2 de superficie real medida de acuerdo a las medidas reales de obra, segun especificaciones de la DT. Las fajas perimetrales se contarán por m2, teniendo en cuenta el ancho de las mismas por múltiplos de 50cm, al mayor. No incluye mano de obra. Toda la maquinaria específica y los insumos necesarios para la instalación están incluidos en el precio.
A47: 03.05 | B47: ud | C47: REGISTRO FALSO TECHO CONTINUO YESO LAMINADO | D47: =+VLOOKUP(A47,BBDD!A:J,6,0) -> 24 | E47: =+VLOOKUP(A47,BBDD!A:J,10,0) -> 95 | H47: =D47*F47 -> 0 | J47: =+D47*$F47/4 -> 0
C48: Sumistro de trampilla de registro gama Básica, de medidas 600x600 mm, formada por marco de aluminio y puerta de placa de yeso laminado, de 12,5 mm de espesor, para falso techo continuo de placas de yeso laminado. Incluso accesorios de montaje. No incluye mano de obra. Toda la maquinaria específica y los insumos necesarios para la instalación están incluidos en el precio.
A49: 4 | C49: MARMOLISTERIA, MUEBLES, FONTANERIA Y ACCESORIOS
A50: 04.01 | B50: m2 | C50: ENCIMERA SILESTONE BLANCO NORTE Y PETO VERTICAL | D50: =+VLOOKUP(A50,BBDD!A:J,6,0) -> 8 | E50: =+VLOOKUP(A50,BBDD!A:J,10,0) -> 390 | H50: =D50*$F50 -> 0 | J50: =+D50*$F50/4 -> 0
C51: Sumistro de encimera de Silestone blanco Norte o equivalente, de 20 mm de espesor, colocado sobre mueble. Peto superior frontal y lateral de 40cm de altura con 10mm de espesor y siliconado en las juntas, con canto de pico de gorrión. Se incluye formación de agujeros para encaste fregadero y griferia. Criterio de medición: m2 de superficie real medida según las especificaciones de la DT. Este criterio incluye el acabado específico de los bordes y el encuentro con los paramentos. No incluye mano de obra. Toda la maquinaria específica y los insumos necesarios para la instalación están incluidos en el precio.
A52: 04.02 | B52: m2 | C52: PANELADO FORMICA MADERA SALAS ESPERA | D52: =+VLOOKUP(A52,BBDD!A:J,6,0) -> 44 | E52: =+VLOOKUP(A52,BBDD!A:J,10,0) -> 103 | H52: =D52*F52 -> 0 | J52: =+D52*$F52/4 -> 0
C53: Suministro de aplacado de pared con paneles chapados en Formica de cuatro acabados diferentes: K1097 (gris oscuro), K1301 (color crema), F7927 (gris claro) y F2296 (blanco) ó equivalente, en delgas verticales de 4 anchos diferentes combinados de 15, 30, 60 o 90 cms con pieza especial de remate, y altura media de 130 cms, apoyado sobre zócalo de gres, con entrega de junta a testa y cantos postformados del mismo material o perfil de aluminio superior y lateral de remate, colocado sobre base de rastreles de madera de pino basto. Se incluyen remates canto pilastra y finales. No incluye mano de obra. Toda la maquinaria específica y los insumos necesarios para la instalación están incluidos en el precio.
A54: 04.03 | B54: ml | C54: MUEBLES BAJO BANCADA | D54: =+VLOOKUP(A54,BBDD!A:J,6,0) -> 12 | E54: =+VLOOKUP(A54,BBDD!A:J,10,0) -> 216 | H54: =D54*F54 -> 0 | J54: =+D54*$F54/4 -> 0
C55: Suministro de mueble bajo bancada acabado fórmica (color a escoger por MC Mutual) con distribución según medidas formado por módulos de puerta batiente con balda interior, y módulos de cajones con zócalo de aluminio de 88 mm de altura. Para recibir encimera de silestone blanca con zócalo de respeto de 30 cm, y los encastados de lavamanos y/o fregaderos. Cada mueble incluirá un módulo de 4 cajones. Se incluye tiradores en acero inoxidable mate en forma de "U" JNF modelo IN.22.202 de 16,8 cms y 8 mm. de diámetro o equivalente, con bisagras y complementos con cantos verticales, tanto puertas como cajones con acabado en canto marino. Formación mínima de mueble de 2 módulos. No incluye mano de obra. Toda la maquinaria específica y los insumos necesarios para la instalación están incluidos en el precio.
A56: 04.04 | B56: ud | C56: CONJUNTO PUESTO DE TRABAJO PARED 6 modulos | D56: =+VLOOKUP(A56,BBDD!A:J,6,0) -> 8 | E56: =+VLOOKUP(A56,BBDD!A:J,10,0) -> 212 | H56: =D56*F56 -> 0 | J56: =+D56*$F56/4 -> 0
C57: Suministro de caja de empotrar de 6 módulos, con 4 tomas de corriente rojas Sai, 2 tomas de corriente blanca normales, magnetotérmico t/corriente Sai, piloto de señalización, 1 módulos con 2 tomas de datos (conectores RJ45), línea de suministro normal, línea de suministro Sai y canalización para paso de cables de datos con cable guía hasta bandeja de distribución. No incluye mano de obra. Toda la maquinaria específica y los insumos necesarios para la instalación están incluidos en el precio.
A58: 04.05 | B58: ud | C58: S/I CONJUNTO PUESTO DE TRABAJO PARED 2 modulos | D58: =+VLOOKUP(A58,BBDD!A:J,6,0) -> 12 | E58: =+VLOOKUP(A58,BBDD!A:J,10,0) -> 141 | H58: =D58*F58 -> 0 | J58: =+D58*$F58/4 -> 0
C59: Caja de empotrar de 2 módulos, con 2 tomas de corriente rojas Sai, piloto de señalización, un módulo datos, línea de suministro Sai y canalización para paso de cables de datos con cable guía hasta bandeja de distribución. No incluye mano de obra. Toda la maquinaria específica y los insumos necesarios para la instalación están incluidos en el precio.
A60: 04.06 | B60: ud | C60: S/I CONJUNTO PUESTO DE TRABAJO SUELO | D60: =+VLOOKUP(A60,BBDD!A:J,6,0) -> 7 | E60: =+VLOOKUP(A60,BBDD!A:J,10,0) -> 121 | H60: =D60*F60 -> 0 | J60: =+D60*$F60/4 -> 0
C61: Suministro de torreta suelo (UNEX o equivalente) de 6 módulos, con 4 tomas de corriente rojas Sai, 2 tomas de corriente blanca normales, magnetotérmico t/corriente Sai, piloto de señalización, 1 módulos con 2 tomas de datos (conectores RJ45), línea de suministro normal, línea de suministro Sai y canalización para paso de cables de datos con cable guía hasta bandeja de distribución. No incluye mano de obra. Toda la maquinaria específica y los insumos necesarios para la instalación están incluidos en el precio.
A62: 04.07 | B62: m | C62: PASAMANOS ACERO INOXIDABLE DE Ø43mm | D62: =+VLOOKUP(A62,BBDD!A:J,6,0) -> 32 | E62: =+VLOOKUP(A62,BBDD!A:J,10,0) -> 15 | H62: =D62*F62 -> 0 | J62: =+D62*$F62/4 -> 0
C63: Suministro de pasamanos recto formado por tubo hueco de acero inoxidable AISI 304, acabado pulido brillante, de 43 mm de diámetro, con soportes del mismo material fijados al paramento mediante anclaje mecánico con tacos de nylon y tornillos de acero galvanizado. Incluye todos los elementos y refuerzos necesarios en el paramento para asegurar su correcta colocación y la solidez del apoyo y uso del pasamanos. No incluye mano de obra. Toda la maquinaria específica y los insumos necesarios para la instalación están incluidos en el precio.
A64: 04.08 | B64: ud | C64: LAVABO MURAL | D64: =+VLOOKUP(A64,BBDD!A:J,6,0) -> 3 | E64: =+VLOOKUP(A64,BBDD!A:J,10,0) -> 99 | H64: =D64*F64 -> 0 | J64: =+D64*$F64/4 -> 0
C65: Suministro de lavabo mural de porcelana esmaltada modelo Merididian de Roca sin pedestal (mod. 325242000) o equivalente, sencillo, de 600x460x150 o equivalente, de color blanco y precio superior, colocado con soportes murales. No incluye mano de obra. Toda la maquinaria específica y los insumos necesarios para la instalación están incluidos en el precio.
A66: 04.09 | B66: ud | C66: GRIFO MONOMANDO PARA LAVABO | D66: =+VLOOKUP(A66,BBDD!A:J,6,0) -> 4 | E66: =+VLOOKUP(A66,BBDD!A:J,10,0) -> 90 | H66: =D66*F66 -> 0 | J66: =+D66*$F66/4 -> 0
C67: Suministro y colocación de grifo monomando para lavabo, marca Tres de la serie Ecotres ref.17510402 o equivalente, montado superficialmente sobre encimera o aparato sanitario, de latón cromado, precio alto, con desagüe mecánico incorporado con salida de 1´´1/4, con dos entradas de manguitos. Aireador incorporado, sifón cromado. Manecilla de apertura de agua fría en posición normal. No incluye mano de obra. Toda la maquinaria específica y los insumos necesarios para la instalación están incluidos en el precio.
A68: 04.10 | C68: INODORO VERT./HORIZ. TANQUE BAJO | D68: =+VLOOKUP(A68,BBDD!A:J,6,0) -> 1 | E68: =+VLOOKUP(A68,BBDD!A:J,10,0) -> 400 | H68: =D68*F68 -> 0 | J68: =+D68*$F68/4 -> 0
C69: Suministro de inodoro de tanque bajo con asiento y tapa lacados, SQUARE de color Blanco, ref. A341470000 de la serie THE GAP de ROCA SANITARIO o equivalente. No incluye mano de obra. Toda la maquinaria específica y los insumos necesarios para la instalación están incluidos en el precio.
A70: 5 | C70: PUERTAS Y CORTINAS
A71: 05.01 | B71: ud | C71: PUERTA AUTÓMATICA 1 HOJA | D71: =+VLOOKUP(A71,BBDD!A:J,6,0) -> 3 | E71: =+VLOOKUP(A71,BBDD!A:J,10,0) -> 4800 | H71: =D71*F71 -> 0 | J71: =+D71*$F71/4 -> 0
C72: Suministro de puerta corredera de abertura automática, de una hoja de 140x250 cm, vidrio lateral fijo 136x174 cm y tarja superior fija de 286x82 cm. Puerta corredera con vidrios laminares 5+5 mm, con perfil superior e inferior de aluminio, dintel con mecanismos y tapa de aluminio, 2 radares detectores de presencia, 1 célula fotoeléctrica de seguridad y cuadro de mando de 4 posiciones. Incluye 10 copias de mandos a distancia . Carpinterías fijas con perfilería de aluminio vista SOLEAL FY 65 con rotura de puente térmico, de Technal o equivalente lacada en RAL 9007. Vidrio transparente 55.2SR guardian sun-24 gas-55.1. Composición:5+5+24 argon+5+5. Uvidrio: 1,1 W/m2k. Incluye premarco metálico para fijación a la obra, montantes de perfilería de aluminio entre las carpinterias con el mismo color, accesorios de montaje, perfiles de remate, silicona incolora para sellado de juntas y cualquier material auxiliar necesario para su perfecto montaje. Incluye carpinteria de cierre y conexión a central de incendios. Incluye 10 copias de mandos a distancia. Incluye rematería. No se incluye mano de obra para montaje y puesta en marcha. Toda la maquinaria específica y los insumos necesarios para la instalación están incluidos en el precio.
A73: 05.02 | B73: ud | C73: PUERTA AUTÓMATICA 2 HOJAS | D73: =+VLOOKUP(A73,BBDD!A:J,6,0) -> 4 | E73: =+VLOOKUP(A73,BBDD!A:J,10,0) -> 5200 | H73: =D73*F73 -> 0 | J73: =+D73*$F73/4 -> 0
C74: Suministro de puerta corredera de abertura automática, de dos hojas de 80x260 cm, y 2 vidrios laterales fijos de 80x260 cm, con vidrios laminares 5+5 mm con perfil superior e inferior de aluminio, dintel con mecanismos y tapa de aluminio, 2 radares detectores de presencia, 1 célula fotoeléctrica de seguridad y cuadro de mando de 4 posiciones. Incluye premarco metálico para fijación a la obra, montantes de perfilería de aluminio entre las carpinterias con el mismo color, accesorios de montaje, perfiles de remate, silicona incolora para sellado de juntas y cualquier material auxiliar necesario para su perfecto montaje. Incluye carpinteria de cierre y conexión a central de incendios. Incluye 10 copias de mandos a distancia. Incluye rematería. No se incluye mano de obra para montaje y puesta en marcha. Toda la maquinaria específica y los insumos necesarios para la instalación están incluidos en el precio.
A75: 05.03 | B75: m2 | C75: CORTINA ENROLLABLE MATERIAL RECICLADO | D75: =+VLOOKUP(A75,BBDD!A:J,6,0) -> 32 | E75: =+VLOOKUP(A75,BBDD!A:J,10,0) -> 70 | H75: =D75*F75 -> 0 | J75: =+D75*$F75/4 -> 0
C76: Suministro de cortina enrollable con material 100% reciclado PET botellas y cara exterior metalizada de la marca Kortilux modelo Zilario GREEN metal 2145 o equivalente, en color gris con gramaje hasta 215gr/m2 y apertura de la misma entra el 3 y 10%, con accionamiento a motor, con motor mecánico tubular con cabeza redonda Murtra con mínima emisión de ruido, 40 vueltas máximo y alimentación 230v dejada en punto de conexión por la propiedad (consumo 90w), tubo enrollable de 43/58mm en aluminio y contrapeso. Para medidas superiores a 2,50m altura y 2,0m ancho. No se incluye mano de obra para montaje y puesta en marcha. Toda la maquinaria específica y los insumos necesarios para la instalación están incluidos en el precio.
A77: 05.04 | B77: ud | C77: MOTORIZADO DE CORTINA ENROLLABLE | D77: =+VLOOKUP(A77,BBDD!A:J,6,0) -> 2 | E77: =+VLOOKUP(A77,BBDD!A:J,10,0) -> 114 | H77: =D77*F77 -> 0 | J77: =+D77*$F77/4 -> 0
C78: Suministro de motor electrónico via radio tubular con cabeza redonda Murtra con mínima emisión de ruido, 160 vueltas máximo y alimentación 230v dejada en punto de conexión por la propiedad (consumo 137w), montado en tubo enrollable de 43/58mm en aluminio y contrapeso.. Para cortinas de medidas superiores a 2,50m altura y 2,0m ancho. No se incluye mano de obra para montaje y puesta en marcha. Toda la maquinaria específica y los insumos necesarios para la instalación están incluidos en el precio.
A79: 05.05 | B79: m2 | C79: CORTINA LAMAS | D79: =+VLOOKUP(A79,BBDD!A:J,6,0) -> 3.7 | E79: =+VLOOKUP(A79,BBDD!A:J,10,0) -> 160 | H79: =D79*F79 -> 0 | J79: =+D79*$F79/4 -> 0
C80: Suministro de cortina vertical accionada mediante cordón y cadena para desplazamiento con tejido de fibra de vidrio y PVC de la marca Kortilux modelo S o M o equivalente, con ancho de lama de 89mm, en color gris perla con gramaje hasta 420gr/m2 y apertura de la misma entra el 10 y 1%, con riel superior de aluminio lacado en blanco o plata, y desplazamiento de lamas con distanciadores cortados a medida.. Para medidas superiores a 2,50m altura y 1,50m ancho. No incluye mano de obra. Toda la maquinaria específica y los insumos necesarios para la instalación están incluidos en el precio.
A81: 05.06 | B81: ud | C81: CORTINA BOX ELECTROTERAPIA | D81: =+VLOOKUP(A81,BBDD!A:J,6,0) -> 1.6666667 | E81: =+VLOOKUP(A81,BBDD!A:J,10,0) -> 372 | H81: =D81*F81 -> 0 | J81: =+D81*$F81/4 -> 0
C82: Suministro de cortina textil modelo AAA3 Mc-Mutual de KORTILUX con sistema de accionamiento manual del tejido. Confección del tejido a ondas con cinta marca Murtra. Tejido confeccionado modelo Loneta Ignífuga con aplicaciones en color Gris oscuro para su movimiento. Peso de 103 g/m2 e ignífuga C1 según norma UNE 13773:2003. Para medidas superiores a 2,50m altura y 1,50m ancho. No incluye mano de obra. Toda la maquinaria específica y los insumos necesarios para la instalación están incluidos en el precio.
A83: 6 | C83: PROTECCIÓN CONTRA INCENDIO
A84: 06.01 | B84: ud | C84: SENSOR TÉRMICO | D84: =+VLOOKUP(A84,BBDD!A:J,6,0) -> 16 | E84: =+VLOOKUP(A84,BBDD!A:J,10,0) -> 41 | H84: =D84*F84 -> 0 | J84: =+D84*$F84/4 -> 0
C85: Suministro de Sensor dual óptico/térmico para instalación contra incendios analógica, según norma UNE-EN 54-5/A1 y UNE-EN 54-7, con base de empotrar, empotrado. Marca Notifier I Honeywell o equivalente- No incluye mano de obra. Toda la maquinaria específica y los insumos necesarios para la instalación están incluidos en el precio.
A86: 06.02 | B86: ud | C86: PULS. ALARMA DE FUEGO | D86: =+VLOOKUP(A86,BBDD!A:J,6,0) -> 1.7142857 | E86: =+VLOOKUP(A86,BBDD!A:J,10,0) -> 266 | H86: =D86*F86 -> 0 | J86: =+D86*$F86/4 -> 0
C87: Pulsador de alarma de fuego, color rojo, con microrruptor, led de alarma, sistema de comprobación con llave de rearme y lámina de plástico calibradapara que se enclave y no rompa. Ubicado en caja de 95x95x35 mm. No incluye mano de obra. Toda la maquinaria específica y los insumos necesarios para la instalación están incluidos en el precio.
A88: 06.03 | B88: ud | C88: EXTINTOR 5KG POLVO | D88: =+VLOOKUP(A88,BBDD!A:J,6,0) -> 8 | E88: =+VLOOKUP(A88,BBDD!A:J,10,0) -> 42 | H88: =D88*F88 -> 0 | J88: =+D88*$F88/4 -> 0
C89: Suministro de extintor homologado de 5 K. No incluye mano de obra. Toda la maquinaria específica y los insumos necesarios para la instalación están incluidos en el precio.
A90: 7 | C90: CONJUNTO MAQUINARIA EQUIPOS PARED
A91: 07.01 | B91: ud | C91: CONJUNTO SPLIT DE PARED, DAKIN MODELO INT: FTXM20R, EXT: RXM20R9, o equivalente | D91: =+VLOOKUP(A91,BBDD!A:J,6,0) -> 1 | E91: =+VLOOKUP(A91,BBDD!A:J,10,0) -> 1933 | H91: =D91*$F91 -> 0 | J91: =+D91*$F91/4 -> 0
C92: CONJUNTO SPLIT DE PARED, DAKIN MODELO INT: FTXM20R, EXT: RXM20R9, o equivalente, para sistema VRV-IV (Volumen de Refrigerante Variable), para gas R-32/R-410A, alimentación monofásica (230V/50Hz), potencia frigorífica nominal 2 kW (temperatura de bulbo seco del aire interior 27°C, temperatura de bulbo húmedo del aire interior 19°C, temperatura de bulbo seco del aire exterior 35°C), potencia calorífica nominal 2,5 kW (temperatura de bulbo seco del aire interior 20°C, temperatura de bulbo seco del aire exterior 7°C), presión sonora a velocidad media 25 dBA, caudal de aire a velocidad media 5,7 m³/min, dimensiones 295x778x295 mm, peso 10 kg, con adaptador con comunicación vía Wi-Fi para control desde un smartphone o tablet, caja de distribución para conexión de unidades interiores de aire acondicionado de la gama doméstica a unidades exteriores VRV-IV+ y VRV-IV W+, modelo BPMKS967A2, con control remoto por cable, modelo BRC073 y cable de conexión para control remoto, modelo BRCW901A03. No se incluye mano de obra para montaje y puesta en marcha. Toda la maquinaria específica y los insumos necesarios para la instalación están incluidos en el precio.
A93: 07.02 | B93: ud | C93: CONJUNTO SPLIT DE PARED, DAKIN MODELO INT: FTXM60R, EXT: RXM60R9, o equivalente | D93: =+VLOOKUP(A93,BBDD!A:J,6,0) -> 1 | E93: =+VLOOKUP(A93,BBDD!A:J,10,0) -> 3630 | H93: =D93*F93 -> 0 | J93: =+D93*$F93/4 -> 0
C94: CONJUNTO SPLIT DE PARED, DAKIN MODELO INT: FTXM60R, EXT: RXM60R9, o equivalente, para sistema VRV-IV (Volumen de Refrigerante Variable), para gas R-32/R-410A, alimentación monofásica (230V/50Hz), potencia frigorífica nominal 6 kW (temperatura de bulbo seco del aire interior 27°C, temperatura de bulbo húmedo del aire interior 19°C, temperatura de bulbo seco del aire exterior 35°C), potencia calorífica nominal 7 kW (temperatura de bulbo seco del aire interior 20°C, temperatura de bulbo seco del aire exterior 7°C), presión sonora a velocidad media 37 dBA, caudal de aire a velocidad media 11,8 m³/min, dimensiones 299x998x299 mm, peso 14,5 kg, con adaptador con comunicación vía Wi-Fi para control desde un smartphone o tablet, caja de distribución para conexión de unidades interiores de aire acondicionado de la gama doméstica a unidades exteriores VRV-IV+ y VRV-IV W+, modelo BPMKS967A2, con control remoto por cable, modelo BRC073 y cable de conexión para control remoto, modelo BRCW901A03. No se incluye mano de obra para montaje y puesta en marcha. Toda la maquinaria específica y los insumos necesarios para la instalación están incluidos en el precio.
A95: 07.03 | C95: CONJUNTO 2X1 MARCA DAIKIN 2MXP40M1, o equivalente | D95: =+VLOOKUP(A95,BBDD!A:J,6,0) -> 1 | E95: =+VLOOKUP(A95,BBDD!A:J,10,0) -> 2917 | H95: =D95*F95 -> 0 | J95: =+D95*$F95/4 -> 0
C96: Aire acondicionado 2x1 Daikin 2MXP40M1, o equivalente, es un conjunto multi split pared 2x1 con unidad exterior (2MXM40N) de 4 kW de potencia frigorífica y de 4,2 kw de potencia calorífica. Este equipo consta con 2 unidades interiores, una de 3,5 kW (FTXP35M9) de potencia y otra de 2,5 kW (FTXP25M9) de potencia. Estas 2 unidades interiores cuentan con un mando a distancia para cada unidad, las que se pueden usar según como requiera el usuario. Sus dimensiones compactas son de 286 mm x 770 mm x 225 mm para sus dos unidades interiores y de 550 mm x 765 mm x 285 mm para su unidad exterior. No se incluye mano de obra para montaje y puesta en marcha. Toda la maquinaria específica y los insumos necesarios para la instalación están incluidos en el precio.
A97: 07.04 | C97: CONJUNTO 3X1 MARCA DAIKIN 3MXP52M2, o equivalente | D97: =+VLOOKUP(A97,BBDD!A:J,6,0) -> 1 | E97: =+VLOOKUP(A97,BBDD!A:J,10,0) -> 4105 | H97: =D97*F97 -> 0 | J97: =+D97*$F97/4 -> 0
C98: Aire acondicionado DAIKIN Comfora MULTI R-32 Inverter 3x1 3MXP52M2 (35+25+25), es un conjunto multisplit pared 3x1 Inverter que consiste en una unidad exterior de 5,2 kW de potencia frigorífica y de 6,8 kW en potencia calorífica y de tres unidades interiores, una de 3,5 kW de potencia y dos de 2,5 kW de potencia, que no necesitan instalarse en la misma estancia y se pueden controlar de manera individual. Cada una de ellas cuenta con un mando a distancia. Cuenta con una alta eficiencia energética de A+++ para la capacidad frigorífica y de A++ para la capacidad calorífica, los cuales derivan de los materiales y la calidad de los productos por los que está compuesto y a la inteligencia integrada que posee. Sus dimensiones compactas son de 286 mm x 770 mm x 225 mm para sus tres unidades interiores y de 734 mm x 958 mm x 320 mm para su unidad exterior. No se incluye mano de obra para montaje y puesta en marcha. Toda la maquinaria específica y los insumos necesarios para la instalación están incluidos en el precio.
A99: =1+A90 -> 8 | C99: CONJUNTO MAQUINARIA UNIDADADES DE CONDUCTOS
A100: 08.01 | B100: ud | C100: UNIDAD DE CONDUCTO ALTA PRESIÓN, DAIKIN MODELO: FXMQ125P7 o equivalente | D100: =+VLOOKUP(A100,BBDD!A:J,6,0) -> 2 | E100: =+VLOOKUP(A100,BBDD!A:J,10,0) -> 4022 | H100: =D100*F100 -> 0 | J100: =+D100*$F100/4 -> 0
C101: Unidad interior de aire acondicionado, para sistema VRV-IV (Volumen de Refrigerante Variable), de techo sin envolvente, de alta presión, modelo FXMQ125P7 "DAIKIN" o equivalente, para gas R-410A, alimentación monofásica (230V/50Hz), potencia frigorífica nominal 14 kW (temperatura de bulbo seco del aire interior 27°C, temperatura de bulbo húmedo del aire interior 19°C, temperatura de bulbo seco del aire exterior 35°C), potencia calorífica nominal 16 kW (temperatura de bulbo seco del aire interior 20°C, temperatura de bulbo seco del aire exterior 7°C), consumo eléctrico nominal en refrigeración 241 W, consumo eléctrico nominal en calefacción 229 W, presión sonora a velocidad baja 40 dBA, caudal de aire a velocidad alta 39 m³/min, de 300x1400x700 mm, peso 54 kg, con ventilador con regulación Inverter (la presión estática del ventilador se ajusta automáticamente a la pérdida de carga real en los conductos) y presión estática disponible de 100 a 200 Pa, válvula de expansión electrónica, bomba de drenaje, aspiración de aire trasera o inferior, bloque de terminales F1-F2 para cable de 2 hilos de transmisión y control (bus D-III Net) a unidad exterior, control por microprocesador y filtro de aire de succión, con control remoto multifunción, modelo Madoka BRC1H52W. Incluso elementos para suspensión del techo. No se incluye mano de obra para montaje y puesta en marcha. Toda la maquinaria específica y los insumos necesarios para la instalación están incluidos en el precio.
...

Sheet Oferta Lote 4
A1: LOTE 4: MADRID, CANARIAS, CASTILLA LA MANCHA
A2: MC Mutual: Listado de partidas revestimientos, climatización y baja tensión
C3: CONCEPTO | D3: PRECIO PERIODO INICIAL
D4: (UN AÑO)
C5: ESTADO DE MEDICIONES VALORADO sin IVA | D5: =SUM(J10:J225) -> 0 | E5: ------------>
C6: I.V.A. (21 %) | D6: =+D5*0.21 -> 0 | F6: VALORES QUE SE DEBERÁN UTILIZAR PARA CUMPLIMENTAR EL FORMULARIO DE OFERTA ECONÓMICA
C7: TOTAL con I.V.A. | D7: =+D6+D5 -> 0
A9: Código | B9: Ud | C9: Resumen | D9: Consumo 4 años | E9: Precio unitario máximo (€) | F9: Valor unitario ofertado | H9: Precio total partida (4 AÑOS) | J9: Precio total partida (1 AÑO)
A10: 1 | C10: ALBAÑILERÍA, REVOCOS, ALICATADOS y PINTURA
A11: 01.01 | B11: ud | C11: REFUERZO DE PLADUR | D11: =+VLOOKUP(A11,BBDD!A:J,7,0) -> 60 | E11: =+VLOOKUP(A11,BBDD!A:J,10,0) -> 23 | H11: =D11*$F11 -> 0 | J11: =+D11*$F11/4 -> 0
C12: Suministro de refuerzo puntual de madera para estructura de tabique de cartón-yeso, destinado a la colocación de elementos suspendidos (pasamanos, accesorios minusválidos, televisión, etc.). Dimensiones de cada refuerzo: ancho entre perfiles y alto de unos 40 cm, replanteados según especificaciones de la propiedad. No incluye mano de obra. Incluye maquinaria específica y materiales necesarios para su instalación posterior
A13: 01.02 | B13: m2 | C13: ALICATADO CERÁMICO BLANCO 20x30cm | D13: =+VLOOKUP(A13,BBDD!A:J,7,0) -> 22.555556 | E13: =+VLOOKUP(A13,BBDD!A:J,10,0) -> 36 | H13: =D13*$F13 -> 0 | J13: =+D13*$F13/4 -> 0
C14: Suministro de paramento vertical interior a una altura <= 3 m con de plaqueta de semigrés de medidas 20x30 en color blanco mate, colocada en horizontal, con lechada de color blanco, colocadas con adhesivo para baldosa cerámica C2 TE (UNE-EN 12004) y rejuntado con lechada CG2 (UNE-EN 13888). Criterio de medición: En revestimiento de paramentos, con deducción de la superficie correspondiente a huecos de acuerdo con los criterios siguientes: - Huecos <= 1 m2: No se deducen - Huecos > 1 m2 y <= 2 m2: Se deduce el 50% - Huecos > 2 m2: Se deduce el 100% Los huecos que no se deduzcan, o que se deduzcan parcialmente, la medición incluye los trabajos de hacer los retornos, como jambas, dinteles, etc. En el caso que se deduzca el 100% del hueco, se deben medir también estos paramentos. En caso de exixtir alicatado en el paramentos , el nuevo será igual al existente. No incluye mano de obra. Toda la maquinaria específica y los insumos necesarios para la instalación están incluidos en el precio.
A15: 01.03 | B15: m2 | C15: ALICATADO MARMI CHINA PORCELANOSA 32x90cm | D15: =+VLOOKUP(A15,BBDD!A:J,7,0) -> 24.770833 | E15: =+VLOOKUP(A15,BBDD!A:J,10,0) -> 48 | H15: =D15*$F15 -> 0 | J15: =+D15*$F15/4 -> 0
C16: Suministro de alicatado de paramento vertical interior a una altura <= 3 m con baldosa de cerámica esmaltada mate, azulejo, grupo BIII (UNE-EN 14411), precio superior, de 1 a 5 piezas/m2 tipo ref. P3470131 de la serie Marmi China de PORCELANOSA con medidas de pieza 90x32cm colocadas en horizontal o equivalente colocadas con adhesivo para baldosa cerámica C2 TE (UNE-EN 12004) y rejuntado con lechada CG2 (UNE-EN 13888). Criterio de medición: En revestimiento de paramentos, con deducción de la superficie correspondiente a huecos de acuerdo con los criterios siguientes: - Huecos <= 1 m2: No se deducen - Huecos > 1 m2 y <= 2 m2: Se deduce el 50% - Huecos > 2 m2: Se deduce el 100% Los huecos que no se deduzcan, o que se deduzcan parcialmente, la medición incluye los trabajos de hacer los retornos, como jambas, dinteles, etc. En el caso que se deduzca el 100% del hueco, se deben medir también estos paramentos. No incluye mano de obra. Toda la maquinaria específica y los insumos necesarios para la instalación están incluidos en el precio.
A17: 01.04 | B17: m2 | C17: CHAPADO PARA FACHADA DE GRANITO | D17: =+VLOOKUP(A17,BBDD!A:J,7,0) -> 8 | E17: =+VLOOKUP(A17,BBDD!A:J,10,0) -> 89 | H17: =D17*$F17 -> 0 | J17: =+D17*$F17/4 -> 0
C18: Suministro de chapado con placas mecanizadas de granito Gris Quintana, acabado pulido, con medidas y despiece según piezas existentes, fijado con adhesivo cementoso mejorado, C2 TE, con deslizamiento reducido y tiempo abierto ampliado, gris, y grapas de anclaje de acero inoxidable; rejuntado con mortero de juntas cementoso, CG1, para junta mínima (entre 1,5 y 3 mm), con la misma tonalidad de las piezas. Criterio de medición: En revestimiento de paramentos, con deducción de la superficie correspondiente a huecos de acuerdo con los criterios siguientes: - Huecos <= 1 m2: No se deducen - Huecos > 1 m2 y <= 2 m2: Se deduce el 50% - Huecos > 2 m2: Se deduce el 100% Los huecos que no se deduzcan, o que se deduzcan parcialmente, la medición incluye los trabajos de hacer los retornos, como jambas, dinteles, etc. En el caso que se deduzca el 100% del hueco, se deben medir también estos paramentos. No incluye mano de obra. Toda la maquinaria específica y los insumos necesarios para la instalación están incluidos en el precio.
A19: 01.05 | B19: ud | C19: CANTONERA | D19: =+VLOOKUP(A19,BBDD!A:J,7,0) -> 8 | E19: =+VLOOKUP(A19,BBDD!A:J,10,0) -> 26 | H19: =D19*$F19 -> 0 | J19: =+D19*$F19/4 -> 0
C20: Suministro de perfil cantonera en sección en L de medidas 30x30mm, de 150cm de longitud de acero inoxidable mate, colocado a 20 cms del suelo. No incluye mano de obra. Toda la maquinaria específica y los insumos necesarios para la instalación están incluidos en el precio.
A21: 01.06 | B21: m2 | C21: REVESTIMIENTO VINÍLICO ACROVYN | D21: =+VLOOKUP(A21,BBDD!A:J,7,0) -> 7.047619 | E21: =+VLOOKUP(A21,BBDD!A:J,10,0) -> 42 | H21: =D21*$F21 -> 0 | J21: =+D21*$F21/4 -> 0
C22: Suministro de revestimiento Vinílico rígido, de 1,5mm de espesor, modelo Acrovyn de la marca C-S Group o equivalente, colocado con adhesivo acrílico de dispersión acuosa y soldado en caliente con cordón celular de diámetro 4 mm. Tratamiento doblado en esquinas para evitar juntas en ellas. Montado a una altura de hasta 1,50 m de altura. Criterio de medición: m2 de superficie medida según las especificaciones del proyecto, con deducción de la superficie correspondiente a huecos, de acuerdo con los siguientes criterios: - Huecos <= 1 m2: No se deducen - Huecos > 1 m2: Se deduce el 100% Estos criterios incluyen el acabado específico de los encuentros con los bordes, sin que conlleve el uso de materiales diferentes de los que normalmente conforman la unidad. No incluye mano de obra. Toda la maquinaria específica y los insumos necesarios para la instalación están incluidos en el precio.
A23: 01.07 | B23: m2 | C23: PINTURA PLÁSTICA | D23: =+VLOOKUP(A23,BBDD!A:J,7,0) -> 217.5 | E23: =+VLOOKUP(A23,BBDD!A:J,10,0) -> 8 | H23: =D23*$F23 -> 0 | J23: =+D23*$F23/4 -> 0
C24: Pintado de paramento vertical/horizontal de yeso, con pintura plástica ecológica lavable, con acabado liso, con una capa selladora y dos de acabado. Color blanco o a elegir por la propiedad. Criterio de medición: con deducción de la superficie correspondiente a huecos de acuerdo con los criterios siguientes: - Huecos <= 4 m2: No se deducen - Huecos > 4 m: Se deduce el 100%Estos criterios incluyen la superficie de los paramentos laterales de la abertura en una profundidad de 30 cm, como máximo, excepto en el caso de las aberturas de más de 4,00 m2 en que esta superficie se medirá expresamente. Incluye la protección de elementos varios, encintado y tapado de agujeros existentes, así como la limpieza de los elementos que configuran la abertura, como los marcos que se hayan ensuciado. No incluye mano de obra. Toda la maquinaria específica y los insumos necesarios para la instalación están incluidos en el precio.
A25: 2 | C25: PAVIMENTOS, ZÓCALOS Y MÁRMOLES
A26: 02.01 | B26: m2 | C26: PARQUET SINTÉTICO AC6 USO INTENSO ROBLE CLARO | D26: =+VLOOKUP(A26,BBDD!A:J,7,0) -> 17 | E26: =+VLOOKUP(A26,BBDD!A:J,10,0) -> 80 | H26: =D26*$F26 -> 0 | J26: =+D26*$F26/4 -> 0
C27: Suministro de parquet flotante con tablas multicapa sintéticas para uso comercial elevado, resistencia AC6, de 1190 a 1800 mm de longitud, de 180 a 300 mm de ancho, 9,5 mm de espesor, con base de tablero de fibras de alta densidad, con unión a presión, colocado sobre lámina de polietileno expandido de 3 mm o PVC solapada 20cm. Marca Pergo Serie Public Extreme acabado Roble o equivalente Criterio de medición: m2 de superficie útil, con deducción de la superficie correspondiente a huecos, pilares o cerramientos de acuerdo con los siguientes criterios: - Huecos <= 1 m2: No se deducen - Huecos > 1 m2: Se deduce el 100% Estos criterios incluyen el acabado específico de los encuentros con los bordes, sin que conlleve el uso de materiales diferentes de los que normalmente conforman la unidad. No incluye mano de obra. Toda la maquinaria específica y los insumos necesarios para la instalación están incluidos en el precio.
A28: 02.02 | B28: m | C28: RODAPIÉ MADERA MISMO MODELO PARQUET SINTÉTICO | D28: =+VLOOKUP(A28,BBDD!A:J,7,0) -> 44 | E28: =+VLOOKUP(A28,BBDD!A:J,10,0) -> 9 | H28: =D28*$F28 -> 0 | J28: =+D28*$F28/4 -> 0
C29: Suministro de zócalo con el mismo acabado de madera barnizada exterior que el parquet con núcleo de MDF, marca PERGO Ref. PGPSKR01801, de 77 mm de altura, colocado con tacos de expansión y tornillos o equivalente. Corte a inglete en giros a 90º. Criterio de medición: m de longitud medida según las especificaciones del proyecto, con deducción de la longitud correspondiente a los huecos, de acuerdo con los siguientes criterios:- Huecos de ancho <= 1 m: Se deduce el 50% - Huecos de ancho > 1 m: Se deduce el 100% No incluye mano de obra. Toda la maquinaria específica y los insumos necesarios para la instalación están incluidos en el precio.
A30: 02.03 | B30: m2 | C30: PAVIMENTO PORCELÁNICO 60x60cm | D30: =+VLOOKUP(A30,BBDD!A:J,7,0) -> 55 | E30: =+VLOOKUP(A30,BBDD!A:J,10,0) -> 35 | H30: =D30*$F30 -> 0 | J30: =+D30*$F30/4 -> 0
C31: Suministro de pavimento interior, de baldosa de gres porcelanico, de forma cuadrada de 60x60, colocadas con adhesivo para baldosa cerámica C2 (UNE-EN 12004), con junta de 2mm y rejuntado con lechada CG2 tipo ref. B21502016 de la serie Materiales para juntas de BUTECH o equivalente (UNE-EN 13888) o lechada de látex color gris oscuro. Marca MARAZZI, modelo EVOLUTION STONE SERENA o equivalente. No incluye mano de obra. Toda la maquinaria específica y los insumos necesarios para la instalación están incluidos en el precio.
A32: 02.04 | B32: m | C32: ZÓCALO BALDOSA GRES PORCELÁNICO | D32: =+VLOOKUP(A32,BBDD!A:J,7,0) -> 29 | E32: =+VLOOKUP(A32,BBDD!A:J,10,0) -> 9 | H32: =D32*$F32 -> 0 | J32: =+D32*$F32/4 -> 0
C33: Zócalo de baldosa de gres porcelánico del mismo material que el pavimento, de 9 cm de altura, tomado con adhesivo para baldosa cerámica C2 TE (UNE-EN 12004) haciendo coincidir juntas con las del pavimento y rejuntado con lechada CG2 (UNE-EN 13888) tipo ref. B21502016 de la serie Materiales para juntas de BUTECH o equivalente o lechada de látex en color gris oscuro. Corte a inglete en giros a 90º. Criterio de medición: m de longitud medida según las especificaciones del proyecto, con deducción de la longitud correspondiente a los huecos, de acuerdo con los siguientes criterios:- Huecos de ancho <= 1 m: Se deduce el 50%. - Huecos de ancho > 1 m: Se deduce el 100%. No incluye mano de obra. Toda la maquinaria específica y los insumos necesarios para la instalación están incluidos en el precio.
A34: 02.05 | B34: m2 | C34: FELPUDO DE ALUMINIO Y MOQUETA | D34: =+VLOOKUP(A34,BBDD!A:J,7,0) -> 7.5 | E34: =+VLOOKUP(A34,BBDD!A:J,10,0) -> 280 | H34: =D34*$F34 -> 0 | J34: =+D34*$F34/4 -> 0
C35: Suministro de felpudo de lamas de aluminio y moqueta de alta absorción de humedad, con bisagras de poliamida para hacerlo enrollable, de la casa Futura, serie Expert ó equivalente, de 17mm de espesor, color de moqueta gris oscuro, con pedido a fabrica a medida y colocado en hueco previsto. No incluye mano de obra. Toda la maquinaria específica y los insumos necesarios para la instalación están incluidos en el precio.
A36: 02.06 | B36: m2 | C36: FELPUDO DE COCO | D36: =+VLOOKUP(A36,BBDD!A:J,7,0) -> 11 | E36: =+VLOOKUP(A36,BBDD!A:J,10,0) -> 29 | H36: =D36*$F36 -> 0 | J36: =+D36*$F36/4 -> 0
C37: Suministro de felpudo con base de PVC de alta resistencia y composición de 100% fibra de coco vegetal, con espesor total 20mm, en color gris antracita. No incluye mano de obra. Toda la maquinaria específica y los insumos necesarios para la instalación están incluidos en el precio.
A38: 3 | C38: YESERIA Y FALSOS TECHOS
A39: 03.01 | B39: m2 | C39: F. TECHO 60x60cm DE FIBRAS MINERALES | D39: =+VLOOKUP(A39,BBDD!A:J,7,0) -> 12.65625 | E39: =+VLOOKUP(A39,BBDD!A:J,10,0) -> 32 | H39: =D39*$F39 -> 0 | J39: =+D39*$F39/4 -> 0
C40: Sumistro de falso techo de placas de fibras minerales con revestimiento exterior pintura fungicida, de 600x600 mm y 15 mm de espesor, tipo ref. 2224M de la serie Específicos de ARMSTRONG BIOGUARD PLAIN o equivalente acabado superficial liso, con canto rebajado, con clase de absorción acústica C según UNE-EN ISO 11654 y reacción al fuego, colocado con estructura de aluminio lacada en blanco, formada por perfiles principales tipo forma de T invertida de 15 mm de base cada 1,2 m fijados al techo mediante varilla de suspensión cada 1,2 m y con perfiles secundarios colocados formando retícula, para una altura de falso techo de 4 m como máximo. Perfiles perimetrales de 24mm de base para mejor soporte. Incluye la formación de huecos para la instalación de los elementos que sean necesarios: altavoces, luminarias, instalación incendios, instalación climatización,... Criterio de medición: m2 de superficie medida de acuerdo a las especificaciones de la DT. Con deducción de la superficie correspondiente a huecos, de acuerdo con los criterios siguientes:- Huecos <= 1 m2: No se deducirán - Huecos > 1 m2: Se deduce el 100% Estos criterios incluyen el acabado específico de los acuerdos con los bordes, sin que comporte el uso de materiales diferentes de aquellos que normalmente conforman la unidad. No incluye mano de obra. Toda la maquinaria específica y los insumos necesarios para la instalación están incluidos en el precio.
A41: 03.02 | B41: m2 | C41: FALSO TECHO METÁLICO 60x60cm MICROPERFORADO | D41: =+VLOOKUP(A41,BBDD!A:J,7,0) -> 34.375 | E41: =+VLOOKUP(A41,BBDD!A:J,10,0) -> 40 | H41: =D41*$F41 -> 0 | J41: =+D41*$F41/4 -> 0
C42: Suministro de falso techo de placas de acero galvanizado, de 600x600 mm y 0,5 mm de espesor con 5 mm de descuelgue, tipo ref. BANDEJA PARMA T15 de la marca THU o equivalente acabado superficial liso, con perforaciones de 1,5mm de diámetro, con canto recto tipo V8, con clase de absorción acústica C según UNE-EN ISO 11654 y reacción al fuego, colocado con estructura de aluminio lacada en blanco, formada por perfiles principales tipo forma de T invertida de 15 mm de base cada 1,2 m fijados al techo mediante varilla de suspensión cada 1,2 m y con perfiles secundarios colocados formando retícula, para una altura de falso techo de 4 m como máximo. Perfiles perimetrales de 24mm de base para mejor soporte. Incluye la formación de huecos para la instalación de los elementos que sean necesarios: altavoces, luminarias, instalación incendios, instalación climatización,... Criterio de medición: m2 de superficie medida de acuerdo a las especificaciones de la DT. Con deducción de la superficie correspondiente a huecos, de acuerdo con los criterios siguientes:- Huecos <= 1 m2: No se deducirán - Huecos > 1 m2: Se deduce el 100%Estos criterios incluyen el acabado específico de los acuerdos con los bordes, sin que comporte el uso de materiales diferentes de aquellos que normalmente conforman la unidad. No incluye mano de obra. Toda la maquinaria específica y los insumos necesarios para la instalación están incluidos en el precio.
A43: 03.03 | B43: m2 | C43: FALSO TECHO ACABADO VINÍLICO 60x60cm | D43: =+VLOOKUP(A43,BBDD!A:J,7,0) -> 20.966667 | E43: =+VLOOKUP(A43,BBDD!A:J,10,0) -> 30 | H43: =D43*$F43 -> 0 | J43: =+D43*$F43/4 -> 0
C44: Sumistro de falso techo registrable vinílico, color blanco nueve, con canto recto, de 600x 600 mm y 14 a 17 mm de espesor clase de absorción acústica A según UNE-EN ISO 11654, resistencia a la humedad 95% y reacción al fuego A1, colocado con estructura de aluminio vista , formada por perfiles principales en forma de T invertida de 25 mm de base cada 1,2 m para fijar en el techo mediante varilla de suspensión cada 1,2 m, y perfiles secundarios formando retícula , para una altura de falso techo de 4 m como máximo. Incluye la formación de huecos para la instalación de los elementos que sean necesarios: altavoces, luminarias, instalación incendios, instalación climatización,... Criterio de medición: m2 de superficie medida de acuerdo a las especificaciones de la DT.Con deducción de la superficie correspondiente a huecos, de acuerdo con los criterios siguientes:- Huecos <= 1 m2: No se deducirán - Huecos > 1 m2: Se deduce el 100%Estos criterios incluyen el acabado específico de los acuerdos con los bordes, sin que comporte el uso de materiales diferentes de aquellos que normalmente conforman la unidad. Inckuye parte proporcional de recorts para la instalación de rejas, focos, etc. No incluye mano de obra. Toda la maquinaria específica y los insumos necesarios para la instalación están incluidos en el precio.
A45: 03.04 | B45: m2 | C45: FALSO TECHO CONTINUO YESO LAMINADO PLACA 12,5mm | D45: =+VLOOKUP(A45,BBDD!A:J,7,0) -> 27.133333 | E45: =+VLOOKUP(A45,BBDD!A:J,10,0) -> 30 | H45: =D45*F45 -> 0 | J45: =+D45*$F45/4 -> 0
C46: Sumistro de falso techo continuo de placas de yeso laminado tipo estándar (A) en formación de fajas perimetrales y techos contínuos, para pintar, de 12,5 mm de espesor y borde afinado (BA), entramado de acero galvanizado formado por perfiles principales colocados cada 1000 mm y perfiles secundarios colocados cada 600 mm fijados al techo mediante varilla de suspensión cada 1,2 m , para una altura de falso techo de 4 m como máximo. Incluso tabica para faja perimetral de falso techo registrable. Incluye el encintado, enmasillado y lijado listo y preparado para pintar. Incluye la formación de huecos para la instalación de los elementos que sean necesarios: altavoces, luminarias, instalación incendios, instalación climatización,... Criterio de medición: m2 de superficie real medida de acuerdo a las medidas reales de obra, segun especificaciones de la DT. Las fajas perimetrales se contarán por m2, teniendo en cuenta el ancho de las mismas por múltiplos de 50cm, al mayor. No incluye mano de obra. Toda la maquinaria específica y los insumos necesarios para la instalación están incluidos en el precio.
A47: 03.05 | B47: ud | C47: REGISTRO FALSO TECHO CONTINUO YESO LAMINADO | D47: =+VLOOKUP(A47,BBDD!A:J,7,0) -> 12 | E47: =+VLOOKUP(A47,BBDD!A:J,10,0) -> 95 | H47: =D47*F47 -> 0 | J47: =+D47*$F47/4 -> 0
C48: Sumistro de trampilla de registro gama Básica, de medidas 600x600 mm, formada por marco de aluminio y puerta de placa de yeso laminado, de 12,5 mm de espesor, para falso techo continuo de placas de yeso laminado. Incluso accesorios de montaje. No incluye mano de obra. Toda la maquinaria específica y los insumos necesarios para la instalación están incluidos en el precio.
A49: 4 | C49: MARMOLISTERIA, MUEBLES, FONTANERIA Y ACCESORIOS
A50: 04.01 | B50: m2 | C50: ENCIMERA SILESTONE BLANCO NORTE Y PETO VERTICAL | D50: =+VLOOKUP(A50,BBDD!A:J,7,0) -> 4 | E50: =+VLOOKUP(A50,BBDD!A:J,10,0) -> 390 | H50: =D50*$F50 -> 0 | J50: =+D50*$F50/4 -> 0
C51: Sumistro de encimera de Silestone blanco Norte o equivalente, de 20 mm de espesor, colocado sobre mueble. Peto superior frontal y lateral de 40cm de altura con 10mm de espesor y siliconado en las juntas, con canto de pico de gorrión. Se incluye formación de agujeros para encaste fregadero y griferia. Criterio de medición: m2 de superficie real medida según las especificaciones de la DT. Este criterio incluye el acabado específico de los bordes y el encuentro con los paramentos. No incluye mano de obra. Toda la maquinaria específica y los insumos necesarios para la instalación están incluidos en el precio.
A52: 04.02 | B52: m2 | C52: PANELADO FORMICA MADERA SALAS ESPERA | D52: =+VLOOKUP(A52,BBDD!A:J,7,0) -> 20 | E52: =+VLOOKUP(A52,BBDD!A:J,10,0) -> 103 | H52: =D52*F52 -> 0 | J52: =+D52*$F52/4 -> 0
C53: Suministro de aplacado de pared con paneles chapados en Formica de cuatro acabados diferentes: K1097 (gris oscuro), K1301 (color crema), F7927 (gris claro) y F2296 (blanco) ó equivalente, en delgas verticales de 4 anchos diferentes combinados de 15, 30, 60 o 90 cms con pieza especial de remate, y altura media de 130 cms, apoyado sobre zócalo de gres, con entrega de junta a testa y cantos postformados del mismo material o perfil de aluminio superior y lateral de remate, colocado sobre base de rastreles de madera de pino basto. Se incluyen remates canto pilastra y finales. No incluye mano de obra. Toda la maquinaria específica y los insumos necesarios para la instalación están incluidos en el precio.
A54: 04.03 | B54: ml | C54: MUEBLES BAJO BANCADA | D54: =+VLOOKUP(A54,BBDD!A:J,7,0) -> 6 | E54: =+VLOOKUP(A54,BBDD!A:J,10,0) -> 216 | H54: =D54*F54 -> 0 | J54: =+D54*$F54/4 -> 0
C55: Suministro de mueble bajo bancada acabado fórmica (color a escoger por MC Mutual) con distribución según medidas formado por módulos de puerta batiente con balda interior, y módulos de cajones con zócalo de aluminio de 88 mm de altura. Para recibir encimera de silestone blanca con zócalo de respeto de 30 cm, y los encastados de lavamanos y/o fregaderos. Cada mueble incluirá un módulo de 4 cajones. Se incluye tiradores en acero inoxidable mate en forma de "U" JNF modelo IN.22.202 de 16,8 cms y 8 mm. de diámetro o equivalente, con bisagras y complementos con cantos verticales, tanto puertas como cajones con acabado en canto marino. Formación mínima de mueble de 2 módulos. No incluye mano de obra. Toda la maquinaria específica y los insumos necesarios para la instalación están incluidos en el precio.
A56: 04.04 | B56: ud | C56: CONJUNTO PUESTO DE TRABAJO PARED 6 modulos | D56: =+VLOOKUP(A56,BBDD!A:J,7,0) -> 4 | E56: =+VLOOKUP(A56,BBDD!A:J,10,0) -> 212 | H56: =D56*F56 -> 0 | J56: =+D56*$F56/4 -> 0
C57: Suministro de caja de empotrar de 6 módulos, con 4 tomas de corriente rojas Sai, 2 tomas de corriente blanca normales, magnetotérmico t/corriente Sai, piloto de señalización, 1 módulos con 2 tomas de datos (conectores RJ45), línea de suministro normal, línea de suministro Sai y canalización para paso de cables de datos con cable guía hasta bandeja de distribución. No incluye mano de obra. Toda la maquinaria específica y los insumos necesarios para la instalación están incluidos en el precio.
A58: 04.05 | B58: ud | C58: S/I CONJUNTO PUESTO DE TRABAJO PARED 2 modulos | D58: =+VLOOKUP(A58,BBDD!A:J,7,0) -> 6 | E58: =+VLOOKUP(A58,BBDD!A:J,10,0) -> 141 | H58: =D58*F58 -> 0 | J58: =+D58*$F58/4 -> 0
C59: Caja de empotrar de 2 módulos, con 2 tomas de corriente rojas Sai, piloto de señalización, un módulo datos, línea de suministro Sai y canalización para paso de cables de datos con cable guía hasta bandeja de distribución. No incluye mano de obra. Toda la maquinaria específica y los insumos necesarios para la instalación están incluidos en el precio.
A60: 04.06 | B60: ud | C60: S/I CONJUNTO PUESTO DE TRABAJO SUELO | D60: =+VLOOKUP(A60,BBDD!A:J,7,0) -> 3 | E60: =+VLOOKUP(A60,BBDD!A:J,10,0) -> 121 | H60: =D60*F60 -> 0 | J60: =+D60*$F60/4 -> 0
C61: Suministro de torreta suelo (UNEX o equivalente) de 6 módulos, con 4 tomas de corriente rojas Sai, 2 tomas de corriente blanca normales, magnetotérmico t/corriente Sai, piloto de señalización, 1 módulos con 2 tomas de datos (conectores RJ45), línea de suministro normal, línea de suministro Sai y canalización para paso de cables de datos con cable guía hasta bandeja de distribución. No incluye mano de obra. Toda la maquinaria específica y los insumos necesarios para la instalación están incluidos en el precio.
A62: 04.07 | B62: m | C62: PASAMANOS ACERO INOXIDABLE DE Ø43mm | D62: =+VLOOKUP(A62,BBDD!A:J,7,0) -> 15 | E62: =+VLOOKUP(A62,BBDD!A:J,10,0) -> 15 | H62: =D62*F62 -> 0 | J62: =+D62*$F62/4 -> 0
C63: Suministro de pasamanos recto formado por tubo hueco de acero inoxidable AISI 304, acabado pulido brillante, de 43 mm de diámetro, con soportes del mismo material fijados al paramento mediante anclaje mecánico con tacos de nylon y tornillos de acero galvanizado. Incluye todos los elementos y refuerzos necesarios en el paramento para asegurar su correcta colocación y la solidez del apoyo y uso del pasamanos. No incluye mano de obra. Toda la maquinaria específica y los insumos necesarios para la instalación están incluidos en el precio.
A64: 04.08 | B64: ud | C64: LAVABO MURAL | D64: =+VLOOKUP(A64,BBDD!A:J,7,0) -> 2 | E64: =+VLOOKUP(A64,BBDD!A:J,10,0) -> 99 | H64: =D64*F64 -> 0 | J64: =+D64*$F64/4 -> 0
C65: Suministro de lavabo mural de porcelana esmaltada modelo Merididian de Roca sin pedestal (mod. 325242000) o equivalente, sencillo, de 600x460x150 o equivalente, de color blanco y precio superior, colocado con soportes murales. No incluye mano de obra. Toda la maquinaria específica y los insumos necesarios para la instalación están incluidos en el precio.
A66: 04.09 | B66: ud | C66: GRIFO MONOMANDO PARA LAVABO | D66: =+VLOOKUP(A66,BBDD!A:J,7,0) -> 2 | E66: =+VLOOKUP(A66,BBDD!A:J,10,0) -> 90 | H66: =D66*F66 -> 0 | J66: =+D66*$F66/4 -> 0
C67: Suministro y colocación de grifo monomando para lavabo, marca Tres de la serie Ecotres ref.17510402 o equivalente, montado superficialmente sobre encimera o aparato sanitario, de latón cromado, precio alto, con desagüe mecánico incorporado con salida de 1´´1/4, con dos entradas de manguitos. Aireador incorporado, sifón cromado. Manecilla de apertura de agua fría en posición normal. No incluye mano de obra. Toda la maquinaria específica y los insumos necesarios para la instalación están incluidos en el precio.
A68: 04.10 | C68: INODORO VERT./HORIZ. TANQUE BAJO | D68: =+VLOOKUP(A68,BBDD!A:J,7,0) -> 0.5 | E68: =+VLOOKUP(A68,BBDD!A:J,10,0) -> 400 | H68: =D68*F68 -> 0 | J68: =+D68*$F68/4 -> 0
C69: Suministro de inodoro de tanque bajo con asiento y tapa lacados, SQUARE de color Blanco, ref. A341470000 de la serie THE GAP de ROCA SANITARIO o equivalente. No incluye mano de obra. Toda la maquinaria específica y los insumos necesarios para la instalación están incluidos en el precio.
A70: 5 | C70: PUERTAS Y CORTINAS
A71: 05.01 | B71: ud | C71: PUERTA AUTÓMATICA 1 HOJA | D71: =+VLOOKUP(A71,BBDD!A:J,7,0) -> 2 | E71: =+VLOOKUP(A71,BBDD!A:J,10,0) -> 4800 | H71: =D71*F71 -> 0 | J71: =+D71*$F71/4 -> 0
C72: Suministro de puerta corredera de abertura automática, de una hoja de 140x250 cm, vidrio lateral fijo 136x174 cm y tarja superior fija de 286x82 cm. Puerta corredera con vidrios laminares 5+5 mm, con perfil superior e inferior de aluminio, dintel con mecanismos y tapa de aluminio, 2 radares detectores de presencia, 1 célula fotoeléctrica de seguridad y cuadro de mando de 4 posiciones. Incluye 10 copias de mandos a distancia . Carpinterías fijas con perfilería de aluminio vista SOLEAL FY 65 con rotura de puente térmico, de Technal o equivalente lacada en RAL 9007. Vidrio transparente 55.2SR guardian sun-24 gas-55.1. Composición:5+5+24 argon+5+5. Uvidrio: 1,1 W/m2k. Incluye premarco metálico para fijación a la obra, montantes de perfilería de aluminio entre las carpinterias con el mismo color, accesorios de montaje, perfiles de remate, silicona incolora para sellado de juntas y cualquier material auxiliar necesario para su perfecto montaje. Incluye carpinteria de cierre y conexión a central de incendios. Incluye 10 copias de mandos a distancia. Incluye rematería. No se incluye mano de obra para montaje y puesta en marcha. Toda la maquinaria específica y los insumos necesarios para la instalación están incluidos en el precio.
A73: 05.02 | B73: ud | C73: PUERTA AUTÓMATICA 2 HOJAS | D73: =+VLOOKUP(A73,BBDD!A:J,7,0) -> 2 | E73: =+VLOOKUP(A73,BBDD!A:J,10,0) -> 5200 | H73: =D73*F73 -> 0 | J73: =+D73*$F73/4 -> 0
C74: Suministro de puerta corredera de abertura automática, de dos hojas de 80x260 cm, y 2 vidrios laterales fijos de 80x260 cm, con vidrios laminares 5+5 mm con perfil superior e inferior de aluminio, dintel con mecanismos y tapa de aluminio, 2 radares detectores de presencia, 1 célula fotoeléctrica de seguridad y cuadro de mando de 4 posiciones. Incluye premarco metálico para fijación a la obra, montantes de perfilería de aluminio entre las carpinterias con el mismo color, accesorios de montaje, perfiles de remate, silicona incolora para sellado de juntas y cualquier material auxiliar necesario para su perfecto montaje. Incluye carpinteria de cierre y conexión a central de incendios. Incluye 10 copias de mandos a distancia. Incluye rematería. No se incluye mano de obra para montaje y puesta en marcha. Toda la maquinaria específica y los insumos necesarios para la instalación están incluidos en el precio.
A75: 05.03 | B75: m2 | C75: CORTINA ENROLLABLE MATERIAL RECICLADO | D75: =+VLOOKUP(A75,BBDD!A:J,7,0) -> 15 | E75: =+VLOOKUP(A75,BBDD!A:J,10,0) -> 70 | H75: =D75*F75 -> 0 | J75: =+D75*$F75/4 -> 0
C76: Suministro de cortina enrollable con material 100% reciclado PET botellas y cara exterior metalizada de la marca Kortilux modelo Zilario GREEN metal 2145 o equivalente, en color gris con gramaje hasta 215gr/m2 y apertura de la misma entra el 3 y 10%, con accionamiento a motor, con motor mecánico tubular con cabeza redonda Murtra con mínima emisión de ruido, 40 vueltas máximo y alimentación 230v dejada en punto de conexión por la propiedad (consumo 90w), tubo enrollable de 43/58mm en aluminio y contrapeso. Para medidas superiores a 2,50m altura y 2,0m ancho. No se incluye mano de obra para montaje y puesta en marcha. Toda la maquinaria específica y los insumos necesarios para la instalación están incluidos en el precio.
A77: 05.04 | B77: ud | C77: MOTORIZADO DE CORTINA ENROLLABLE | D77: =+VLOOKUP(A77,BBDD!A:J,7,0) -> 1 | E77: =+VLOOKUP(A77,BBDD!A:J,10,0) -> 114 | H77: =D77*F77 -> 0 | J77: =+D77*$F77/4 -> 0
C78: Suministro de motor electrónico via radio tubular con cabeza redonda Murtra con mínima emisión de ruido, 160 vueltas máximo y alimentación 230v dejada en punto de conexión por la propiedad (consumo 137w), montado en tubo enrollable de 43/58mm en aluminio y contrapeso.. Para cortinas de medidas superiores a 2,50m altura y 2,0m ancho. No se incluye mano de obra para montaje y puesta en marcha. Toda la maquinaria específica y los insumos necesarios para la instalación están incluidos en el precio.
A79: 05.05 | B79: m2 | C79: CORTINA LAMAS | D79: =+VLOOKUP(A79,BBDD!A:J,7,0) -> 1.85 | E79: =+VLOOKUP(A79,BBDD!A:J,10,0) -> 160 | H79: =D79*F79 -> 0 | J79: =+D79*$F79/4 -> 0
C80: Suministro de cortina vertical accionada mediante cordón y cadena para desplazamiento con tejido de fibra de vidrio y PVC de la marca Kortilux modelo S o M o equivalente, con ancho de lama de 89mm, en color gris perla con gramaje hasta 420gr/m2 y apertura de la misma entra el 10 y 1%, con riel superior de aluminio lacado en blanco o plata, y desplazamiento de lamas con distanciadores cortados a medida.. Para medidas superiores a 2,50m altura y 1,50m ancho. No incluye mano de obra. Toda la maquinaria específica y los insumos necesarios para la instalación están incluidos en el precio.
A81: 05.06 | B81: ud | C81: CORTINA BOX ELECTROTERAPIA | D81: =+VLOOKUP(A81,BBDD!A:J,7,0) -> 1 | E81: =+VLOOKUP(A81,BBDD!A:J,10,0) -> 372 | H81: =D81*F81 -> 0 | J81: =+D81*$F81/4 -> 0
C82: Suministro de cortina textil modelo AAA3 Mc-Mutual de KORTILUX con sistema de accionamiento manual del tejido. Confección del tejido a ondas con cinta marca Murtra. Tejido confeccionado modelo Loneta Ignífuga con aplicaciones en color Gris oscuro para su movimiento. Peso de 103 g/m2 e ignífuga C1 según norma UNE 13773:2003. Para medidas superiores a 2,50m altura y 1,50m ancho. No incluye mano de obra. Toda la maquinaria específica y los insumos necesarios para la instalación están incluidos en el precio.
A83: 6 | C83: PROTECCIÓN CONTRA INCENDIO
A84: 06.01 | B84: ud | C84: SENSOR TÉRMICO | D84: =+VLOOKUP(A84,BBDD!A:J,7,0) -> 8 | E84: =+VLOOKUP(A84,BBDD!A:J,10,0) -> 41 | H84: =D84*F84 -> 0 | J84: =+D84*$F84/4 -> 0
C85: Suministro de Sensor dual óptico/térmico para instalación contra incendios analógica, según norma UNE-EN 54-5/A1 y UNE-EN 54-7, con base de empotrar, empotrado. Marca Notifier I Honeywell o equivalente- No incluye mano de obra. Toda la maquinaria específica y los insumos necesarios para la instalación están incluidos en el precio.
A86: 06.02 | B86: ud | C86: PULS. ALARMA DE FUEGO | D86: =+VLOOKUP(A86,BBDD!A:J,7,0) -> 0.85714286 | E86: =+VLOOKUP(A86,BBDD!A:J,10,0) -> 266 | H86: =D86*F86 -> 0 | J86: =+D86*$F86/4 -> 0
C87: Pulsador de alarma de fuego, color rojo, con microrruptor, led de alarma, sistema de comprobación con llave de rearme y lámina de plástico calibradapara que se enclave y no rompa. Ubicado en caja de 95x95x35 mm. No incluye mano de obra. Toda la maquinaria específica y los insumos necesarios para la instalación están incluidos en el precio.
A88: 06.03 | B88: ud | C88: EXTINTOR 5KG POLVO | D88: =+VLOOKUP(A88,BBDD!A:J,7,0) -> 4 | E88: =+VLOOKUP(A88,BBDD!A:J,10,0) -> 42 | H88: =D88*F88 -> 0 | J88: =+D88*$F88/4 -> 0
C89: Suministro de extintor homologado de 5 K. No incluye mano de obra. Toda la maquinaria específica y los insumos necesarios para la instalación están incluidos en el precio.
A90: 7 | C90: CONJUNTO MAQUINARIA EQUIPOS PARED
A91: 07.01 | B91: ud | C91: CONJUNTO SPLIT DE PARED, DAKIN MODELO INT: FTXM20R, EXT: RXM20R9, o equivalente | D91: =+VLOOKUP(A91,BBDD!A:J,7,0) -> 1 | E91: =+VLOOKUP(A91,BBDD!A:J,10,0) -> 1933 | H91: =D91*$F91 -> 0 | J91: =+D91*$F91/4 -> 0
C92: CONJUNTO SPLIT DE PARED, DAKIN MODELO INT: FTXM20R, EXT: RXM20R9, o equivalente, para sistema VRV-IV (Volumen de Refrigerante Variable), para gas R-32/R-410A, alimentación monofásica (230V/50Hz), potencia frigorífica nominal 2 kW (temperatura de bulbo seco del aire interior 27°C, temperatura de bulbo húmedo del aire interior 19°C, temperatura de bulbo seco del aire exterior 35°C), potencia calorífica nominal 2,5 kW (temperatura de bulbo seco del aire interior 20°C, temperatura de bulbo seco del aire exterior 7°C), presión sonora a velocidad media 25 dBA, caudal de aire a velocidad media 5,7 m³/min, dimensiones 295x778x295 mm, peso 10 kg, con adaptador con comunicación vía Wi-Fi para control desde un smartphone o tablet, caja de distribución para conexión de unidades interiores de aire acondicionado de la gama doméstica a unidades exteriores VRV-IV+ y VRV-IV W+, modelo BPMKS967A2, con control remoto por cable, modelo BRC073 y cable de conexión para control remoto, modelo BRCW901A03. No se incluye mano de obra para montaje y puesta en marcha. Toda la maquinaria específica y los insumos necesarios para la instalación están incluidos en el precio.
A93: 07.02 | B93: ud | C93: CONJUNTO SPLIT DE PARED, DAKIN MODELO INT: FTXM60R, EXT: RXM60R9, o equivalente | D93: =+VLOOKUP(A93,BBDD!A:J,7,0) -> 1 | E93: =+VLOOKUP(A93,BBDD!A:J,10,0) -> 3630 | H93: =D93*F93 -> 0 | J93: =+D93*$F93/4 -> 0
C94: CONJUNTO SPLIT DE PARED, DAKIN MODELO INT: FTXM60R, EXT: RXM60R9, o equivalente, para sistema VRV-IV (Volumen de Refrigerante Variable), para gas R-32/R-410A, alimentación monofásica (230V/50Hz), potencia frigorífica nominal 6 kW (temperatura de bulbo seco del aire interior 27°C, temperatura de bulbo húmedo del aire interior 19°C, temperatura de bulbo seco del aire exterior 35°C), potencia calorífica nominal 7 kW (temperatura de bulbo seco del aire interior 20°C, temperatura de bulbo seco del aire exterior 7°C), presión sonora a velocidad media 37 dBA, caudal de aire a velocidad media 11,8 m³/min, dimensiones 299x998x299 mm, peso 14,5 kg, con adaptador con comunicación vía Wi-Fi para control desde un smartphone o tablet, caja de distribución para conexión de unidades interiores de aire acondicionado de la gama doméstica a unidades exteriores VRV-IV+ y VRV-IV W+, modelo BPMKS967A2, con control remoto por cable, modelo BRC073 y cable de conexión para control remoto, modelo BRCW901A03. No se incluye mano de obra para montaje y puesta en marcha. Toda la maquinaria específica y los insumos necesarios para la instalación están incluidos en el precio.
A95: 07.03 | C95: CONJUNTO 2X1 MARCA DAIKIN 2MXP40M1, o equivalente | D95: =+VLOOKUP(A95,BBDD!A:J,7,0) -> 1 | E95: =+VLOOKUP(A95,BBDD!A:J,10,0) -> 2917 | H95: =D95*F95 -> 0 | J95: =+D95*$F95/4 -> 0
C96: Aire acondicionado 2x1 Daikin 2MXP40M1, o equivalente, es un conjunto multi split pared 2x1 con unidad exterior (2MXM40N) de 4 kW de potencia frigorífica y de 4,2 kw de potencia calorífica. Este equipo consta con 2 unidades interiores, una de 3,5 kW (FTXP35M9) de potencia y otra de 2,5 kW (FTXP25M9) de potencia. Estas 2 unidades interiores cuentan con un mando a distancia para cada unidad, las que se pueden usar según como requiera el usuario. Sus dimensiones compactas son de 286 mm x 770 mm x 225 mm para sus dos unidades interiores y de 550 mm x 765 mm x 285 mm para su unidad exterior. No se incluye mano de obra para montaje y puesta en marcha. Toda la maquinaria específica y los insumos necesarios para la instalación están incluidos en el precio.
A97: 07.04 | C97: CONJUNTO 3X1 MARCA DAIKIN 3MXP52M2, o equivalente | D97: =+VLOOKUP(A97,BBDD!A:J,7,0) -> 1 | E97: =+VLOOKUP(A97,BBDD!A:J,10,0) -> 4105 | H97: =D97*F97 -> 0 | J97: =+D97*$F97/4 -> 0
C98: Aire acondicionado DAIKIN Comfora MULTI R-32 Inverter 3x1 3MXP52M2 (35+25+25), es un conjunto multisplit pared 3x1 Inverter que consiste en una unidad exterior de 5,2 kW de potencia frigorífica y de 6,8 kW en potencia calorífica y de tres unidades interiores, una de 3,5 kW de potencia y dos de 2,5 kW de potencia, que no necesitan instalarse en la misma estancia y se pueden controlar de manera individual. Cada una de ellas cuenta con un mando a distancia. Cuenta con una alta eficiencia energética de A+++ para la capacidad frigorífica y de A++ para la capacidad calorífica, los cuales derivan de los materiales y la calidad de los productos por los que está compuesto y a la inteligencia integrada que posee. Sus dimensiones compactas son de 286 mm x 770 mm x 225 mm para sus tres unidades interiores y de 734 mm x 958 mm x 320 mm para su unidad exterior. No se incluye mano de obra para montaje y puesta en marcha. Toda la maquinaria específica y los insumos necesarios para la instalación están incluidos en el precio.
A99: =1+A90 -> 8 | C99: CONJUNTO MAQUINARIA UNIDADADES DE CONDUCTOS
A100: 08.01 | B100: ud | C100: UNIDAD DE CONDUCTO ALTA PRESIÓN, DAIKIN MODELO: FXMQ125P7 o equivalente | D100: =+VLOOKUP(A100,BBDD!A:J,7,0) -> 1 | E100: =+VLOOKUP(A100,BBDD!A:J,10,0) -> 4022 | H100: =D100*F100 -> 0 | J100: =+D100*$F100/4 -> 0
C101: Unidad interior de aire acondicionado, para sistema VRV-IV (Volumen de Refrigerante Variable), de techo sin envolvente, de alta presión, modelo FXMQ125P7 "DAIKIN" o equivalente, para gas R-410A, alimentación monofásica (230V/50Hz), potencia frigorífica nominal 14 kW (temperatura de bulbo seco del aire interior 27°C, temperatura de bulbo húmedo del aire interior 19°C, temperatura de bulbo seco del aire exterior 35°C), potencia calorífica nominal 16 kW (temperatura de bulbo seco del aire interior 20°C, temperatura de bulbo seco del aire exterior 7°C), consumo eléctrico nominal en refrigeración 241 W, consumo eléctrico nominal en calefacción 229 W, presión sonora a velocidad baja 40 dBA, caudal de aire a velocidad alta 39 m³/min, de 300x1400x700 mm, peso 54 kg, con ventilador con regulación Inverter (la presión estática del ventilador se ajusta automáticamente a la pérdida de carga real en los conductos) y presión estática disponible de 100 a 200 Pa, válvula de expansión electrónica, bomba de drenaje, aspiración de aire trasera o inferior, bloque de terminales F1-F2 para cable de 2 hilos de transmisión y control (bus D-III Net) a unidad exterior, control por microprocesador y filtro de aire de succión, con control remoto multifunción, modelo Madoka BRC1H52W. Incluso elementos para suspensión del techo. No se incluye mano de obra para montaje y puesta en marcha. Toda la maquinaria específica y los insumos necesarios para la instalación están incluidos en el precio.
...

Sheet Oferta Lote 5
A1: LOTE 5: ANDALUCÍA Y EXTREMADURA
A2: MC Mutual: Listado de partidas revestimientos, climatización y baja tensión
C3: CONCEPTO | D3: PRECIO PERIODO INICIAL
D4: (UN AÑO)
C5: ESTADO DE MEDICIONES VALORADO sin IVA | D5: =SUM(J10:J225) -> 0 | E5: ------------>
C6: I.V.A. (21 %) | D6: =+D5*0.21 -> 0 | F6: VALORES QUE SE DEBERÁN UTILIZAR PARA CUMPLIMENTAR EL FORMULARIO DE OFERTA ECONÓMICA
C7: TOTAL con I.V.A. | D7: =+D6+D5 -> 0
A9: Código | B9: Ud | C9: Resumen | D9: Consumo 4 años | E9: Precio unitario máximo (€) | F9: Valor unitario ofertado | H9: Precio total partida (4 AÑOS) | J9: Precio total partida (1 AÑO)
A10: 1 | C10: ALBAÑILERÍA, REVOCOS, ALICATADOS y PINTURA
A11: 01.01 | B11: ud | C11: REFUERZO DE PLADUR | D11: =+VLOOKUP(A11,BBDD!A:J,8,0) -> 84 | E11: =+VLOOKUP(A11,BBDD!A:J,10,0) -> 23 | H11: =D11*$F11 -> 0 | J11: =+D11*$F11/4 -> 0
C12: Suministro de refuerzo puntual de madera para estructura de tabique de cartón-yeso, destinado a la colocación de elementos suspendidos (pasamanos, accesorios minusválidos, televisión, etc.). Dimensiones de cada refuerzo: ancho entre perfiles y alto de unos 40 cm, replanteados según especificaciones de la propiedad. No incluye mano de obra. Incluye maquinaria específica y materiales necesarios para su instalación posterior
A13: 01.02 | B13: m2 | C13: ALICATADO CERÁMICO BLANCO 20x30cm | D13: =+VLOOKUP(A13,BBDD!A:J,8,0) -> 31.416667 | E13: =+VLOOKUP(A13,BBDD!A:J,10,0) -> 36 | H13: =D13*$F13 -> 0 | J13: =+D13*$F13/4 -> 0
C14: Suministro de paramento vertical interior a una altura <= 3 m con de plaqueta de semigrés de medidas 20x30 en color blanco mate, colocada en horizontal, con lechada de color blanco, colocadas con adhesivo para baldosa cerámica C2 TE (UNE-EN 12004) y rejuntado con lechada CG2 (UNE-EN 13888). Criterio de medición: En revestimiento de paramentos, con deducción de la superficie correspondiente a huecos de acuerdo con los criterios siguientes: - Huecos <= 1 m2: No se deducen - Huecos > 1 m2 y <= 2 m2: Se deduce el 50% - Huecos > 2 m2: Se deduce el 100% Los huecos que no se deduzcan, o que se deduzcan parcialmente, la medición incluye los trabajos de hacer los retornos, como jambas, dinteles, etc. En el caso que se deduzca el 100% del hueco, se deben medir también estos paramentos. En caso de exixtir alicatado en el paramentos , el nuevo será igual al existente. No incluye mano de obra. Toda la maquinaria específica y los insumos necesarios para la instalación están incluidos en el precio.
A15: 01.03 | B15: m2 | C15: ALICATADO MARMI CHINA PORCELANOSA 32x90cm | D15: =+VLOOKUP(A15,BBDD!A:J,8,0) -> 35.020833 | E15: =+VLOOKUP(A15,BBDD!A:J,10,0) -> 48 | H15: =D15*$F15 -> 0 | J15: =+D15*$F15/4 -> 0
C16: Suministro de alicatado de paramento vertical interior a una altura <= 3 m con baldosa de cerámica esmaltada mate, azulejo, grupo BIII (UNE-EN 14411), precio superior, de 1 a 5 piezas/m2 tipo ref. P3470131 de la serie Marmi China de PORCELANOSA con medidas de pieza 90x32cm colocadas en horizontal o equivalente colocadas con adhesivo para baldosa cerámica C2 TE (UNE-EN 12004) y rejuntado con lechada CG2 (UNE-EN 13888). Criterio de medición: En revestimiento de paramentos, con deducción de la superficie correspondiente a huecos de acuerdo con los criterios siguientes: - Huecos <= 1 m2: No se deducen - Huecos > 1 m2 y <= 2 m2: Se deduce el 50% - Huecos > 2 m2: Se deduce el 100% Los huecos que no se deduzcan, o que se deduzcan parcialmente, la medición incluye los trabajos de hacer los retornos, como jambas, dinteles, etc. En el caso que se deduzca el 100% del hueco, se deben medir también estos paramentos. No incluye mano de obra. Toda la maquinaria específica y los insumos necesarios para la instalación están incluidos en el precio.
A17: 01.04 | B17: m2 | C17: CHAPADO PARA FACHADA DE GRANITO | D17: =+VLOOKUP(A17,BBDD!A:J,8,0) -> 11 | E17: =+VLOOKUP(A17,BBDD!A:J,10,0) -> 89 | H17: =D17*$F17 -> 0 | J17: =+D17*$F17/4 -> 0
C18: Suministro de chapado con placas mecanizadas de granito Gris Quintana, acabado pulido, con medidas y despiece según piezas existentes, fijado con adhesivo cementoso mejorado, C2 TE, con deslizamiento reducido y tiempo abierto ampliado, gris, y grapas de anclaje de acero inoxidable; rejuntado con mortero de juntas cementoso, CG1, para junta mínima (entre 1,5 y 3 mm), con la misma tonalidad de las piezas. Criterio de medición: En revestimiento de paramentos, con deducción de la superficie correspondiente a huecos de acuerdo con los criterios siguientes: - Huecos <= 1 m2: No se deducen - Huecos > 1 m2 y <= 2 m2: Se deduce el 50% - Huecos > 2 m2: Se deduce el 100% Los huecos que no se deduzcan, o que se deduzcan parcialmente, la medición incluye los trabajos de hacer los retornos, como jambas, dinteles, etc. En el caso que se deduzca el 100% del hueco, se deben medir también estos paramentos. No incluye mano de obra. Toda la maquinaria específica y los insumos necesarios para la instalación están incluidos en el precio.
A19: 01.05 | B19: ud | C19: CANTONERA | D19: =+VLOOKUP(A19,BBDD!A:J,8,0) -> 11 | E19: =+VLOOKUP(A19,BBDD!A:J,10,0) -> 26 | H19: =D19*$F19 -> 0 | J19: =+D19*$F19/4 -> 0
C20: Suministro de perfil cantonera en sección en L de medidas 30x30mm, de 150cm de longitud de acero inoxidable mate, colocado a 20 cms del suelo. No incluye mano de obra. Toda la maquinaria específica y los insumos necesarios para la instalación están incluidos en el precio.
A21: 01.06 | B21: m2 | C21: REVESTIMIENTO VINÍLICO ACROVYN | D21: =+VLOOKUP(A21,BBDD!A:J,8,0) -> 9.6904762 | E21: =+VLOOKUP(A21,BBDD!A:J,10,0) -> 42 | H21: =D21*$F21 -> 0 | J21: =+D21*$F21/4 -> 0
C22: Suministro de revestimiento Vinílico rígido, de 1,5mm de espesor, modelo Acrovyn de la marca C-S Group o equivalente, colocado con adhesivo acrílico de dispersión acuosa y soldado en caliente con cordón celular de diámetro 4 mm. Tratamiento doblado en esquinas para evitar juntas en ellas. Montado a una altura de hasta 1,50 m de altura. Criterio de medición: m2 de superficie medida según las especificaciones del proyecto, con deducción de la superficie correspondiente a huecos, de acuerdo con los siguientes criterios: - Huecos <= 1 m2: No se deducen - Huecos > 1 m2: Se deduce el 100% Estos criterios incluyen el acabado específico de los encuentros con los bordes, sin que conlleve el uso de materiales diferentes de los que normalmente conforman la unidad. No incluye mano de obra. Toda la maquinaria específica y los insumos necesarios para la instalación están incluidos en el precio.
A23: 01.07 | B23: m2 | C23: PINTURA PLÁSTICA | D23: =+VLOOKUP(A23,BBDD!A:J,8,0) -> 306.75 | E23: =+VLOOKUP(A23,BBDD!A:J,10,0) -> 8 | H23: =D23*$F23 -> 0 | J23: =+D23*$F23/4 -> 0
C24: Pintado de paramento vertical/horizontal de yeso, con pintura plástica ecológica lavable, con acabado liso, con una capa selladora y dos de acabado. Color blanco o a elegir por la propiedad. Criterio de medición: con deducción de la superficie correspondiente a huecos de acuerdo con los criterios siguientes: - Huecos <= 4 m2: No se deducen - Huecos > 4 m: Se deduce el 100%Estos criterios incluyen la superficie de los paramentos laterales de la abertura en una profundidad de 30 cm, como máximo, excepto en el caso de las aberturas de más de 4,00 m2 en que esta superficie se medirá expresamente. Incluye la protección de elementos varios, encintado y tapado de agujeros existentes, así como la limpieza de los elementos que configuran la abertura, como los marcos que se hayan ensuciado. No incluye mano de obra. Toda la maquinaria específica y los insumos necesarios para la instalación están incluidos en el precio.
A25: 2 | C25: PAVIMENTOS, ZÓCALOS Y MÁRMOLES
A26: 02.01 | B26: m2 | C26: PARQUET SINTÉTICO AC6 USO INTENSO ROBLE CLARO | D26: =+VLOOKUP(A26,BBDD!A:J,8,0) -> 23 | E26: =+VLOOKUP(A26,BBDD!A:J,10,0) -> 80 | H26: =D26*$F26 -> 0 | J26: =+D26*$F26/4 -> 0
C27: Suministro de parquet flotante con tablas multicapa sintéticas para uso comercial elevado, resistencia AC6, de 1190 a 1800 mm de longitud, de 180 a 300 mm de ancho, 9,5 mm de espesor, con base de tablero de fibras de alta densidad, con unión a presión, colocado sobre lámina de polietileno expandido de 3 mm o PVC solapada 20cm. Marca Pergo Serie Public Extreme acabado Roble o equivalente Criterio de medición: m2 de superficie útil, con deducción de la superficie correspondiente a huecos, pilares o cerramientos de acuerdo con los siguientes criterios: - Huecos <= 1 m2: No se deducen - Huecos > 1 m2: Se deduce el 100% Estos criterios incluyen el acabado específico de los encuentros con los bordes, sin que conlleve el uso de materiales diferentes de los que normalmente conforman la unidad. No incluye mano de obra. Toda la maquinaria específica y los insumos necesarios para la instalación están incluidos en el precio.
A28: 02.02 | B28: m | C28: RODAPIÉ MADERA MISMO MODELO PARQUET SINTÉTICO | D28: =+VLOOKUP(A28,BBDD!A:J,8,0) -> 62 | E28: =+VLOOKUP(A28,BBDD!A:J,10,0) -> 9 | H28: =D28*$F28 -> 0 | J28: =+D28*$F28/4 -> 0
C29: Suministro de zócalo con el mismo acabado de madera barnizada exterior que el parquet con núcleo de MDF, marca PERGO Ref. PGPSKR01801, de 77 mm de altura, colocado con tacos de expansión y tornillos o equivalente. Corte a inglete en giros a 90º. Criterio de medición: m de longitud medida según las especificaciones del proyecto, con deducción de la longitud correspondiente a los huecos, de acuerdo con los siguientes criterios:- Huecos de ancho <= 1 m: Se deduce el 50% - Huecos de ancho > 1 m: Se deduce el 100% No incluye mano de obra. Toda la maquinaria específica y los insumos necesarios para la instalación están incluidos en el precio.
A30: 02.03 | B30: m2 | C30: PAVIMENTO PORCELÁNICO 60x60cm | D30: =+VLOOKUP(A30,BBDD!A:J,8,0) -> 77 | E30: =+VLOOKUP(A30,BBDD!A:J,10,0) -> 35 | H30: =D30*$F30 -> 0 | J30: =+D30*$F30/4 -> 0
C31: Suministro de pavimento interior, de baldosa de gres porcelanico, de forma cuadrada de 60x60, colocadas con adhesivo para baldosa cerámica C2 (UNE-EN 12004), con junta de 2mm y rejuntado con lechada CG2 tipo ref. B21502016 de la serie Materiales para juntas de BUTECH o equivalente (UNE-EN 13888) o lechada de látex color gris oscuro. Marca MARAZZI, modelo EVOLUTION STONE SERENA o equivalente. No incluye mano de obra. Toda la maquinaria específica y los insumos necesarios para la instalación están incluidos en el precio.
A32: 02.04 | B32: m | C32: ZÓCALO BALDOSA GRES PORCELÁNICO | D32: =+VLOOKUP(A32,BBDD!A:J,8,0) -> 41 | E32: =+VLOOKUP(A32,BBDD!A:J,10,0) -> 9 | H32: =D32*$F32 -> 0 | J32: =+D32*$F32/4 -> 0
C33: Zócalo de baldosa de gres porcelánico del mismo material que el pavimento, de 9 cm de altura, tomado con adhesivo para baldosa cerámica C2 TE (UNE-EN 12004) haciendo coincidir juntas con las del pavimento y rejuntado con lechada CG2 (UNE-EN 13888) tipo ref. B21502016 de la serie Materiales para juntas de BUTECH o equivalente o lechada de látex en color gris oscuro. Corte a inglete en giros a 90º. Criterio de medición: m de longitud medida según las especificaciones del proyecto, con deducción de la longitud correspondiente a los huecos, de acuerdo con los siguientes criterios:- Huecos de ancho <= 1 m: Se deduce el 50%. - Huecos de ancho > 1 m: Se deduce el 100%. No incluye mano de obra. Toda la maquinaria específica y los insumos necesarios para la instalación están incluidos en el precio.
A34: 02.05 | B34: m2 | C34: FELPUDO DE ALUMINIO Y MOQUETA | D34: =+VLOOKUP(A34,BBDD!A:J,8,0) -> 10 | E34: =+VLOOKUP(A34,BBDD!A:J,10,0) -> 280 | H34: =D34*$F34 -> 0 | J34: =+D34*$F34/4 -> 0
C35: Suministro de felpudo de lamas de aluminio y moqueta de alta absorción de humedad, con bisagras de poliamida para hacerlo enrollable, de la casa Futura, serie Expert ó equivalente, de 17mm de espesor, color de moqueta gris oscuro, con pedido a fabrica a medida y colocado en hueco previsto. No incluye mano de obra. Toda la maquinaria específica y los insumos necesarios para la instalación están incluidos en el precio.
A36: 02.06 | B36: m2 | C36: FELPUDO DE COCO | D36: =+VLOOKUP(A36,BBDD!A:J,8,0) -> 16 | E36: =+VLOOKUP(A36,BBDD!A:J,10,0) -> 29 | H36: =D36*$F36 -> 0 | J36: =+D36*$F36/4 -> 0
C37: Suministro de felpudo con base de PVC de alta resistencia y composición de 100% fibra de coco vegetal, con espesor total 20mm, en color gris antracita. No incluye mano de obra. Toda la maquinaria específica y los insumos necesarios para la instalación están incluidos en el precio.
A38: 3 | C38: YESERIA Y FALSOS TECHOS
A39: 03.01 | B39: m2 | C39: F. TECHO 60x60cm DE FIBRAS MINERALES | D39: =+VLOOKUP(A39,BBDD!A:J,8,0) -> 17.71875 | E39: =+VLOOKUP(A39,BBDD!A:J,10,0) -> 32 | H39: =D39*$F39 -> 0 | J39: =+D39*$F39/4 -> 0
C40: Sumistro de falso techo de placas de fibras minerales con revestimiento exterior pintura fungicida, de 600x600 mm y 15 mm de espesor, tipo ref. 2224M de la serie Específicos de ARMSTRONG BIOGUARD PLAIN o equivalente acabado superficial liso, con canto rebajado, con clase de absorción acústica C según UNE-EN ISO 11654 y reacción al fuego, colocado con estructura de aluminio lacada en blanco, formada por perfiles principales tipo forma de T invertida de 15 mm de base cada 1,2 m fijados al techo mediante varilla de suspensión cada 1,2 m y con perfiles secundarios colocados formando retícula, para una altura de falso techo de 4 m como máximo. Perfiles perimetrales de 24mm de base para mejor soporte. Incluye la formación de huecos para la instalación de los elementos que sean necesarios: altavoces, luminarias, instalación incendios, instalación climatización,... Criterio de medición: m2 de superficie medida de acuerdo a las especificaciones de la DT. Con deducción de la superficie correspondiente a huecos, de acuerdo con los criterios siguientes:- Huecos <= 1 m2: No se deducirán - Huecos > 1 m2: Se deduce el 100% Estos criterios incluyen el acabado específico de los acuerdos con los bordes, sin que comporte el uso de materiales diferentes de aquellos que normalmente conforman la unidad. No incluye mano de obra. Toda la maquinaria específica y los insumos necesarios para la instalación están incluidos en el precio.
A41: 03.02 | B41: m2 | C41: FALSO TECHO METÁLICO 60x60cm MICROPERFORADO | D41: =+VLOOKUP(A41,BBDD!A:J,8,0) -> 48.125 | E41: =+VLOOKUP(A41,BBDD!A:J,10,0) -> 40 | H41: =D41*$F41 -> 0 | J41: =+D41*$F41/4 -> 0
C42: Suministro de falso techo de placas de acero galvanizado, de 600x600 mm y 0,5 mm de espesor con 5 mm de descuelgue, tipo ref. BANDEJA PARMA T15 de la marca THU o equivalente acabado superficial liso, con perforaciones de 1,5mm de diámetro, con canto recto tipo V8, con clase de absorción acústica C según UNE-EN ISO 11654 y reacción al fuego, colocado con estructura de aluminio lacada en blanco, formada por perfiles principales tipo forma de T invertida de 15 mm de base cada 1,2 m fijados al techo mediante varilla de suspensión cada 1,2 m y con perfiles secundarios colocados formando retícula, para una altura de falso techo de 4 m como máximo. Perfiles perimetrales de 24mm de base para mejor soporte. Incluye la formación de huecos para la instalación de los elementos que sean necesarios: altavoces, luminarias, instalación incendios, instalación climatización,... Criterio de medición: m2 de superficie medida de acuerdo a las especificaciones de la DT. Con deducción de la superficie correspondiente a huecos, de acuerdo con los criterios siguientes:- Huecos <= 1 m2: No se deducirán - Huecos > 1 m2: Se deduce el 100%Estos criterios incluyen el acabado específico de los acuerdos con los bordes, sin que comporte el uso de materiales diferentes de aquellos que normalmente conforman la unidad. No incluye mano de obra. Toda la maquinaria específica y los insumos necesarios para la instalación están incluidos en el precio.
A43: 03.03 | B43: m2 | C43: FALSO TECHO ACABADO VINÍLICO 60x60cm | D43: =+VLOOKUP(A43,BBDD!A:J,8,0) -> 29.466667 | E43: =+VLOOKUP(A43,BBDD!A:J,10,0) -> 30 | H43: =D43*$F43 -> 0 | J43: =+D43*$F43/4 -> 0
C44: Sumistro de falso techo registrable vinílico, color blanco nueve, con canto recto, de 600x 600 mm y 14 a 17 mm de espesor clase de absorción acústica A según UNE-EN ISO 11654, resistencia a la humedad 95% y reacción al fuego A1, colocado con estructura de aluminio vista , formada por perfiles principales en forma de T invertida de 25 mm de base cada 1,2 m para fijar en el techo mediante varilla de suspensión cada 1,2 m, y perfiles secundarios formando retícula , para una altura de falso techo de 4 m como máximo. Incluye la formación de huecos para la instalación de los elementos que sean necesarios: altavoces, luminarias, instalación incendios, instalación climatización,... Criterio de medición: m2 de superficie medida de acuerdo a las especificaciones de la DT.Con deducción de la superficie correspondiente a huecos, de acuerdo con los criterios siguientes:- Huecos <= 1 m2: No se deducirán - Huecos > 1 m2: Se deduce el 100%Estos criterios incluyen el acabado específico de los acuerdos con los bordes, sin que comporte el uso de materiales diferentes de aquellos que normalmente conforman la unidad. Inckuye parte proporcional de recorts para la instalación de rejas, focos, etc. No incluye mano de obra. Toda la maquinaria específica y los insumos necesarios para la instalación están incluidos en el precio.
A45: 03.04 | B45: m2 | C45: FALSO TECHO CONTINUO YESO LAMINADO PLACA 12,5mm | D45: =+VLOOKUP(A45,BBDD!A:J,8,0) -> 38.133333 | E45: =+VLOOKUP(A45,BBDD!A:J,10,0) -> 30 | H45: =D45*F45 -> 0 | J45: =+D45*$F45/4 -> 0
C46: Sumistro de falso techo continuo de placas de yeso laminado tipo estándar (A) en formación de fajas perimetrales y techos contínuos, para pintar, de 12,5 mm de espesor y borde afinado (BA), entramado de acero galvanizado formado por perfiles principales colocados cada 1000 mm y perfiles secundarios colocados cada 600 mm fijados al techo mediante varilla de suspensión cada 1,2 m , para una altura de falso techo de 4 m como máximo. Incluso tabica para faja perimetral de falso techo registrable. Incluye el encintado, enmasillado y lijado listo y preparado para pintar. Incluye la formación de huecos para la instalación de los elementos que sean necesarios: altavoces, luminarias, instalación incendios, instalación climatización,... Criterio de medición: m2 de superficie real medida de acuerdo a las medidas reales de obra, segun especificaciones de la DT. Las fajas perimetrales se contarán por m2, teniendo en cuenta el ancho de las mismas por múltiplos de 50cm, al mayor. No incluye mano de obra. Toda la maquinaria específica y los insumos necesarios para la instalación están incluidos en el precio.
A47: 03.05 | B47: ud | C47: REGISTRO FALSO TECHO CONTINUO YESO LAMINADO | D47: =+VLOOKUP(A47,BBDD!A:J,8,0) -> 16 | E47: =+VLOOKUP(A47,BBDD!A:J,10,0) -> 95 | H47: =D47*F47 -> 0 | J47: =+D47*$F47/4 -> 0
C48: Sumistro de trampilla de registro gama Básica, de medidas 600x600 mm, formada por marco de aluminio y puerta de placa de yeso laminado, de 12,5 mm de espesor, para falso techo continuo de placas de yeso laminado. Incluso accesorios de montaje. No incluye mano de obra. Toda la maquinaria específica y los insumos necesarios para la instalación están incluidos en el precio.
A49: 4 | C49: MARMOLISTERIA, MUEBLES, FONTANERIA Y ACCESORIOS
A50: 04.01 | B50: m2 | C50: ENCIMERA SILESTONE BLANCO NORTE Y PETO VERTICAL | D50: =+VLOOKUP(A50,BBDD!A:J,8,0) -> 5 | E50: =+VLOOKUP(A50,BBDD!A:J,10,0) -> 390 | H50: =D50*$F50 -> 0 | J50: =+D50*$F50/4 -> 0
C51: Sumistro de encimera de Silestone blanco Norte o equivalente, de 20 mm de espesor, colocado sobre mueble. Peto superior frontal y lateral de 40cm de altura con 10mm de espesor y siliconado en las juntas, con canto de pico de gorrión. Se incluye formación de agujeros para encaste fregadero y griferia. Criterio de medición: m2 de superficie real medida según las especificaciones de la DT. Este criterio incluye el acabado específico de los bordes y el encuentro con los paramentos. No incluye mano de obra. Toda la maquinaria específica y los insumos necesarios para la instalación están incluidos en el precio.
A52: 04.02 | B52: m2 | C52: PANELADO FORMICA MADERA SALAS ESPERA | D52: =+VLOOKUP(A52,BBDD!A:J,8,0) -> 29 | E52: =+VLOOKUP(A52,BBDD!A:J,10,0) -> 103 | H52: =D52*F52 -> 0 | J52: =+D52*$F52/4 -> 0
C53: Suministro de aplacado de pared con paneles chapados en Formica de cuatro acabados diferentes: K1097 (gris oscuro), K1301 (color crema), F7927 (gris claro) y F2296 (blanco) ó equivalente, en delgas verticales de 4 anchos diferentes combinados de 15, 30, 60 o 90 cms con pieza especial de remate, y altura media de 130 cms, apoyado sobre zócalo de gres, con entrega de junta a testa y cantos postformados del mismo material o perfil de aluminio superior y lateral de remate, colocado sobre base de rastreles de madera de pino basto. Se incluyen remates canto pilastra y finales. No incluye mano de obra. Toda la maquinaria específica y los insumos necesarios para la instalación están incluidos en el precio.
A54: 04.03 | B54: ml | C54: MUEBLES BAJO BANCADA | D54: =+VLOOKUP(A54,BBDD!A:J,8,0) -> 8 | E54: =+VLOOKUP(A54,BBDD!A:J,10,0) -> 216 | H54: =D54*F54 -> 0 | J54: =+D54*$F54/4 -> 0
C55: Suministro de mueble bajo bancada acabado fórmica (color a escoger por MC Mutual) con distribución según medidas formado por módulos de puerta batiente con balda interior, y módulos de cajones con zócalo de aluminio de 88 mm de altura. Para recibir encimera de silestone blanca con zócalo de respeto de 30 cm, y los encastados de lavamanos y/o fregaderos. Cada mueble incluirá un módulo de 4 cajones. Se incluye tiradores en acero inoxidable mate en forma de "U" JNF modelo IN.22.202 de 16,8 cms y 8 mm. de diámetro o equivalente, con bisagras y complementos con cantos verticales, tanto puertas como cajones con acabado en canto marino. Formación mínima de mueble de 2 módulos. No incluye mano de obra. Toda la maquinaria específica y los insumos necesarios para la instalación están incluidos en el precio.
A56: 04.04 | B56: ud | C56: CONJUNTO PUESTO DE TRABAJO PARED 6 modulos | D56: =+VLOOKUP(A56,BBDD!A:J,8,0) -> 6 | E56: =+VLOOKUP(A56,BBDD!A:J,10,0) -> 212 | H56: =D56*F56 -> 0 | J56: =+D56*$F56/4 -> 0
C57: Suministro de caja de empotrar de 6 módulos, con 4 tomas de corriente rojas Sai, 2 tomas de corriente blanca normales, magnetotérmico t/corriente Sai, piloto de señalización, 1 módulos con 2 tomas de datos (conectores RJ45), línea de suministro normal, línea de suministro Sai y canalización para paso de cables de datos con cable guía hasta bandeja de distribución. No incluye mano de obra. Toda la maquinaria específica y los insumos necesarios para la instalación están incluidos en el precio.
A58: 04.05 | B58: ud | C58: S/I CONJUNTO PUESTO DE TRABAJO PARED 2 modulos | D58: =+VLOOKUP(A58,BBDD!A:J,8,0) -> 8 | E58: =+VLOOKUP(A58,BBDD!A:J,10,0) -> 141 | H58: =D58*F58 -> 0 | J58: =+D58*$F58/4 -> 0
C59: Caja de empotrar de 2 módulos, con 2 tomas de corriente rojas Sai, piloto de señalización, un módulo datos, línea de suministro Sai y canalización para paso de cables de datos con cable guía hasta bandeja de distribución. No incluye mano de obra. Toda la maquinaria específica y los insumos necesarios para la instalación están incluidos en el precio.
A60: 04.06 | B60: ud | C60: S/I CONJUNTO PUESTO DE TRABAJO SUELO | D60: =+VLOOKUP(A60,BBDD!A:J,8,0) -> 5 | E60: =+VLOOKUP(A60,BBDD!A:J,10,0) -> 121 | H60: =D60*F60 -> 0 | J60: =+D60*$F60/4 -> 0
C61: Suministro de torreta suelo (UNEX o equivalente) de 6 módulos, con 4 tomas de corriente rojas Sai, 2 tomas de corriente blanca normales, magnetotérmico t/corriente Sai, piloto de señalización, 1 módulos con 2 tomas de datos (conectores RJ45), línea de suministro normal, línea de suministro Sai y canalización para paso de cables de datos con cable guía hasta bandeja de distribución. No incluye mano de obra. Toda la maquinaria específica y los insumos necesarios para la instalación están incluidos en el precio.
A62: 04.07 | B62: m | C62: PASAMANOS ACERO INOXIDABLE DE Ø43mm | D62: =+VLOOKUP(A62,BBDD!A:J,8,0) -> 21 | E62: =+VLOOKUP(A62,BBDD!A:J,10,0) -> 15 | H62: =D62*F62 -> 0 | J62: =+D62*$F62/4 -> 0
C63: Suministro de pasamanos recto formado por tubo hueco de acero inoxidable AISI 304, acabado pulido brillante, de 43 mm de diámetro, con soportes del mismo material fijados al paramento mediante anclaje mecánico con tacos de nylon y tornillos de acero galvanizado. Incluye todos los elementos y refuerzos necesarios en el paramento para asegurar su correcta colocación y la solidez del apoyo y uso del pasamanos. No incluye mano de obra. Toda la maquinaria específica y los insumos necesarios para la instalación están incluidos en el precio.
A64: 04.08 | B64: ud | C64: LAVABO MURAL | D64: =+VLOOKUP(A64,BBDD!A:J,8,0) -> 2 | E64: =+VLOOKUP(A64,BBDD!A:J,10,0) -> 99 | H64: =D64*F64 -> 0 | J64: =+D64*$F64/4 -> 0
C65: Suministro de lavabo mural de porcelana esmaltada modelo Merididian de Roca sin pedestal (mod. 325242000) o equivalente, sencillo, de 600x460x150 o equivalente, de color blanco y precio superior, colocado con soportes murales. No incluye mano de obra. Toda la maquinaria específica y los insumos necesarios para la instalación están incluidos en el precio.
A66: 04.09 | B66: ud | C66: GRIFO MONOMANDO PARA LAVABO | D66: =+VLOOKUP(A66,BBDD!A:J,8,0) -> 3 | E66: =+VLOOKUP(A66,BBDD!A:J,10,0) -> 90 | H66: =D66*F66 -> 0 | J66: =+D66*$F66/4 -> 0
C67: Suministro y colocación de grifo monomando para lavabo, marca Tres de la serie Ecotres ref.17510402 o equivalente, montado superficialmente sobre encimera o aparato sanitario, de latón cromado, precio alto, con desagüe mecánico incorporado con salida de 1´´1/4, con dos entradas de manguitos. Aireador incorporado, sifón cromado. Manecilla de apertura de agua fría en posición normal. No incluye mano de obra. Toda la maquinaria específica y los insumos necesarios para la instalación están incluidos en el precio.
A68: 04.10 | C68: INODORO VERT./HORIZ. TANQUE BAJO | D68: =+VLOOKUP(A68,BBDD!A:J,8,0) -> 1 | E68: =+VLOOKUP(A68,BBDD!A:J,10,0) -> 400 | H68: =D68*F68 -> 0 | J68: =+D68*$F68/4 -> 0
C69: Suministro de inodoro de tanque bajo con asiento y tapa lacados, SQUARE de color Blanco, ref. A341470000 de la serie THE GAP de ROCA SANITARIO o equivalente. No incluye mano de obra. Toda la maquinaria específica y los insumos necesarios para la instalación están incluidos en el precio.
A70: 5 | C70: PUERTAS Y CORTINAS
A71: 05.01 | B71: ud | C71: PUERTA AUTÓMATICA 1 HOJA | D71: =+VLOOKUP(A71,BBDD!A:J,8,0) -> 2 | E71: =+VLOOKUP(A71,BBDD!A:J,10,0) -> 4800 | H71: =D71*F71 -> 0 | J71: =+D71*$F71/4 -> 0
C72: Suministro de puerta corredera de abertura automática, de una hoja de 140x250 cm, vidrio lateral fijo 136x174 cm y tarja superior fija de 286x82 cm. Puerta corredera con vidrios laminares 5+5 mm, con perfil superior e inferior de aluminio, dintel con mecanismos y tapa de aluminio, 2 radares detectores de presencia, 1 célula fotoeléctrica de seguridad y cuadro de mando de 4 posiciones. Incluye 10 copias de mandos a distancia . Carpinterías fijas con perfilería de aluminio vista SOLEAL FY 65 con rotura de puente térmico, de Technal o equivalente lacada en RAL 9007. Vidrio transparente 55.2SR guardian sun-24 gas-55.1. Composición:5+5+24 argon+5+5. Uvidrio: 1,1 W/m2k. Incluye premarco metálico para fijación a la obra, montantes de perfilería de aluminio entre las carpinterias con el mismo color, accesorios de montaje, perfiles de remate, silicona incolora para sellado de juntas y cualquier material auxiliar necesario para su perfecto montaje. Incluye carpinteria de cierre y conexión a central de incendios. Incluye 10 copias de mandos a distancia. Incluye rematería. No se incluye mano de obra para montaje y puesta en marcha. Toda la maquinaria específica y los insumos necesarios para la instalación están incluidos en el precio.
A73: 05.02 | B73: ud | C73: PUERTA AUTÓMATICA 2 HOJAS | D73: =+VLOOKUP(A73,BBDD!A:J,8,0) -> 3 | E73: =+VLOOKUP(A73,BBDD!A:J,10,0) -> 5200 | H73: =D73*F73 -> 0 | J73: =+D73*$F73/4 -> 0
C74: Suministro de puerta corredera de abertura automática, de dos hojas de 80x260 cm, y 2 vidrios laterales fijos de 80x260 cm, con vidrios laminares 5+5 mm con perfil superior e inferior de aluminio, dintel con mecanismos y tapa de aluminio, 2 radares detectores de presencia, 1 célula fotoeléctrica de seguridad y cuadro de mando de 4 posiciones. Incluye premarco metálico para fijación a la obra, montantes de perfilería de aluminio entre las carpinterias con el mismo color, accesorios de montaje, perfiles de remate, silicona incolora para sellado de juntas y cualquier material auxiliar necesario para su perfecto montaje. Incluye carpinteria de cierre y conexión a central de incendios. Incluye 10 copias de mandos a distancia. Incluye rematería. No se incluye mano de obra para montaje y puesta en marcha. Toda la maquinaria específica y los insumos necesarios para la instalación están incluidos en el precio.
A75: 05.03 | B75: m2 | C75: CORTINA ENROLLABLE MATERIAL RECICLADO | D75: =+VLOOKUP(A75,BBDD!A:J,8,0) -> 21 | E75: =+VLOOKUP(A75,BBDD!A:J,10,0) -> 70 | H75: =D75*F75 -> 0 | J75: =+D75*$F75/4 -> 0
C76: Suministro de cortina enrollable con material 100% reciclado PET botellas y cara exterior metalizada de la marca Kortilux modelo Zilario GREEN metal 2145 o equivalente, en color gris con gramaje hasta 215gr/m2 y apertura de la misma entra el 3 y 10%, con accionamiento a motor, con motor mecánico tubular con cabeza redonda Murtra con mínima emisión de ruido, 40 vueltas máximo y alimentación 230v dejada en punto de conexión por la propiedad (consumo 90w), tubo enrollable de 43/58mm en aluminio y contrapeso. Para medidas superiores a 2,50m altura y 2,0m ancho. No se incluye mano de obra para montaje y puesta en marcha. Toda la maquinaria específica y los insumos necesarios para la instalación están incluidos en el precio.
A77: 05.04 | B77: ud | C77: MOTORIZADO DE CORTINA ENROLLABLE | D77: =+VLOOKUP(A77,BBDD!A:J,8,0) -> 2 | E77: =+VLOOKUP(A77,BBDD!A:J,10,0) -> 114 | H77: =D77*F77 -> 0 | J77: =+D77*$F77/4 -> 0
C78: Suministro de motor electrónico via radio tubular con cabeza redonda Murtra con mínima emisión de ruido, 160 vueltas máximo y alimentación 230v dejada en punto de conexión por la propiedad (consumo 137w), montado en tubo enrollable de 43/58mm en aluminio y contrapeso.. Para cortinas de medidas superiores a 2,50m altura y 2,0m ancho. No se incluye mano de obra para montaje y puesta en marcha. Toda la maquinaria específica y los insumos necesarios para la instalación están incluidos en el precio.
A79: 05.05 | B79: m2 | C79: CORTINA LAMAS | D79: =+VLOOKUP(A79,BBDD!A:J,8,0) -> 2.775 | E79: =+VLOOKUP(A79,BBDD!A:J,10,0) -> 160 | H79: =D79*F79 -> 0 | J79: =+D79*$F79/4 -> 0
C80: Suministro de cortina vertical accionada mediante cordón y cadena para desplazamiento con tejido de fibra de vidrio y PVC de la marca Kortilux modelo S o M o equivalente, con ancho de lama de 89mm, en color gris perla con gramaje hasta 420gr/m2 y apertura de la misma entra el 10 y 1%, con riel superior de aluminio lacado en blanco o plata, y desplazamiento de lamas con distanciadores cortados a medida.. Para medidas superiores a 2,50m altura y 1,50m ancho. No incluye mano de obra. Toda la maquinaria específica y los insumos necesarios para la instalación están incluidos en el precio.
A81: 05.06 | B81: ud | C81: CORTINA BOX ELECTROTERAPIA | D81: =+VLOOKUP(A81,BBDD!A:J,8,0) -> 1.3333333 | E81: =+VLOOKUP(A81,BBDD!A:J,10,0) -> 372 | H81: =D81*F81 -> 0 | J81: =+D81*$F81/4 -> 0
C82: Suministro de cortina textil modelo AAA3 Mc-Mutual de KORTILUX con sistema de accionamiento manual del tejido. Confección del tejido a ondas con cinta marca Murtra. Tejido confeccionado modelo Loneta Ignífuga con aplicaciones en color Gris oscuro para su movimiento. Peso de 103 g/m2 e ignífuga C1 según norma UNE 13773:2003. Para medidas superiores a 2,50m altura y 1,50m ancho. No incluye mano de obra. Toda la maquinaria específica y los insumos necesarios para la instalación están incluidos en el precio.
A83: 6 | C83: PROTECCIÓN CONTRA INCENDIO
A84: 06.01 | B84: ud | C84: SENSOR TÉRMICO | D84: =+VLOOKUP(A84,BBDD!A:J,8,0) -> 11 | E84: =+VLOOKUP(A84,BBDD!A:J,10,0) -> 41 | H84: =D84*F84 -> 0 | J84: =+D84*$F84/4 -> 0
C85: Suministro de Sensor dual óptico/térmico para instalación contra incendios analógica, según norma UNE-EN 54-5/A1 y UNE-EN 54-7, con base de empotrar, empotrado. Marca Notifier I Honeywell o equivalente- No incluye mano de obra. Toda la maquinaria específica y los insumos necesarios para la instalación están incluidos en el precio.
A86: 06.02 | B86: ud | C86: PULS. ALARMA DE FUEGO | D86: =+VLOOKUP(A86,BBDD!A:J,8,0) -> 1.1428571 | E86: =+VLOOKUP(A86,BBDD!A:J,10,0) -> 266 | H86: =D86*F86 -> 0 | J86: =+D86*$F86/4 -> 0
C87: Pulsador de alarma de fuego, color rojo, con microrruptor, led de alarma, sistema de comprobación con llave de rearme y lámina de plástico calibradapara que se enclave y no rompa. Ubicado en caja de 95x95x35 mm. No incluye mano de obra. Toda la maquinaria específica y los insumos necesarios para la instalación están incluidos en el precio.
A88: 06.03 | B88: ud | C88: EXTINTOR 5KG POLVO | D88: =+VLOOKUP(A88,BBDD!A:J,8,0) -> 6 | E88: =+VLOOKUP(A88,BBDD!A:J,10,0) -> 42 | H88: =D88*F88 -> 0 | J88: =+D88*$F88/4 -> 0
C89: Suministro de extintor homologado de 5 K. No incluye mano de obra. Toda la maquinaria específica y los insumos necesarios para la instalación están incluidos en el precio.
A90: 7 | C90: CONJUNTO MAQUINARIA EQUIPOS PARED
A91: 07.01 | B91: ud | C91: CONJUNTO SPLIT DE PARED, DAKIN MODELO INT: FTXM20R, EXT: RXM20R9, o equivalente | D91: =+VLOOKUP(A91,BBDD!A:J,8,0) -> 1 | E91: =+VLOOKUP(A91,BBDD!A:J,10,0) -> 1933 | H91: =D91*$F91 -> 0 | J91: =+D91*$F91/4 -> 0
C92: CONJUNTO SPLIT DE PARED, DAKIN MODELO INT: FTXM20R, EXT: RXM20R9, o equivalente, para sistema VRV-IV (Volumen de Refrigerante Variable), para gas R-32/R-410A, alimentación monofásica (230V/50Hz), potencia frigorífica nominal 2 kW (temperatura de bulbo seco del aire interior 27°C, temperatura de bulbo húmedo del aire interior 19°C, temperatura de bulbo seco del aire exterior 35°C), potencia calorífica nominal 2,5 kW (temperatura de bulbo seco del aire interior 20°C, temperatura de bulbo seco del aire exterior 7°C), presión sonora a velocidad media 25 dBA, caudal de aire a velocidad media 5,7 m³/min, dimensiones 295x778x295 mm, peso 10 kg, con adaptador con comunicación vía Wi-Fi para control desde un smartphone o tablet, caja de distribución para conexión de unidades interiores de aire acondicionado de la gama doméstica a unidades exteriores VRV-IV+ y VRV-IV W+, modelo BPMKS967A2, con control remoto por cable, modelo BRC073 y cable de conexión para control remoto, modelo BRCW901A03. No se incluye mano de obra para montaje y puesta en marcha. Toda la maquinaria específica y los insumos necesarios para la instalación están incluidos en el precio.
A93: 07.02 | B93: ud | C93: CONJUNTO SPLIT DE PARED, DAKIN MODELO INT: FTXM60R, EXT: RXM60R9, o equivalente | D93: =+VLOOKUP(A93,BBDD!A:J,8,0) -> 1 | E93: =+VLOOKUP(A93,BBDD!A:J,10,0) -> 3630 | H93: =D93*F93 -> 0 | J93: =+D93*$F93/4 -> 0
